Workbook

Sheet N
A1: 2014
C2: Nom :
A3: MENSUEL | C3: 41640 | D3: 41671 | E3: 41699 | F3: 41730 | G3: 41760 | H3: 41791 | I3: 41821 | J3: 41852 | K3: 41883 | L3: 41913 | M3: 41944 | N3: 41974 | P3: TOTAL
A4: Hôtel
A5: Réservations | P5: =+SUM(C5:N5) -> 0
A6: Nombre de chambres louées | P6: =+SUM(C4:N4) -> 0
A7: Taux occupation | P7: =+SUM(C5:N5) -> 0
A8: Prix moyen hébergement | P8: =+SUM(C6:N6) -> 0
B10: Effectif Héberg Fixes | P10: =+SUM(C10:N10) -> 0
B11: Effectif Héberg Saisonniers | P11: =+SUM(C11:N11) -> 0
B12: Effectif Héberg Intérim | P12: =+SUM(C12:N12) -> 0
A13: Effectif Hébergement | C13: =+C10+C11+C12 -> 0 | D13: =+D10+D11+D12 -> 0 | E13: =+E10+E11+E12 -> 0 | F13: =+F10+F11+F12 -> 0 | G13: =+G10+G11+G12 -> 0 | H13: =+H10+H11+H12 -> 0 | I13: =+I10+I11+I12 -> 0 | J13: =+J10+J11+J12 -> 0 | ... N13: =+N10+N11+N12 -> 0 | P13: =+SUM(C13:N13) -> 0
A14: Couverts Restaurant & Banquet | P14: =+SUM(C14:N14) -> 0
A15: Couverts PDJ | P15: =+SUM(C15:N15) -> 0
A16: Prix moyen Restaurant & Banquet | P16: =+SUM(C16:N16) -> 0
A17: Prix moyen PDJ | P17: =+SUM(C17:N17) -> 0
B18: Effectif Rest Fixes | P18: =+SUM(C18:N18) -> 0
B19: Effectif Rest Saisonniers | P19: =+SUM(C19:N19) -> 0
B20: Effectif Rest Intérim | P20: =+SUM(C20:N20) -> 0
A21: Effectif Restauration | C21: =+C20+C19+C18 -> 0 | D21: =+D20+D19+D18 -> 0 | E21: =+E20+E19+E18 -> 0 | F21: =+F20+F19+F18 -> 0 | G21: =+G20+G19+G18 -> 0 | H21: =+H20+H19+H18 -> 0 | I21: =+I20+I19+I18 -> 0 | J21: =+J20+J19+J18 -> 0 | ... N21: =+N20+N19+N18 -> 0 | P21: =+SUM(C21:N21) -> 0
A22: Effectif Divers | P22: =+SUM(C22:N22) -> 0
A24: Chiffre d'affaires Hébergement HT | P24: =+SUM(C24:N24) -> 0
A25: Chiffre d'affaires Restauration HT | P25: =+SUM(C25:N25) -> 0
A26: Chiffre d'affaires Divers HT | P26: =+SUM(C26:N26) -> 0
A27: Total Chiffre d'affaires HT | C27: =+C24+C25+C26 -> 0 | D27: =+D24+D25+D26 -> 0 | E27: =+E24+E25+E26 -> 0 | F27: =+F24+F25+F26 -> 0 | G27: =+G24+G25+G26 -> 0 | H27: =+H24+H25+H26 -> 0 | I27: =+I24+I25+I26 -> 0 | J27: =+J24+J25+J26 -> 0 | ... N27: =+N24+N25+N26 -> 0 | P27: =+SUM(C27:N27) -> 0
A29: Couts Marchandises Restauration | P29: =+SUM(C29:N29) -> 0
A30: Couts Marchandises divers (boutique HDL) | P30: =+SUM(C30:N30) -> 0
A31: Total M/ses Consommées | C31: =+C30+C29 -> 0 | D31: =+D30+D29 -> 0 | E31: =+E30+E29 -> 0 | F31: =+F30+F29 -> 0 | G31: =+G30+G29 -> 0 | H31: =+H30+H29 -> 0 | I31: =+I30+I29 -> 0 | J31: =+J30+J29 -> 0 | ... N31: =+N30+N29 -> 0 | P31: =+SUM(C31:N31) -> 0
A32: Ratio M/ses consommées restau | C32: =+C29/C25 -> #DIV/0! | D32: =+D29/D25 -> #DIV/0! | E32: =+E29/E25 -> #DIV/0! | F32: =+F29/F25 -> #DIV/0! | G32: =+G29/G25 -> #DIV/0! | H32: =+H29/H25 -> #DIV/0! | I32: =+I29/I25 -> #DIV/0! | J32: =+J29/J25 -> #DIV/0! | ... N32: =+N29/N25 -> #DIV/0! | P32: =+P29/P25 -> #DIV/0!
A33: Marge Brute | C33: =+C27-C31 -> 0 | D33: =+D27-D31 -> 0 | E33: =+E27-E31 -> 0 | F33: =+F27-F31 -> 0 | G33: =+G27-G31 -> 0 | H33: =+H27-H31 -> 0 | I33: =+I27-I31 -> 0 | J33: =+J27-J31 -> 0 | ... N33: =+N27-N31 -> 0 | P33: =+SUM(C33:N33) -> 0
A35: Intérim | C35: =+C36+C37+C38+C39 -> 0 | D35: =+D36+D37+D38+D39 -> 0 | E35: =+E36+E37+E38+E39 -> 0 | F35: =+F36+F37+F38+F39 -> 0 | G35: =+G36+G37+G38+G39 -> 0 | H35: =+H36+H37+H38+H39 -> 0 | I35: =+I36+I37+I38+I39 -> 0 | J35: =+J36+J37+J38+J39 -> 0 | ... N35: =+N36+N37+N38+N39 -> 0 | P35: =+P36+P37+P38+P39 -> 0
B36: Intérim Réception | P36: =+SUM(C36:N36) -> 0
B37: Intérim Hébergement | P37: =+SUM(C37:N37) -> 0
B38: Intérim Restauration | P38: =+SUM(C38:N38) -> 0
B39: Intérim Admin Comm | P39: =+SUM(C39:N39) -> 0
A40: Salaires bruts | C40: =+SUM(C41:C44) -> 0 | D40: =+SUM(D41:D44) -> 0 | E40: =+SUM(E41:E44) -> 0 | F40: =+SUM(F41:F44) -> 0 | G40: =+SUM(G41:G44) -> 0 | H40: =+SUM(H41:H44) -> 0 | I40: =+SUM(I41:I44) -> 0 | J40: =+SUM(J41:J44) -> 0 | ... N40: =+SUM(N41:N44) -> 0 | P40: =+SUM(P41:P44) -> 0
B41: SB Réception | P41: =+SUM(C41:N41) -> 0
B42: SB Hébergement | P42: =+SUM(C42:N42) -> 0
B43: SB Restauration | P43: =+SUM(C43:N43) -> 0
B44: SB Admin Comm | P44: =+SUM(C44:N44) -> 0
A45: Charges Sociales | C45: =+C46+C47+C48+C49 -> 0 | D45: =+D46+D47+D48+D49 -> 0 | E45: =+E46+E47+E48+E49 -> 0 | F45: =+F46+F47+F48+F49 -> 0 | G45: =+G46+G47+G48+G49 -> 0 | H45: =+H46+H47+H48+H49 -> 0 | I45: =+I46+I47+I48+I49 -> 0 | J45: =+J46+J47+J48+J49 -> 0 | ... N45: =+N46+N47+N48+N49 -> 0 | P45: =+P46+P47+P48+P49 -> 0
B46: CS Réception | P46: =+SUM(C46:N46) -> 0
B47: CS Hébergement | P47: =+SUM(C47:N47) -> 0
B48: CS Restauration | P48: =+SUM(C48:N48) -> 0
B49: CS Admin Comm | P49: =+SUM(C49:N49) -> 0
A50: Rémunération variable | C50: =+C51+C52+C53+C54 -> 0 | D50: =+D51+D52+D53+D54 -> 0 | E50: =+E51+E52+E53+E54 -> 0 | F50: =+F51+F52+F53+F54 -> 0 | G50: =+G51+G52+G53+G54 -> 0 | H50: =+H51+H52+H53+H54 -> 0 | I50: =+I51+I52+I53+I54 -> 0 | J50: =+J51+J52+J53+J54 -> 0 | ... N50: =+N51+N52+N53+N54 -> 0 | P50: =+P51+P52+P53+P54 -> 0
B51: RV Réception | P51: =+SUM(C51:N51) -> 0
B52: RV Hébergement | P52: =+SUM(C52:N52) -> 0
B53: RV Restauration | P53: =+SUM(C53:N53) -> 0
B54: CS Admin Comm | P54: =+SUM(C54:N54) -> 0
A55: Cout formation | P55: =+SUM(C55:N55) -> 0
A56: Autres frais de personnel | P56: =+SUM(C56:N56) -> 0
A57: Impôts et taxes sur salaires | P57: =+SUM(C57:N57) -> 0
A58: Total Ressources Opérationnelles | C58: =+C35+C40+C45+C50+C55+C56+C57 -> 0 | D58: =+D35+D40+D45+D50+D55+D56+D57 -> 0 | E58: =+E35+E40+E45+E50+E55+E56+E57 -> 0 | F58: =+F35+F40+F45+F50+F55+F56+F57 -> 0 | G58: =+G35+G40+G45+G50+G55+G56+G57 -> 0 | H58: =+H35+H40+H45+H50+H55+H56+H57 -> 0 | I58: =+I35+I40+I45+I50+I55+I56+I57 -> 0 | J58: =+J35+J40+J45+J50+J55+J56+J57 -> 0 | ... N58: =+N35+N40+N45+N50+N55+N56+N57 -> 0 | P58: =+P35+P40+P45+P50+P55+P56+P57 -> 0
A60: Produits accueil et entretien | P60: =+P61+P64 -> 0
A61: Blanchisserie | C61: =+C62+C63 -> 0 | D61: =+D62+D63 -> 0 | E61: =+E62+E63 -> 0 | F61: =+F62+F63 -> 0 | G61: =+G62+G63 -> 0 | H61: =+H62+H63 -> 0 | I61: =+I62+I63 -> 0 | J61: =+J62+J63 -> 0 | ... N61: =+N62+N63 -> 0 | P61: =+P62+P63 -> 0
B62: Hébergement | P62: =+SUM(C62:N62) -> 0
B63: Restauration | P63: =+SUM(C63:N63) -> 0
A64: Pdts accueil et entretien Hebergement | P64: =+SUM(C64:N64) -> 0
A65: Matériel et Fournitures Exploitation | C65: =+C66+C67+C68 -> 0 | D65: =+D66+D67+D68 -> 0 | E65: =+E66+E67+E68 -> 0 | F65: =+F66+F67+F68 -> 0 | G65: =+G66+G67+G68 -> 0 | H65: =+H66+H67+H68 -> 0 | I65: =+I66+I67+I68 -> 0 | J65: =+J66+J67+J68 -> 0 | ... N65: =+N66+N67+N68 -> 0 | P65: =+P66+P67+P68 -> 0
A66: [Petit matériel et Fournitures Exploi | P66: =+SUM(C66:N66) -> 0
A67: [Vaisselles et Ustensiles | P67: =+SUM(C67:N67) -> 0
A68: [Linge | P68: =+SUM(C68:N68) -> 0
A69: Uniformes | P69: =+SUM(C69:N69) -> 0
A70: Informatique | P70: =+SUM(C70:N70) -> 0
A71: Décoration/Animation | C71: =+C72+C73 -> 0 | D71: =+D72+D73 -> 0 | E71: =+E72+E73 -> 0 | F71: =+F72+F73 -> 0 | G71: =+G72+G73 -> 0 | H71: =+H72+H73 -> 0 | I71: =+I72+I73 -> 0 | J71: =+J72+J73 -> 0 | ... N71: =+N72+N73 -> 0 | P71: =+P72+P73 -> 0
A72: [Fleurs/plantes | P72: =+SUM(C72:N72) -> 0
A73: [Contrat décoration - espace vert | P73: =+SUM(C73:N73) -> 0
A74: Télévision et Technologie | C74: =+C75+C76 -> 0 | D74: =+D75+D76 -> 0 | E74: =+E75+E76 -> 0 | F74: =+F75+F76 -> 0 | G74: =+G75+G76 -> 0 | H74: =+H75+H76 -> 0 | I74: =+I75+I76 -> 0 | J74: =+J75+J76 -> 0 | ... N74: =+N75+N76 -> 0 | P74: =+P75+P76 -> 0
A75: [Abonnement CANAL + | P75: =+SUM(C75:N75) -> 0
A76: [Taxe Audiovisuelle / SACEM | P76: =+SUM(C76:N76) -> 0
A77: Location Matériel et Mobilier | P77: =+SUM(C77:N77) -> 0
A78: Matériel Technique et outillages | P78: =+SUM(C78:N78) -> 0
A79: Entretien Mobilier et immobilier | P79: =+SUM(C79:N79) -> 0
A80: Contrat entretien COFELY | P80: =+SUM(C80:N80) -> 0
A81: TOTAL ENERGIES | C81: =+C82+C83+C84 -> 0 | D81: =+D82+D83+D84 -> 0 | E81: =+E82+E83+E84 -> 0 | F81: =+F82+F83+F84 -> 0 | G81: =+G82+G83+G84 -> 0 | H81: =+H82+H83+H84 -> 0 | I81: =+I82+I83+I84 -> 0 | J81: =+J82+J83+J84 -> 0 | ... N81: =+N82+N83+N84 -> 0 | P81: =+P82+P83+P84 -> 0
A82: Electricité | P82: =+SUM(C82:N82) -> 0
A83: Gaz | P83: =+SUM(C83:N83) -> 0
A84: Eau | P84: =+SUM(C84:N84) -> 0
A85: Publicité | P85: =+SUM(C85:N85) -> 0
A86: Frais de déplacement | P86: =+SUM(C86:N86) -> 0
A87: Fournitures et Services Administratifs | P87: =+SUM(C87:N87) -> 0
A88: Télécom / Affranchissement | P88: =+SUM(C88:N88) -> 0
A89: Frais de Banque | P89: =+SUM(C89:N89) -> 0
A90: Commissions commerciales | P90: =+SUM(C90:N90) -> 0
A91: Honoraires | P91: =+SUM(C91:N91) -> 0
A92: Assurances | P92: =+SUM(C92:N92) -> 0
A93: CET (taxe pro) | P93: =+SUM(C93:N93) -> 0
A94: Autres Charges et Produits Exploitation | P94: =+SUM(C94:N94) -> 0
A95: Total Autres Frais | C95: =+C82+C83+C84+C85+C86+C87+C88+C89+C90+C91+C92+C93+C94+C75+C76+C77+C78+C79+C80+C72+C73+C66+C67+C68+C69+C70+C62+C63+C64 -> 0 | D95: =+D82+D83+D84+D85+D86+D87+D88+D89+D90+D91+D92+D93+D94+D75+D76+D77+D78+D79+D80+D72+D73+D66+D67+D68+D69+D70+D62+D63+D64 -> 0 | E95: =+E82+E83+E84+E85+E86+E87+E88+E89+E90+E91+E92+E93+E94+E75+E76+E77+E78+E79+E80+E72+E73+E66+E67+E68+E69+E70+E62+E63+E64 -> 0 | F95: =+F82+F83+F84+F85+F86+F87+F88+F89+F90+F91+F92+F93+F94+F75+F76+F77+F78+F79+F80+F72+F73+F66+F67+F68+F69+F70+F62+F63+F64 -> 0 | G95: =+G82+G83+G84+G85+G86+G87+G88+G89+G90+G91+G92+G93+G94+G75+G76+G77+G78+G79+G80+G72+G73+G66+G67+G68+G69+G70+G62+G63+G64 -> 0 | H95: =+H82+H83+H84+H85+H86+H87+H88+H89+H90+H91+H92+H93+H94+H75+H76+H77+H78+H79+H80+H72+H73+H66+H67+H68+H69+H70+H62+H63+H64 -> 0 | I95: =+I82+I83+I84+I85+I86+I87+I88+I89+I90+I91+I92+I93+I94+I75+I76+I77+I78+I79+I80+I72+I73+I66+I67+I68+I69+I70+I62+I63+I64 -> 0 | J95: =+J82+J83+J84+J85+J86+J87+J88+J89+J90+J91+J92+J93+J94+J75+J76+J77+J78+J79+J80+J72+J73+J66+J67+J68+J69+J70+J62+J63+J64 -> 0 | ... N95: =+N82+N83+N84+N85+N86+N87+N88+N89+N90+N91+N92+N93+N94+N75+N76+N77+N78+N79+N80+N72+N73+N66+N67+N68+N69+N70+N62+N63+N64 -> 0 | P95: =+P82+P83+P84+P85+P86+P87+P88+P89+P90+P91+P92+P93+P94+P75+P76+P77+P78+P79+P80+P72+P73+P66+P67+P68+P69+P70+P62+P63+P64 -> 0
A97: Amortissements | P97: =+SUM(C97:N97) -> 0
A98: Loyers | P98: =+SUM(C98:N98) -> 0
A99: Résultat Brut Explotation (RBE) | C99: =+C27-C95+C97+C98+C58+C31 -> 0 | D99: =+D27-D95+D97+D98+D58+D31 -> 0 | E99: =+E27-E95+E97+E98+E58+E31 -> 0 | F99: =+F27-F95+F97+F98+F58+F31 -> 0 | G99: =+G27-G95+G97+G98+G58+G31 -> 0 | H99: =+H27-H95+H97+H98+H58+H31 -> 0 | I99: =+I27-I95+I97+I98+I58+I31 -> 0 | J99: =+J27-J95+J97+J98+J58+J31 -> 0 | ... N99: =+N27-N95+N97+N98+N58+N31 -> 0 | P99: =+P27-P95+P97+P98+P58+P31 -> 0
A102: CH LOUEES
A103: EFFECTIF HEBERGEMENT / # LOUEES | C103: =+C13/C6 -> #DIV/0! | D103: =+D13/D6 -> #DIV/0! | E103: =+E13/E6 -> #DIV/0! | F103: =+F13/F6 -> #DIV/0! | G103: =+G13/G6 -> #DIV/0! | H103: =+H13/H6 -> #DIV/0! | I103: =+I13/I6 -> #DIV/0! | J103: =+J13/J6 -> #DIV/0! | ... N103: =+N13/N6 -> #DIV/0! | P103: =+P13/P8 -> #DIV/0!
A104: COUT BLANCHISSERIE / # LOUEES | C104: =+C61/C6 -> #DIV/0! | D104: =+D61/D6 -> #DIV/0! | E104: =+E61/E6 -> #DIV/0! | F104: =+F61/F6 -> #DIV/0! | G104: =+G61/G6 -> #DIV/0! | H104: =+H61/H6 -> #DIV/0! | I104: =+I61/I6 -> #DIV/0! | J104: =+J61/J6 -> #DIV/0! | ... N104: =+N61/N6 -> #DIV/0! | P104: =+P61/P8 -> #DIV/0!
A105: PRIME COST REST | C105: =+((C38+C43+C48+C53)+C29)/C25 -> #DIV/0! | D105: =+((D38+D43+D48+D53)+D29)/D25 -> #DIV/0! | E105: =+((E38+E43+E48+E53)+E29)/E25 -> #DIV/0! | F105: =+((F38+F43+F48+F53)+F29)/F25 -> #DIV/0! | G105: =+((G38+G43+G48+G53)+G29)/G25 -> #DIV/0! | H105: =+((H38+H43+H48+H53)+H29)/H25 -> #DIV/0! | I105: =+((I38+I43+I48+I53)+I29)/I25 -> #DIV/0! | J105: =+((J38+J43+J48+J53)+J29)/J25 -> #DIV/0! | ... N105: =+((N38+N43+N48+N53)+N29)/N25 -> #DIV/0! | P105: =+((P38+P43+P48+P53)+P29)/P25 -> #DIV/0!
A106: REVPAR | C106: =+(C27/C6)*C7 -> #DIV/0! | D106: =+D99/D6 -> #DIV/0! | E106: =+E99/E6 -> #DIV/0! | F106: =+F99/F6 -> #DIV/0! | G106: =+G99/G6 -> #DIV/0! | H106: =+H99/H6 -> #DIV/0! | I106: =+I99/I6 -> #DIV/0! | J106: =+J99/J6 -> #DIV/0! | K106: =+K99/K6 -> #DIV/0! | ... N106: =+N99/N6 -> #DIV/0! | P106: =+P99/P8 -> #DIV/0!
A107: RBE EN %/CA | C107: =+C99/C27 -> #DIV/0! | D107: =+D99/D27 -> #DIV/0! | E107: =+E99/E27 -> #DIV/0! | F107: =+F99/F27 -> #DIV/0! | G107: =+G99/G27 -> #DIV/0! | H107: =+H99/H27 -> #DIV/0! | I107: =+I99/I27 -> #DIV/0! | J107: =+J99/J27 -> #DIV/0! | ... N107: =+N99/N27 -> #DIV/0! | P107: =+P99/P27 -> #DIV/0!
A108: ENERGIE / # LOUEES | C108: =+C81/C6 -> #DIV/0! | D108: =+D81/D6 -> #DIV/0! | E108: =+E81/E6 -> #DIV/0! | F108: =+F81/F6 -> #DIV/0! | G108: =+G81/G6 -> #DIV/0! | H108: =+H81/H6 -> #DIV/0! | I108: =+I81/I6 -> #DIV/0! | J108: =+J81/J6 -> #DIV/0! | ... N108: =+N81/N6 -> #DIV/0! | P108: =+P81/P8 -> #DIV/0!
...

Sheet N-1
A1: 2013
C2: Nom :
A3: MENSUEL | C3: JANVIER | D3: FÉVRIER | E3: MARS | F3: AVRIL | G3: MAI | H3: JUIN | I3: JUILLET | J3: AOÛT | K3: SEPT | L3: OCTOBRE | M3: NOVEM | N3: DECEMB | P3: TOTAL
A4: Hôtel
A5: Réservations | P5: =+SUM(C5:N5) -> 0
A6: Nombre de chambres louées | P6: =+SUM(C4:N4) -> 0
A7: Taux occupation | P7: =+SUM(C5:N5) -> 0
A8: Prix moyen hébergement | P8: =+SUM(C6:N6) -> 0
B10: Effectif Héberg Fixes | P10: =+SUM(C10:N10) -> 0
B11: Effectif Héberg Saisonniers | P11: =+SUM(C11:N11) -> 0
B12: Effectif Héberg Intérim | P12: =+SUM(C12:N12) -> 0
A13: Effectif Hébergement | C13: =+C10+C11+C12 -> 0 | D13: =+D10+D11+D12 -> 0 | E13: =+E10+E11+E12 -> 0 | F13: =+F10+F11+F12 -> 0 | G13: =+G10+G11+G12 -> 0 | H13: =+H10+H11+H12 -> 0 | I13: =+I10+I11+I12 -> 0 | J13: =+J10+J11+J12 -> 0 | ... N13: =+N10+N11+N12 -> 0 | P13: =+SUM(C13:N13) -> 0
A14: Couverts Restaurant & Banquet | P14: =+SUM(C14:N14) -> 0
A15: Couverts PDJ | P15: =+SUM(C15:N15) -> 0
A16: Prix moyen Restaurant & Banquet | P16: =+SUM(C16:N16) -> 0
A17: Prix moyen PDJ | P17: =+SUM(C17:N17) -> 0
B18: Effectif Rest Fixes | P18: =+SUM(C18:N18) -> 0
B19: Effectif Rest Saisonniers | P19: =+SUM(C19:N19) -> 0
B20: Effectif Rest Intérim | P20: =+SUM(C20:N20) -> 0
A21: Effectif Restauration | C21: =+C20+C19+C18 -> 0 | D21: =+D20+D19+D18 -> 0 | E21: =+E20+E19+E18 -> 0 | F21: =+F20+F19+F18 -> 0 | G21: =+G20+G19+G18 -> 0 | H21: =+H20+H19+H18 -> 0 | I21: =+I20+I19+I18 -> 0 | J21: =+J20+J19+J18 -> 0 | ... N21: =+N20+N19+N18 -> 0 | P21: =+SUM(C21:N21) -> 0
A22: Effectif Divers | P22: =+SUM(C22:N22) -> 0
A24: Chiffre d'affaires Hébergement HT | P24: =+SUM(C24:N24) -> 0
A25: Chiffre d'affaires Restauration HT | P25: =+SUM(C25:N25) -> 0
A26: Chiffre d'affaires Divers HT | P26: =+SUM(C26:N26) -> 0
A27: Total Chiffre d'affaires HT | C27: =+C24+C25+C26 -> 0 | D27: =+D24+D25+D26 -> 0 | E27: =+E24+E25+E26 -> 0 | F27: =+F24+F25+F26 -> 0 | G27: =+G24+G25+G26 -> 0 | H27: =+H24+H25+H26 -> 0 | I27: =+I24+I25+I26 -> 0 | J27: =+J24+J25+J26 -> 0 | ... N27: =+N24+N25+N26 -> 0 | P27: =+SUM(C27:N27) -> 0
A29: Couts Marchandises Restauration | P29: =+SUM(C29:N29) -> 0
A30: Couts Marchandises divers (boutique HDL) | P30: =+SUM(C30:N30) -> 0
A31: Total M/ses Consommées | C31: =+C30+C29 -> 0 | D31: =+D30+D29 -> 0 | E31: =+E30+E29 -> 0 | F31: =+F30+F29 -> 0 | G31: =+G30+G29 -> 0 | H31: =+H30+H29 -> 0 | I31: =+I30+I29 -> 0 | J31: =+J30+J29 -> 0 | ... N31: =+N30+N29 -> 0 | P31: =+SUM(C31:N31) -> 0
A32: Ratio M/ses consommées restau | C32: =+C29/C25 -> #DIV/0! | D32: =+D29/D25 -> #DIV/0! | E32: =+E29/E25 -> #DIV/0! | F32: =+F29/F25 -> #DIV/0! | G32: =+G29/G25 -> #DIV/0! | H32: =+H29/H25 -> #DIV/0! | I32: =+I29/I25 -> #DIV/0! | J32: =+J29/J25 -> #DIV/0! | ... N32: =+N29/N25 -> #DIV/0! | P32: =+P29/P25 -> #DIV/0!
A33: Marge Brute | C33: =+C27-C31 -> 0 | D33: =+D27-D31 -> 0 | E33: =+E27-E31 -> 0 | F33: =+F27-F31 -> 0 | G33: =+G27-G31 -> 0 | H33: =+H27-H31 -> 0 | I33: =+I27-I31 -> 0 | J33: =+J27-J31 -> 0 | ... N33: =+N27-N31 -> 0 | P33: =+SUM(C33:N33) -> 0
A35: Intérim | C35: =+C36+C37+C38+C39 -> 0 | D35: =+D36+D37+D38+D39 -> 0 | E35: =+E36+E37+E38+E39 -> 0 | F35: =+F36+F37+F38+F39 -> 0 | G35: =+G36+G37+G38+G39 -> 0 | H35: =+H36+H37+H38+H39 -> 0 | I35: =+I36+I37+I38+I39 -> 0 | J35: =+J36+J37+J38+J39 -> 0 | ... N35: =+N36+N37+N38+N39 -> 0 | P35: =+P36+P37+P38+P39 -> 0
B36: Intérim Réception | P36: =+SUM(C36:N36) -> 0
B37: Intérim Hébergement | P37: =+SUM(C37:N37) -> 0
B38: Intérim Restauration | P38: =+SUM(C38:N38) -> 0
B39: Intérim Admin Comm | P39: =+SUM(C39:N39) -> 0
A40: Salaires bruts | C40: =+SUM(C41:C44) -> 0 | D40: =+SUM(D41:D44) -> 0 | E40: =+SUM(E41:E44) -> 0 | F40: =+SUM(F41:F44) -> 0 | G40: =+SUM(G41:G44) -> 0 | H40: =+SUM(H41:H44) -> 0 | I40: =+SUM(I41:I44) -> 0 | J40: =+SUM(J41:J44) -> 0 | ... N40: =+SUM(N41:N44) -> 0 | P40: =+SUM(P41:P44) -> 0
B41: SB Réception | P41: =+SUM(C41:N41) -> 0
B42: SB Hébergement | P42: =+SUM(C42:N42) -> 0
B43: SB Restauration | P43: =+SUM(C43:N43) -> 0
B44: SB Admin Comm | P44: =+SUM(C44:N44) -> 0
A45: Charges Sociales | C45: =+C46+C47+C48+C49 -> 0 | D45: =+D46+D47+D48+D49 -> 0 | E45: =+E46+E47+E48+E49 -> 0 | F45: =+F46+F47+F48+F49 -> 0 | G45: =+G46+G47+G48+G49 -> 0 | H45: =+H46+H47+H48+H49 -> 0 | I45: =+I46+I47+I48+I49 -> 0 | J45: =+J46+J47+J48+J49 -> 0 | ... N45: =+N46+N47+N48+N49 -> 0 | P45: =+P46+P47+P48+P49 -> 0
B46: CS Réception | P46: =+SUM(C46:N46) -> 0
B47: CS Hébergement | P47: =+SUM(C47:N47) -> 0
B48: CS Restauration | P48: =+SUM(C48:N48) -> 0
B49: CS Admin Comm | P49: =+SUM(C49:N49) -> 0
A50: Rémunération variable | C50: =+C51+C52+C53+C54 -> 0 | D50: =+D51+D52+D53+D54 -> 0 | E50: =+E51+E52+E53+E54 -> 0 | F50: =+F51+F52+F53+F54 -> 0 | G50: =+G51+G52+G53+G54 -> 0 | H50: =+H51+H52+H53+H54 -> 0 | I50: =+I51+I52+I53+I54 -> 0 | J50: =+J51+J52+J53+J54 -> 0 | ... N50: =+N51+N52+N53+N54 -> 0 | P50: =+P51+P52+P53+P54 -> 0
B51: RV Réception | P51: =+SUM(C51:N51) -> 0
B52: RV Hébergement | P52: =+SUM(C52:N52) -> 0
B53: RV Restauration | P53: =+SUM(C53:N53) -> 0
B54: CS Admin Comm | P54: =+SUM(C54:N54) -> 0
A55: Cout formation | P55: =+SUM(C55:N55) -> 0
A56: Autres frais de personnel | P56: =+SUM(C56:N56) -> 0
A57: Impôts et taxes sur salaires | P57: =+SUM(C57:N57) -> 0
A58: Total Ressources Opérationnelles | C58: =+C35+C40+C45+C50+C55+C56+C57 -> 0 | D58: =+D35+D40+D45+D50+D55+D56+D57 -> 0 | E58: =+E35+E40+E45+E50+E55+E56+E57 -> 0 | F58: =+F35+F40+F45+F50+F55+F56+F57 -> 0 | G58: =+G35+G40+G45+G50+G55+G56+G57 -> 0 | H58: =+H35+H40+H45+H50+H55+H56+H57 -> 0 | I58: =+I35+I40+I45+I50+I55+I56+I57 -> 0 | J58: =+J35+J40+J45+J50+J55+J56+J57 -> 0 | ... N58: =+N35+N40+N45+N50+N55+N56+N57 -> 0 | P58: =+P35+P40+P45+P50+P55+P56+P57 -> 0
A60: Produits accueil et entretien | P60: =+P61+P64 -> 0
A61: Blanchisserie | C61: =+C62+C63 -> 0 | D61: =+D62+D63 -> 0 | E61: =+E62+E63 -> 0 | F61: =+F62+F63 -> 0 | G61: =+G62+G63 -> 0 | H61: =+H62+H63 -> 0 | I61: =+I62+I63 -> 0 | J61: =+J62+J63 -> 0 | ... N61: =+N62+N63 -> 0 | P61: =+P62+P63 -> 0
B62: Hébergement | P62: =+SUM(C62:N62) -> 0
B63: Restauration | P63: =+SUM(C63:N63) -> 0
A64: Pdts accueil et entretien Hebergement | P64: =+SUM(C64:N64) -> 0
A65: Matériel et Fournitures Exploitation | C65: =+C66+C67+C68 -> 0 | D65: =+D66+D67+D68 -> 0 | E65: =+E66+E67+E68 -> 0 | F65: =+F66+F67+F68 -> 0 | G65: =+G66+G67+G68 -> 0 | H65: =+H66+H67+H68 -> 0 | I65: =+I66+I67+I68 -> 0 | J65: =+J66+J67+J68 -> 0 | ... N65: =+N66+N67+N68 -> 0 | P65: =+P66+P67+P68 -> 0
A66: [Petit matériel et Fournitures Exploi | P66: =+SUM(C66:N66) -> 0
A67: [Vaisselles et Ustensiles | P67: =+SUM(C67:N67) -> 0
A68: [Linge | P68: =+SUM(C68:N68) -> 0
A69: Uniformes | P69: =+SUM(C69:N69) -> 0
A70: Informatique | P70: =+SUM(C70:N70) -> 0
A71: Décoration/Animation | C71: =+C72+C73 -> 0 | D71: =+D72+D73 -> 0 | E71: =+E72+E73 -> 0 | F71: =+F72+F73 -> 0 | G71: =+G72+G73 -> 0 | H71: =+H72+H73 -> 0 | I71: =+I72+I73 -> 0 | J71: =+J72+J73 -> 0 | ... N71: =+N72+N73 -> 0 | P71: =+P72+P73 -> 0
A72: [Fleurs/plantes | P72: =+SUM(C72:N72) -> 0
A73: [Contrat décoration - espace vert | P73: =+SUM(C73:N73) -> 0
A74: Télévision et Technologie | C74: =+C75+C76 -> 0 | D74: =+D75+D76 -> 0 | E74: =+E75+E76 -> 0 | F74: =+F75+F76 -> 0 | G74: =+G75+G76 -> 0 | H74: =+H75+H76 -> 0 | I74: =+I75+I76 -> 0 | J74: =+J75+J76 -> 0 | ... N74: =+N75+N76 -> 0 | P74: =+P75+P76 -> 0
A75: [Abonnement CANAL + | P75: =+SUM(C75:N75) -> 0
A76: [Taxe Audiovisuelle / SACEM | P76: =+SUM(C76:N76) -> 0
A77: Location Matériel et Mobilier | P77: =+SUM(C77:N77) -> 0
A78: Matériel Technique et outillages | P78: =+SUM(C78:N78) -> 0
A79: Entretien Mobilier et immobilier | P79: =+SUM(C79:N79) -> 0
A80: Contrat entretien COFELY | P80: =+SUM(C80:N80) -> 0
A81: TOTAL ENERGIES | C81: =+C82+C83+C84 -> 0 | D81: =+D82+D83+D84 -> 0 | E81: =+E82+E83+E84 -> 0 | F81: =+F82+F83+F84 -> 0 | G81: =+G82+G83+G84 -> 0 | H81: =+H82+H83+H84 -> 0 | I81: =+I82+I83+I84 -> 0 | J81: =+J82+J83+J84 -> 0 | ... N81: =+N82+N83+N84 -> 0 | P81: =+P82+P83+P84 -> 0
A82: Electricité | P82: =+SUM(C82:N82) -> 0
A83: Gaz | P83: =+SUM(C83:N83) -> 0
A84: Eau | P84: =+SUM(C84:N84) -> 0
A85: Publicité | P85: =+SUM(C85:N85) -> 0
A86: Frais de déplacement | P86: =+SUM(C86:N86) -> 0
A87: Fournitures et Services Administratifs | P87: =+SUM(C87:N87) -> 0
A88: Télécom / Affranchissement | P88: =+SUM(C88:N88) -> 0
A89: Frais de Banque | P89: =+SUM(C89:N89) -> 0
A90: Commissions commerciales | P90: =+SUM(C90:N90) -> 0
A91: Honoraires | P91: =+SUM(C91:N91) -> 0
A92: Assurances | P92: =+SUM(C92:N92) -> 0
A93: CET (taxe pro) | P93: =+SUM(C93:N93) -> 0
A94: Autres Charges et Produits Exploitation | P94: =+SUM(C94:N94) -> 0
A95: Total Autres Frais | C95: =+C82+C83+C84+C85+C86+C87+C88+C89+C90+C91+C92+C93+C94+C75+C76+C77+C78+C79+C80+C72+C73+C66+C67+C68+C69+C70+C62+C63+C64 -> 0 | D95: =+D82+D83+D84+D85+D86+D87+D88+D89+D90+D91+D92+D93+D94+D75+D76+D77+D78+D79+D80+D72+D73+D66+D67+D68+D69+D70+D62+D63+D64 -> 0 | E95: =+E82+E83+E84+E85+E86+E87+E88+E89+E90+E91+E92+E93+E94+E75+E76+E77+E78+E79+E80+E72+E73+E66+E67+E68+E69+E70+E62+E63+E64 -> 0 | F95: =+F82+F83+F84+F85+F86+F87+F88+F89+F90+F91+F92+F93+F94+F75+F76+F77+F78+F79+F80+F72+F73+F66+F67+F68+F69+F70+F62+F63+F64 -> 0 | G95: =+G82+G83+G84+G85+G86+G87+G88+G89+G90+G91+G92+G93+G94+G75+G76+G77+G78+G79+G80+G72+G73+G66+G67+G68+G69+G70+G62+G63+G64 -> 0 | H95: =+H82+H83+H84+H85+H86+H87+H88+H89+H90+H91+H92+H93+H94+H75+H76+H77+H78+H79+H80+H72+H73+H66+H67+H68+H69+H70+H62+H63+H64 -> 0 | I95: =+I82+I83+I84+I85+I86+I87+I88+I89+I90+I91+I92+I93+I94+I75+I76+I77+I78+I79+I80+I72+I73+I66+I67+I68+I69+I70+I62+I63+I64 -> 0 | J95: =+J82+J83+J84+J85+J86+J87+J88+J89+J90+J91+J92+J93+J94+J75+J76+J77+J78+J79+J80+J72+J73+J66+J67+J68+J69+J70+J62+J63+J64 -> 0 | ... N95: =+N82+N83+N84+N85+N86+N87+N88+N89+N90+N91+N92+N93+N94+N75+N76+N77+N78+N79+N80+N72+N73+N66+N67+N68+N69+N70+N62+N63+N64 -> 0 | P95: =+P82+P83+P84+P85+P86+P87+P88+P89+P90+P91+P92+P93+P94+P75+P76+P77+P78+P79+P80+P72+P73+P66+P67+P68+P69+P70+P62+P63+P64 -> 0
A97: Amortissements | P97: =+SUM(C97:N97) -> 0
A98: Loyers | P98: =+SUM(C98:N98) -> 0
A99: Résultat Brut Explotation (RBE) | C99: =+C27-C95+C97+C98+C58+C31 -> 0 | D99: =+D27-D95+D97+D98+D58+D31 -> 0 | E99: =+E27-E95+E97+E98+E58+E31 -> 0 | F99: =+F27-F95+F97+F98+F58+F31 -> 0 | G99: =+G27-G95+G97+G98+G58+G31 -> 0 | H99: =+H27-H95+H97+H98+H58+H31 -> 0 | I99: =+I27-I95+I97+I98+I58+I31 -> 0 | J99: =+J27-J95+J97+J98+J58+J31 -> 0 | ... N99: =+N27-N95+N97+N98+N58+N31 -> 0 | P99: =+P27-P95+P97+P98+P58+P31 -> 0
A102: CH LOUEES
A103: EFFECTIF HEBERGEMENT / # LOUEES | C103: =+C13/C6 -> #DIV/0! | D103: =+D13/D6 -> #DIV/0! | E103: =+E13/E6 -> #DIV/0! | F103: =+F13/F6 -> #DIV/0! | G103: =+G13/G6 -> #DIV/0! | H103: =+H13/H6 -> #DIV/0! | I103: =+I13/I6 -> #DIV/0! | J103: =+J13/J6 -> #DIV/0! | ... N103: =+N13/N6 -> #DIV/0! | P103: =+P13/P8 -> #DIV/0!
A104: COUT BLANCHISSERIE / # LOUEES | C104: =+C61/C6 -> #DIV/0! | D104: =+D61/D6 -> #DIV/0! | E104: =+E61/E6 -> #DIV/0! | F104: =+F61/F6 -> #DIV/0! | G104: =+G61/G6 -> #DIV/0! | H104: =+H61/H6 -> #DIV/0! | I104: =+I61/I6 -> #DIV/0! | J104: =+J61/J6 -> #DIV/0! | ... N104: =+N61/N6 -> #DIV/0! | P104: =+P61/P8 -> #DIV/0!
A105: PRIME COST REST | C105: =+((C38+C43+C48+C53)+C29)/C25 -> #DIV/0! | D105: =+((D38+D43+D48+D53)+D29)/D25 -> #DIV/0! | E105: =+((E38+E43+E48+E53)+E29)/E25 -> #DIV/0! | F105: =+((F38+F43+F48+F53)+F29)/F25 -> #DIV/0! | G105: =+((G38+G43+G48+G53)+G29)/G25 -> #DIV/0! | H105: =+((H38+H43+H48+H53)+H29)/H25 -> #DIV/0! | I105: =+((I38+I43+I48+I53)+I29)/I25 -> #DIV/0! | J105: =+((J38+J43+J48+J53)+J29)/J25 -> #DIV/0! | ... N105: =+((N38+N43+N48+N53)+N29)/N25 -> #DIV/0! | P105: =+((P38+P43+P48+P53)+P29)/P25 -> #DIV/0!
A106: REVPAR | C106: =+(C27/C6)*C7 -> #DIV/0! | D106: =+D99/D6 -> #DIV/0! | E106: =+E99/E6 -> #DIV/0! | F106: =+F99/F6 -> #DIV/0! | G106: =+G99/G6 -> #DIV/0! | H106: =+H99/H6 -> #DIV/0! | I106: =+I99/I6 -> #DIV/0! | J106: =+J99/J6 -> #DIV/0! | K106: =+K99/K6 -> #DIV/0! | ... N106: =+N99/N6 -> #DIV/0! | P106: =+P99/P8 -> #DIV/0!
A107: RBE EN %/CA | C107: =+C99/C27 -> #DIV/0! | D107: =+D99/D27 -> #DIV/0! | E107: =+E99/E27 -> #DIV/0! | F107: =+F99/F27 -> #DIV/0! | G107: =+G99/G27 -> #DIV/0! | H107: =+H99/H27 -> #DIV/0! | I107: =+I99/I27 -> #DIV/0! | J107: =+J99/J27 -> #DIV/0! | ... N107: =+N99/N27 -> #DIV/0! | P107: =+P99/P27 -> #DIV/0!
A108: ENERGIE / # LOUEES | C108: =+C81/C6 -> #DIV/0! | D108: =+D81/D6 -> #DIV/0! | E108: =+E81/E6 -> #DIV/0! | F108: =+F81/F6 -> #DIV/0! | G108: =+G81/G6 -> #DIV/0! | H108: =+H81/H6 -> #DIV/0! | I108: =+I81/I6 -> #DIV/0! | J108: =+J81/J6 -> #DIV/0! | ... N108: =+N81/N6 -> #DIV/0! | P108: =+P81/P8 -> #DIV/0!
...

Sheet BUDGET
A1: 2015
C2: Nom :
A3: MENSUEL | C3: 42005 | D3: 42036 | E3: 42064 | F3: 42095 | G3: 42125 | H3: 42156 | I3: 42186 | J3: 42217 | K3: 42248 | L3: 42278 | M3: 42309 | N3: 42339 | P3: TOTAL
A4: Hôtel
A5: Réservations | P5: =+SUM(C5:N5) -> 0
A6: Nombre de chambres louées | P6: =+SUM(C4:N4) -> 0
A7: Taux occupation | P7: =+SUM(C5:N5) -> 0
A8: Prix moyen hébergement | P8: =+SUM(C6:N6) -> 0
B10: Effectif Héberg Fixes | P10: =+SUM(C10:N10) -> 0
B11: Effectif Héberg Saisonniers | P11: =+SUM(C11:N11) -> 0
B12: Effectif Héberg Intérim | P12: =+SUM(C12:N12) -> 0
A13: Effectif Hébergement | C13: =+C10+C11+C12 -> 0 | D13: =+D10+D11+D12 -> 0 | E13: =+E10+E11+E12 -> 0 | F13: =+F10+F11+F12 -> 0 | G13: =+G10+G11+G12 -> 0 | H13: =+H10+H11+H12 -> 0 | I13: =+I10+I11+I12 -> 0 | J13: =+J10+J11+J12 -> 0 | ... N13: =+N10+N11+N12 -> 0 | P13: =+SUM(C13:N13) -> 0
A14: Couverts Restaurant & Banquet | P14: =+SUM(C14:N14) -> 0
A15: Couverts PDJ | P15: =+SUM(C15:N15) -> 0
A16: Prix moyen Restaurant & Banquet | P16: =+SUM(C16:N16) -> 0
A17: Prix moyen PDJ | P17: =+SUM(C17:N17) -> 0
B18: Effectif Rest Fixes | P18: =+SUM(C18:N18) -> 0
B19: Effectif Rest Saisonniers | P19: =+SUM(C19:N19) -> 0
B20: Effectif Rest Intérim | P20: =+SUM(C20:N20) -> 0
A21: Effectif Restauration | C21: =+C20+C19+C18 -> 0 | D21: =+D20+D19+D18 -> 0 | E21: =+E20+E19+E18 -> 0 | F21: =+F20+F19+F18 -> 0 | G21: =+G20+G19+G18 -> 0 | H21: =+H20+H19+H18 -> 0 | I21: =+I20+I19+I18 -> 0 | J21: =+J20+J19+J18 -> 0 | ... N21: =+N20+N19+N18 -> 0 | P21: =+SUM(C21:N21) -> 0
A22: Effectif Divers | P22: =+SUM(C22:N22) -> 0
A24: Chiffre d'affaires Hébergement HT | P24: =+SUM(C24:N24) -> 0
A25: Chiffre d'affaires Restauration HT | P25: =+SUM(C25:N25) -> 0
A26: Chiffre d'affaires Divers HT | P26: =+SUM(C26:N26) -> 0
A27: Total Chiffre d'affaires HT | C27: =+C24+C25+C26 -> 0 | D27: =+D24+D25+D26 -> 0 | E27: =+E24+E25+E26 -> 0 | F27: =+F24+F25+F26 -> 0 | G27: =+G24+G25+G26 -> 0 | H27: =+H24+H25+H26 -> 0 | I27: =+I24+I25+I26 -> 0 | J27: =+J24+J25+J26 -> 0 | ... N27: =+N24+N25+N26 -> 0 | P27: =+SUM(C27:N27) -> 0
A29: Couts Marchandises Restauration | P29: =+SUM(C29:N29) -> 0
A30: Couts Marchandises divers (boutique HDL) | P30: =+SUM(C30:N30) -> 0
A31: Total M/ses Consommées | C31: =+C30+C29 -> 0 | D31: =+D30+D29 -> 0 | E31: =+E30+E29 -> 0 | F31: =+F30+F29 -> 0 | G31: =+G30+G29 -> 0 | H31: =+H30+H29 -> 0 | I31: =+I30+I29 -> 0 | J31: =+J30+J29 -> 0 | ... N31: =+N30+N29 -> 0 | P31: =+SUM(C31:N31) -> 0
A32: Ratio M/ses consommées restau | C32: =+C29/C25 -> #DIV/0! | D32: =+D29/D25 -> #DIV/0! | E32: =+E29/E25 -> #DIV/0! | F32: =+F29/F25 -> #DIV/0! | G32: =+G29/G25 -> #DIV/0! | H32: =+H29/H25 -> #DIV/0! | I32: =+I29/I25 -> #DIV/0! | J32: =+J29/J25 -> #DIV/0! | ... N32: =+N29/N25 -> #DIV/0! | P32: =+P29/P25 -> #DIV/0!
A33: Marge Brute | C33: =+C27-C31 -> 0 | D33: =+D27-D31 -> 0 | E33: =+E27-E31 -> 0 | F33: =+F27-F31 -> 0 | G33: =+G27-G31 -> 0 | H33: =+H27-H31 -> 0 | I33: =+I27-I31 -> 0 | J33: =+J27-J31 -> 0 | ... N33: =+N27-N31 -> 0 | P33: =+SUM(C33:N33) -> 0
A35: Intérim | C35: =+C36+C37+C38+C39 -> 0 | D35: =+D36+D37+D38+D39 -> 0 | E35: =+E36+E37+E38+E39 -> 0 | F35: =+F36+F37+F38+F39 -> 0 | G35: =+G36+G37+G38+G39 -> 0 | H35: =+H36+H37+H38+H39 -> 0 | I35: =+I36+I37+I38+I39 -> 0 | J35: =+J36+J37+J38+J39 -> 0 | ... N35: =+N36+N37+N38+N39 -> 0 | P35: =+P36+P37+P38+P39 -> 0
B36: Intérim Réception | P36: =+SUM(C36:N36) -> 0
B37: Intérim Hébergement | P37: =+SUM(C37:N37) -> 0
B38: Intérim Restauration | P38: =+SUM(C38:N38) -> 0
B39: Intérim Admin Comm | P39: =+SUM(C39:N39) -> 0
A40: Salaires bruts | C40: =+SUM(C41:C44) -> 0 | D40: =+SUM(D41:D44) -> 0 | E40: =+SUM(E41:E44) -> 0 | F40: =+SUM(F41:F44) -> 0 | G40: =+SUM(G41:G44) -> 0 | H40: =+SUM(H41:H44) -> 0 | I40: =+SUM(I41:I44) -> 0 | J40: =+SUM(J41:J44) -> 0 | ... N40: =+SUM(N41:N44) -> 0 | P40: =+SUM(P41:P44) -> 0
B41: SB Réception | P41: =+SUM(C41:N41) -> 0
B42: SB Hébergement | P42: =+SUM(C42:N42) -> 0
B43: SB Restauration | P43: =+SUM(C43:N43) -> 0
B44: SB Admin Comm | P44: =+SUM(C44:N44) -> 0
A45: Charges Sociales | C45: =+C46+C47+C48+C49 -> 0 | D45: =+D46+D47+D48+D49 -> 0 | E45: =+E46+E47+E48+E49 -> 0 | F45: =+F46+F47+F48+F49 -> 0 | G45: =+G46+G47+G48+G49 -> 0 | H45: =+H46+H47+H48+H49 -> 0 | I45: =+I46+I47+I48+I49 -> 0 | J45: =+J46+J47+J48+J49 -> 0 | ... N45: =+N46+N47+N48+N49 -> 0 | P45: =+P46+P47+P48+P49 -> 0
B46: CS Réception | P46: =+SUM(C46:N46) -> 0
B47: CS Hébergement | P47: =+SUM(C47:N47) -> 0
B48: CS Restauration | P48: =+SUM(C48:N48) -> 0
B49: CS Admin Comm | P49: =+SUM(C49:N49) -> 0
A50: Rémunération variable | C50: =+C51+C52+C53+C54 -> 0 | D50: =+D51+D52+D53+D54 -> 0 | E50: =+E51+E52+E53+E54 -> 0 | F50: =+F51+F52+F53+F54 -> 0 | G50: =+G51+G52+G53+G54 -> 0 | H50: =+H51+H52+H53+H54 -> 0 | I50: =+I51+I52+I53+I54 -> 0 | J50: =+J51+J52+J53+J54 -> 0 | ... N50: =+N51+N52+N53+N54 -> 0 | P50: =+P51+P52+P53+P54 -> 0
B51: RV Réception | P51: =+SUM(C51:N51) -> 0
B52: RV Hébergement | P52: =+SUM(C52:N52) -> 0
B53: RV Restauration | P53: =+SUM(C53:N53) -> 0
B54: CS Admin Comm | P54: =+SUM(C54:N54) -> 0
A55: Cout formation | P55: =+SUM(C55:N55) -> 0
A56: Autres frais de personnel | P56: =+SUM(C56:N56) -> 0
A57: Impôts et taxes sur salaires | P57: =+SUM(C57:N57) -> 0
A58: Total Ressources Opérationnelles | C58: =+C35+C40+C45+C50+C55+C56+C57 -> 0 | D58: =+D35+D40+D45+D50+D55+D56+D57 -> 0 | E58: =+E35+E40+E45+E50+E55+E56+E57 -> 0 | F58: =+F35+F40+F45+F50+F55+F56+F57 -> 0 | G58: =+G35+G40+G45+G50+G55+G56+G57 -> 0 | H58: =+H35+H40+H45+H50+H55+H56+H57 -> 0 | I58: =+I35+I40+I45+I50+I55+I56+I57 -> 0 | J58: =+J35+J40+J45+J50+J55+J56+J57 -> 0 | ... N58: =+N35+N40+N45+N50+N55+N56+N57 -> 0 | P58: =+P35+P40+P45+P50+P55+P56+P57 -> 0
A60: Produits accueil et entretien | P60: =+P61+P64 -> 0
A61: Blanchisserie | C61: =+C62+C63 -> 0 | D61: =+D62+D63 -> 0 | E61: =+E62+E63 -> 0 | F61: =+F62+F63 -> 0 | G61: =+G62+G63 -> 0 | H61: =+H62+H63 -> 0 | I61: =+I62+I63 -> 0 | J61: =+J62+J63 -> 0 | ... N61: =+N62+N63 -> 0 | P61: =+P62+P63 -> 0
B62: Hébergement | P62: =+SUM(C62:N62) -> 0
B63: Restauration | P63: =+SUM(C63:N63) -> 0
A64: Pdts accueil et entretien Hebergement | P64: =+SUM(C64:N64) -> 0
A65: Matériel et Fournitures Exploitation | C65: =+C66+C67+C68 -> 0 | D65: =+D66+D67+D68 -> 0 | E65: =+E66+E67+E68 -> 0 | F65: =+F66+F67+F68 -> 0 | G65: =+G66+G67+G68 -> 0 | H65: =+H66+H67+H68 -> 0 | I65: =+I66+I67+I68 -> 0 | J65: =+J66+J67+J68 -> 0 | ... N65: =+N66+N67+N68 -> 0 | P65: =+P66+P67+P68 -> 0
A66: [Petit matériel et Fournitures Exploi | P66: =+SUM(C66:N66) -> 0
A67: [Vaisselles et Ustensiles | P67: =+SUM(C67:N67) -> 0
A68: [Linge | P68: =+SUM(C68:N68) -> 0
A69: Uniformes | P69: =+SUM(C69:N69) -> 0
A70: Informatique | P70: =+SUM(C70:N70) -> 0
A71: Décoration/Animation | C71: =+C72+C73 -> 0 | D71: =+D72+D73 -> 0 | E71: =+E72+E73 -> 0 | F71: =+F72+F73 -> 0 | G71: =+G72+G73 -> 0 | H71: =+H72+H73 -> 0 | I71: =+I72+I73 -> 0 | J71: =+J72+J73 -> 0 | ... N71: =+N72+N73 -> 0 | P71: =+P72+P73 -> 0
A72: [Fleurs/plantes | P72: =+SUM(C72:N72) -> 0
A73: [Contrat décoration - espace vert | P73: =+SUM(C73:N73) -> 0
A74: Télévision et Technologie | C74: =+C75+C76 -> 0 | D74: =+D75+D76 -> 0 | E74: =+E75+E76 -> 0 | F74: =+F75+F76 -> 0 | G74: =+G75+G76 -> 0 | H74: =+H75+H76 -> 0 | I74: =+I75+I76 -> 0 | J74: =+J75+J76 -> 0 | ... N74: =+N75+N76 -> 0 | P74: =+P75+P76 -> 0
A75: [Abonnement CANAL + | P75: =+SUM(C75:N75) -> 0
A76: [Taxe Audiovisuelle / SACEM | P76: =+SUM(C76:N76) -> 0
A77: Location Matériel et Mobilier | P77: =+SUM(C77:N77) -> 0
A78: Matériel Technique et outillages | P78: =+SUM(C78:N78) -> 0
A79: Entretien Mobilier et immobilier | P79: =+SUM(C79:N79) -> 0
A80: Contrat entretien COFELY | P80: =+SUM(C80:N80) -> 0
A81: TOTAL ENERGIES | C81: =+C82+C83+C84 -> 0 | D81: =+D82+D83+D84 -> 0 | E81: =+E82+E83+E84 -> 0 | F81: =+F82+F83+F84 -> 0 | G81: =+G82+G83+G84 -> 0 | H81: =+H82+H83+H84 -> 0 | I81: =+I82+I83+I84 -> 0 | J81: =+J82+J83+J84 -> 0 | ... N81: =+N82+N83+N84 -> 0 | P81: =+P82+P83+P84 -> 0
A82: Electricité | P82: =+SUM(C82:N82) -> 0
A83: Gaz | P83: =+SUM(C83:N83) -> 0
A84: Eau | P84: =+SUM(C84:N84) -> 0
A85: Publicité | P85: =+SUM(C85:N85) -> 0
A86: Frais de déplacement | P86: =+SUM(C86:N86) -> 0
A87: Fournitures et Services Administratifs | P87: =+SUM(C87:N87) -> 0
A88: Télécom / Affranchissement | P88: =+SUM(C88:N88) -> 0
A89: Frais de Banque | P89: =+SUM(C89:N89) -> 0
A90: Commissions commerciales | P90: =+SUM(C90:N90) -> 0
A91: Honoraires | P91: =+SUM(C91:N91) -> 0
A92: Assurances | P92: =+SUM(C92:N92) -> 0
A93: CET (taxe pro) | P93: =+SUM(C93:N93) -> 0
A94: Autres Charges et Produits Exploitation | P94: =+SUM(C94:N94) -> 0
A95: Total Autres Frais | C95: =+C82+C83+C84+C85+C86+C87+C88+C89+C90+C91+C92+C93+C94+C75+C76+C77+C78+C79+C80+C72+C73+C66+C67+C68+C69+C70+C62+C63+C64 -> 0 | D95: =+D82+D83+D84+D85+D86+D87+D88+D89+D90+D91+D92+D93+D94+D75+D76+D77+D78+D79+D80+D72+D73+D66+D67+D68+D69+D70+D62+D63+D64 -> 0 | E95: =+E82+E83+E84+E85+E86+E87+E88+E89+E90+E91+E92+E93+E94+E75+E76+E77+E78+E79+E80+E72+E73+E66+E67+E68+E69+E70+E62+E63+E64 -> 0 | F95: =+F82+F83+F84+F85+F86+F87+F88+F89+F90+F91+F92+F93+F94+F75+F76+F77+F78+F79+F80+F72+F73+F66+F67+F68+F69+F70+F62+F63+F64 -> 0 | G95: =+G82+G83+G84+G85+G86+G87+G88+G89+G90+G91+G92+G93+G94+G75+G76+G77+G78+G79+G80+G72+G73+G66+G67+G68+G69+G70+G62+G63+G64 -> 0 | H95: =+H82+H83+H84+H85+H86+H87+H88+H89+H90+H91+H92+H93+H94+H75+H76+H77+H78+H79+H80+H72+H73+H66+H67+H68+H69+H70+H62+H63+H64 -> 0 | I95: =+I82+I83+I84+I85+I86+I87+I88+I89+I90+I91+I92+I93+I94+I75+I76+I77+I78+I79+I80+I72+I73+I66+I67+I68+I69+I70+I62+I63+I64 -> 0 | J95: =+J82+J83+J84+J85+J86+J87+J88+J89+J90+J91+J92+J93+J94+J75+J76+J77+J78+J79+J80+J72+J73+J66+J67+J68+J69+J70+J62+J63+J64 -> 0 | ... N95: =+N82+N83+N84+N85+N86+N87+N88+N89+N90+N91+N92+N93+N94+N75+N76+N77+N78+N79+N80+N72+N73+N66+N67+N68+N69+N70+N62+N63+N64 -> 0 | P95: =+P82+P83+P84+P85+P86+P87+P88+P89+P90+P91+P92+P93+P94+P75+P76+P77+P78+P79+P80+P72+P73+P66+P67+P68+P69+P70+P62+P63+P64 -> 0
A97: Amortissements | P97: =+SUM(C97:N97) -> 0
A98: Loyers | P98: =+SUM(C98:N98) -> 0
A99: Résultat Brut Explotation (RBE) | C99: =+C27-C95+C97+C98+C58+C31 -> 0 | D99: =+D27-D95+D97+D98+D58+D31 -> 0 | E99: =+E27-E95+E97+E98+E58+E31 -> 0 | F99: =+F27-F95+F97+F98+F58+F31 -> 0 | G99: =+G27-G95+G97+G98+G58+G31 -> 0 | H99: =+H27-H95+H97+H98+H58+H31 -> 0 | I99: =+I27-I95+I97+I98+I58+I31 -> 0 | J99: =+J27-J95+J97+J98+J58+J31 -> 0 | ... N99: =+N27-N95+N97+N98+N58+N31 -> 0 | P99: =+P27-P95+P97+P98+P58+P31 -> 0
A102: CH LOUEES
A103: EFFECTIF HEBERGEMENT / # LOUEES | C103: =+C13/C6 -> #DIV/0! | D103: =+D13/D6 -> #DIV/0! | E103: =+E13/E6 -> #DIV/0! | F103: =+F13/F6 -> #DIV/0! | G103: =+G13/G6 -> #DIV/0! | H103: =+H13/H6 -> #DIV/0! | I103: =+I13/I6 -> #DIV/0! | J103: =+J13/J6 -> #DIV/0! | ... N103: =+N13/N6 -> #DIV/0! | P103: =+P13/P8 -> #DIV/0!
A104: COUT BLANCHISSERIE / # LOUEES | C104: =+C61/C6 -> #DIV/0! | D104: =+D61/D6 -> #DIV/0! | E104: =+E61/E6 -> #DIV/0! | F104: =+F61/F6 -> #DIV/0! | G104: =+G61/G6 -> #DIV/0! | H104: =+H61/H6 -> #DIV/0! | I104: =+I61/I6 -> #DIV/0! | J104: =+J61/J6 -> #DIV/0! | ... N104: =+N61/N6 -> #DIV/0! | P104: =+P61/P8 -> #DIV/0!
A105: PRIME COST REST | C105: =+((C38+C43+C48+C53)+C29)/C25 -> #DIV/0! | D105: =+((D38+D43+D48+D53)+D29)/D25 -> #DIV/0! | E105: =+((E38+E43+E48+E53)+E29)/E25 -> #DIV/0! | F105: =+((F38+F43+F48+F53)+F29)/F25 -> #DIV/0! | G105: =+((G38+G43+G48+G53)+G29)/G25 -> #DIV/0! | H105: =+((H38+H43+H48+H53)+H29)/H25 -> #DIV/0! | I105: =+((I38+I43+I48+I53)+I29)/I25 -> #DIV/0! | J105: =+((J38+J43+J48+J53)+J29)/J25 -> #DIV/0! | ... N105: =+((N38+N43+N48+N53)+N29)/N25 -> #DIV/0! | P105: =+((P38+P43+P48+P53)+P29)/P25 -> #DIV/0!
A106: REVPAR | C106: =+(C27/C6)*C7 -> #DIV/0! | D106: =+D99/D6 -> #DIV/0! | E106: =+E99/E6 -> #DIV/0! | F106: =+F99/F6 -> #DIV/0! | G106: =+G99/G6 -> #DIV/0! | H106: =+H99/H6 -> #DIV/0! | I106: =+I99/I6 -> #DIV/0! | J106: =+J99/J6 -> #DIV/0! | K106: =+K99/K6 -> #DIV/0! | ... N106: =+N99/N6 -> #DIV/0! | P106: =+P99/P8 -> #DIV/0!
A107: RBE EN %/CA | C107: =+C99/C27 -> #DIV/0! | D107: =+D99/D27 -> #DIV/0! | E107: =+E99/E27 -> #DIV/0! | F107: =+F99/F27 -> #DIV/0! | G107: =+G99/G27 -> #DIV/0! | H107: =+H99/H27 -> #DIV/0! | I107: =+I99/I27 -> #DIV/0! | J107: =+J99/J27 -> #DIV/0! | ... N107: =+N99/N27 -> #DIV/0! | P107: =+P99/P27 -> #DIV/0!
A108: ENERGIE / # LOUEES | C108: =+C81/C6 -> #DIV/0! | D108: =+D81/D6 -> #DIV/0! | E108: =+E81/E6 -> #DIV/0! | F108: =+F81/F6 -> #DIV/0! | G108: =+G81/G6 -> #DIV/0! | H108: =+H81/H6 -> #DIV/0! | I108: =+I81/I6 -> #DIV/0! | J108: =+J81/J6 -> #DIV/0! | ... N108: =+N81/N6 -> #DIV/0! | P108: =+P81/P8 -> #DIV/0!
...

Sheet Ecarts N-1
A1: 2014
A2: DATE | C2: Nom :
A3: MENSUEL | C3: 41640 | D3: N-1 | E3: Ecarts | F3: 41671 | G3: N-1 | H3: Ecarts | I3: 41699 | J3: N-1 | K3: Ecarts | L3: 41730 | M3: N-1 | N3: Ecarts | O3: 41760 | P3: N-1 | Q3: Ecarts | R3: 41791 | S3: N-1 | T3: Ecarts | U3: 41821 | V3: N-1 | W3: Ecarts | X3: 41852 | Y3: N-1 | Z3: Ecarts | AA3: 41883 | AB3: N-1 | AC3: Ecarts | AD3: 41913 | AE3: N-1 | AF3: Ecarts | AG3: 41944 | AH3: N-1 | AI3: Ecarts | AJ3: 41974 | AK3: N-1 | AL3: Ecarts
A4: Hôtel
A5: Réservations | C5: =+N!C5 -> 0 | D5: =+'N-1'!C5 -> 0 | E5: =+D5-C5 -> 0 | F5: =+N!D5 -> 0 | G5: =+'N-1'!D5 -> 0 | H5: =+G5-F5 -> 0 | I5: =+N!E5 -> 0 | J5: =+'N-1'!E5 -> 0 | K5: =+J5-I5 -> 0 | L5: =+N!F5 -> 0 | M5: =+'N-1'!F5 -> 0 | N5: =+M5-L5 -> 0 | O5: =+N!G5 -> 0 | P5: =+'N-1'!G5 -> 0 | Q5: =+P5-O5 -> 0 | R5: =+N!H5 -> 0 | S5: =+'N-1'!H5 -> 0 | T5: =+S5-R5 -> 0 | U5: =+N!I5 -> 0 | V5: =+'N-1'!I5 -> 0 | W5: =+V5-U5 -> 0 | X5: =+N!J5 -> 0 | Y5: =+'N-1'!J5 -> 0 | Z5: =+Y5-X5 -> 0 | AA5: =+N!K5 -> 0 | AB5: =+'N-1'!K5 -> 0 | AC5: =+AB5-AA5 -> 0 | AD5: =+N!L5 -> 0 | AE5: =+'N-1'!L5 -> 0 | AF5: =+AE5-AD5 -> 0 | AG5: =+N!M5 -> 0 | AH5: =+'N-1'!M5 -> 0 | AI5: =+AH5-AG5 -> 0 | AJ5: =+N!N5 -> 0 | AK5: =+'N-1'!N5 -> 0 | AL5: =+AK5-AJ5 -> 0
A6: Nombre de chambres louées | C6: =+N!C6 -> 0 | D6: =+'N-1'!C6 -> 0 | E6: =+D6-C6 -> 0 | F6: =+N!D6 -> 0 | G6: =+'N-1'!D6 -> 0 | H6: =+G6-F6 -> 0 | I6: =+N!E6 -> 0 | J6: =+'N-1'!E6 -> 0 | K6: =+J6-I6 -> 0 | L6: =+N!F6 -> 0 | M6: =+'N-1'!F6 -> 0 | N6: =+M6-L6 -> 0 | O6: =+N!G6 -> 0 | P6: =+'N-1'!G6 -> 0 | Q6: =+P6-O6 -> 0 | R6: =+N!H6 -> 0 | S6: =+'N-1'!H6 -> 0 | T6: =+S6-R6 -> 0 | U6: =+N!I6 -> 0 | V6: =+'N-1'!I6 -> 0 | W6: =+V6-U6 -> 0 | X6: =+N!J6 -> 0 | Y6: =+'N-1'!J6 -> 0 | Z6: =+Y6-X6 -> 0 | AA6: =+N!K6 -> 0 | AB6: =+'N-1'!K6 -> 0 | AC6: =+AB6-AA6 -> 0 | AD6: =+N!L6 -> 0 | AE6: =+'N-1'!L6 -> 0 | AF6: =+AE6-AD6 -> 0 | AG6: =+N!M6 -> 0 | AH6: =+'N-1'!M6 -> 0 | AI6: =+AH6-AG6 -> 0 | AJ6: =+N!N6 -> 0 | AK6: =+'N-1'!N6 -> 0 | AL6: =+AK6-AJ6 -> 0
A7: Taux occupation | C7: =+N!C7 -> 0 | D7: =+'N-1'!C7 -> 0 | E7: =+D7-C7 -> 0 | F7: =+N!D7 -> 0 | G7: =+'N-1'!D7 -> 0 | H7: =+G7-F7 -> 0 | I7: =+N!E7 -> 0 | J7: =+'N-1'!E7 -> 0 | K7: =+J7-I7 -> 0 | L7: =+N!F7 -> 0 | M7: =+'N-1'!F7 -> 0 | N7: =+M7-L7 -> 0 | O7: =+N!G7 -> 0 | P7: =+'N-1'!G7 -> 0 | Q7: =+P7-O7 -> 0 | R7: =+N!H7 -> 0 | S7: =+'N-1'!H7 -> 0 | T7: =+S7-R7 -> 0 | U7: =+N!I7 -> 0 | V7: =+'N-1'!I7 -> 0 | W7: =+V7-U7 -> 0 | X7: =+N!J7 -> 0 | Y7: =+'N-1'!J7 -> 0 | Z7: =+Y7-X7 -> 0 | AA7: =+N!K7 -> 0 | AB7: =+'N-1'!K7 -> 0 | AC7: =+AB7-AA7 -> 0 | AD7: =+N!L7 -> 0 | AE7: =+'N-1'!L7 -> 0 | AF7: =+AE7-AD7 -> 0 | AG7: =+N!M7 -> 0 | AH7: =+'N-1'!M7 -> 0 | AI7: =+AH7-AG7 -> 0 | AJ7: =+N!N7 -> 0 | AK7: =+'N-1'!N7 -> 0 | AL7: =+AK7-AJ7 -> 0
A8: Prix moyen hébergement | C8: =+N!C8 -> 0 | D8: =+'N-1'!C8 -> 0 | E8: =+D8-C8 -> 0 | F8: =+N!D8 -> 0 | G8: =+'N-1'!D8 -> 0 | H8: =+G8-F8 -> 0 | I8: =+N!E8 -> 0 | J8: =+'N-1'!E8 -> 0 | K8: =+J8-I8 -> 0 | L8: =+N!F8 -> 0 | M8: =+'N-1'!F8 -> 0 | N8: =+M8-L8 -> 0 | O8: =+N!G8 -> 0 | P8: =+'N-1'!G8 -> 0 | Q8: =+P8-O8 -> 0 | R8: =+N!H8 -> 0 | S8: =+'N-1'!H8 -> 0 | T8: =+S8-R8 -> 0 | U8: =+N!I8 -> 0 | V8: =+'N-1'!I8 -> 0 | W8: =+V8-U8 -> 0 | X8: =+N!J8 -> 0 | Y8: =+'N-1'!J8 -> 0 | Z8: =+Y8-X8 -> 0 | AA8: =+N!K8 -> 0 | AB8: =+'N-1'!K8 -> 0 | AC8: =+AB8-AA8 -> 0 | AD8: =+N!L8 -> 0 | AE8: =+'N-1'!L8 -> 0 | AF8: =+AE8-AD8 -> 0 | AG8: =+N!M8 -> 0 | AH8: =+'N-1'!M8 -> 0 | AI8: =+AH8-AG8 -> 0 | AJ8: =+N!N8 -> 0 | AK8: =+'N-1'!N8 -> 0 | AL8: =+AK8-AJ8 -> 0
B10: Effectif Héberg Fixes | C10: =+N!C10 -> 0 | D10: =+'N-1'!C10 -> 0 | E10: =+D10-C10 -> 0 | F10: =+N!D10 -> 0 | G10: =+'N-1'!D10 -> 0 | H10: =+G10-F10 -> 0 | I10: =+N!E10 -> 0 | J10: =+'N-1'!E10 -> 0 | K10: =+J10-I10 -> 0 | L10: =+N!F10 -> 0 | M10: =+'N-1'!F10 -> 0 | N10: =+M10-L10 -> 0 | O10: =+N!G10 -> 0 | P10: =+'N-1'!G10 -> 0 | Q10: =+P10-O10 -> 0 | R10: =+N!H10 -> 0 | S10: =+'N-1'!H10 -> 0 | T10: =+S10-R10 -> 0 | U10: =+N!I10 -> 0 | V10: =+'N-1'!I10 -> 0 | W10: =+V10-U10 -> 0 | X10: =+N!J10 -> 0 | Y10: =+'N-1'!J10 -> 0 | Z10: =+Y10-X10 -> 0 | AA10: =+N!K10 -> 0 | AB10: =+'N-1'!K10 -> 0 | AC10: =+AB10-AA10 -> 0 | AD10: =+N!L10 -> 0 | AE10: =+'N-1'!L10 -> 0 | AF10: =+AE10-AD10 -> 0 | AG10: =+N!M10 -> 0 | AH10: =+'N-1'!M10 -> 0 | AI10: =+AH10-AG10 -> 0 | AJ10: =+N!N10 -> 0 | AK10: =+'N-1'!N10 -> 0 | AL10: =+AK10-AJ10 -> 0
B11: Effectif Héberg Saisonniers | C11: =+N!C11 -> 0 | D11: =+'N-1'!C11 -> 0 | E11: =+D11-C11 -> 0 | F11: =+N!D11 -> 0 | G11: =+'N-1'!D11 -> 0 | H11: =+G11-F11 -> 0 | I11: =+N!E11 -> 0 | J11: =+'N-1'!E11 -> 0 | K11: =+J11-I11 -> 0 | L11: =+N!F11 -> 0 | M11: =+'N-1'!F11 -> 0 | N11: =+M11-L11 -> 0 | O11: =+N!G11 -> 0 | P11: =+'N-1'!G11 -> 0 | Q11: =+P11-O11 -> 0 | R11: =+N!H11 -> 0 | S11: =+'N-1'!H11 -> 0 | T11: =+S11-R11 -> 0 | U11: =+N!I11 -> 0 | V11: =+'N-1'!I11 -> 0 | W11: =+V11-U11 -> 0 | X11: =+N!J11 -> 0 | Y11: =+'N-1'!J11 -> 0 | Z11: =+Y11-X11 -> 0 | AA11: =+N!K11 -> 0 | AB11: =+'N-1'!K11 -> 0 | AC11: =+AB11-AA11 -> 0 | AD11: =+N!L11 -> 0 | AE11: =+'N-1'!L11 -> 0 | AF11: =+AE11-AD11 -> 0 | AG11: =+N!M11 -> 0 | AH11: =+'N-1'!M11 -> 0 | AI11: =+AH11-AG11 -> 0 | AJ11: =+N!N11 -> 0 | AK11: =+'N-1'!N11 -> 0 | AL11: =+AK11-AJ11 -> 0
B12: Effectif Héberg Intérim | C12: =+N!C12 -> 0 | D12: =+'N-1'!C12 -> 0 | E12: =+D12-C12 -> 0 | F12: =+N!D12 -> 0 | G12: =+'N-1'!D12 -> 0 | H12: =+G12-F12 -> 0 | I12: =+N!E12 -> 0 | J12: =+'N-1'!E12 -> 0 | K12: =+J12-I12 -> 0 | L12: =+N!F12 -> 0 | M12: =+'N-1'!F12 -> 0 | N12: =+M12-L12 -> 0 | O12: =+N!G12 -> 0 | P12: =+'N-1'!G12 -> 0 | Q12: =+P12-O12 -> 0 | R12: =+N!H12 -> 0 | S12: =+'N-1'!H12 -> 0 | T12: =+S12-R12 -> 0 | U12: =+N!I12 -> 0 | V12: =+'N-1'!I12 -> 0 | W12: =+V12-U12 -> 0 | X12: =+N!J12 -> 0 | Y12: =+'N-1'!J12 -> 0 | Z12: =+Y12-X12 -> 0 | AA12: =+N!K12 -> 0 | AB12: =+'N-1'!K12 -> 0 | AC12: =+AB12-AA12 -> 0 | AD12: =+N!L12 -> 0 | AE12: =+'N-1'!L12 -> 0 | AF12: =+AE12-AD12 -> 0 | AG12: =+N!M12 -> 0 | AH12: =+'N-1'!M12 -> 0 | AI12: =+AH12-AG12 -> 0 | AJ12: =+N!N12 -> 0 | AK12: =+'N-1'!N12 -> 0 | AL12: =+AK12-AJ12 -> 0
A13: Effectif Hébergement | C13: =+C10+C11+C12 -> 0 | E13: =+D13-C13 -> 0 | F13: =+F10+F11+F12 -> 0 | H13: =+G13-F13 -> 0 | I13: =+I10+I11+I12 -> 0 | L13: =+L10+L11+L12 -> 0 | O13: =+O10+O11+O12 -> 0 | R13: =+R10+R11+R12 -> 0 | U13: =+U10+U11+U12 -> 0 | X13: =+N!J13 -> 0 | Y13: =+'N-1'!J13 -> 0 | Z13: =+Y13-X13 -> 0 | AA13: =+N!K13 -> 0 | AB13: =+'N-1'!K13 -> 0 | AC13: =+AB13-AA13 -> 0 | AD13: =+N!L13 -> 0 | AE13: =+'N-1'!L13 -> 0 | AF13: =+AE13-AD13 -> 0 | AG13: =+N!M13 -> 0 | AH13: =+'N-1'!M13 -> 0 | AI13: =+AH13-AG13 -> 0 | AJ13: =+N!N13 -> 0 | AK13: =+'N-1'!N13 -> 0 | AL13: =+AK13-AJ13 -> 0
A14: Couverts Restaurant & Banquet | C14: =N!C14 -> 0 | D14: ='N-1'!C14 -> 0 | E14: =+D14-C14 -> 0 | F14: =N!D14 -> 0 | G14: ='N-1'!D14 -> 0 | H14: =+G14-F14 -> 0 | I14: =N!E14 -> 0 | J14: ='N-1'!E14 -> 0 | K14: =+J14-I14 -> 0 | L14: =N!F14 -> 0 | M14: ='N-1'!F14 -> 0 | N14: =+M14-L14 -> 0 | O14: =N!G14 -> 0 | P14: =N!G14 -> 0 | Q14: =P14-O14 -> 0 | R14: =N!H14 -> 0 | S14: =N!H14 -> 0 | T14: =S14-R14 -> 0 | U14: =N!I14 -> 0 | V14: =N!I14 -> 0 | W14: =V14-U14 -> 0 | X14: =N!J14 -> 0 | Y14: =N!J14 -> 0 | Z14: =N!R14 -> 0 | AA14: =N!K14 -> 0 | AB14: =N!K14 -> 0 | AC14: =N!U14 -> 0 | AD14: =N!L14 -> 0 | AE14: =N!L14 -> 0 | AF14: =N!X14 -> 0 | AG14: =N!M14 -> 0 | AH14: =N!M14 -> 0 | AI14: =N!AA14 -> 0 | AJ14: =N!N14 -> 0 | AK14: =N!N14 -> 0 | AL14: =N!AD14 -> 0
A15: Couverts PDJ | C15: =N!C15 -> 0 | D15: ='N-1'!C15 -> 0 | E15: =+D15-C15 -> 0 | F15: =N!D15 -> 0 | G15: ='N-1'!D15 -> 0 | H15: =+G15-F15 -> 0 | I15: =N!E15 -> 0 | J15: ='N-1'!E15 -> 0 | K15: =+J15-I15 -> 0 | L15: =N!F15 -> 0 | M15: ='N-1'!F15 -> 0 | N15: =+M15-L15 -> 0 | O15: =N!G15 -> 0 | P15: =N!G15 -> 0 | Q15: =P15-O15 -> 0 | R15: =N!H15 -> 0 | S15: =N!H15 -> 0 | T15: =S15-R15 -> 0 | U15: =N!I15 -> 0 | V15: =N!I15 -> 0 | W15: =V15-U15 -> 0 | X15: =N!J15 -> 0 | Y15: =N!J15 -> 0 | Z15: =N!R15 -> 0 | AA15: =N!K15 -> 0 | AB15: =N!K15 -> 0 | AC15: =N!U15 -> 0 | AD15: =N!L15 -> 0 | AE15: =N!L15 -> 0 | AF15: =N!X15 -> 0 | AG15: =N!M15 -> 0 | AH15: =N!M15 -> 0 | AI15: =N!AA15 -> 0 | AJ15: =N!N15 -> 0 | AK15: =N!N15 -> 0 | AL15: =N!AD15 -> 0
A16: Prix moyen Restaurant & Banquet | C16: =N!C16 -> 0 | D16: ='N-1'!C16 -> 0 | E16: =+D16-C16 -> 0 | F16: =N!D16 -> 0 | G16: ='N-1'!D16 -> 0 | H16: =+G16-F16 -> 0 | I16: =N!E16 -> 0 | J16: ='N-1'!E16 -> 0 | K16: =+J16-I16 -> 0 | L16: =N!F16 -> 0 | M16: ='N-1'!F16 -> 0 | N16: =+M16-L16 -> 0 | O16: =N!G16 -> 0 | P16: =N!G16 -> 0 | Q16: =P16-O16 -> 0 | R16: =N!H16 -> 0 | S16: =N!H16 -> 0 | T16: =S16-R16 -> 0 | U16: =N!I16 -> 0 | V16: =N!I16 -> 0 | W16: =V16-U16 -> 0 | X16: =N!J16 -> 0 | Y16: =N!J16 -> 0 | Z16: =N!R16 -> 0 | AA16: =N!K16 -> 0 | AB16: =N!K16 -> 0 | AC16: =N!U16 -> 0 | AD16: =N!L16 -> 0 | AE16: =N!L16 -> 0 | AF16: =N!X16 -> 0 | AG16: =N!M16 -> 0 | AH16: =N!M16 -> 0 | AI16: =N!AA16 -> 0 | AJ16: =N!N16 -> 0 | AK16: =N!N16 -> 0 | AL16: =N!AD16 -> 0
A17: Prix moyen PDJ | C17: =N!C17 -> 0 | D17: ='N-1'!C17 -> 0 | E17: =+D17-C17 -> 0 | F17: =N!D17 -> 0 | G17: ='N-1'!D17 -> 0 | H17: =+G17-F17 -> 0 | I17: =N!E17 -> 0 | J17: ='N-1'!E17 -> 0 | K17: =+J17-I17 -> 0 | L17: =N!F17 -> 0 | M17: ='N-1'!F17 -> 0 | N17: =+M17-L17 -> 0 | O17: =N!G17 -> 0 | P17: =N!G17 -> 0 | Q17: =P17-O17 -> 0 | R17: =N!H17 -> 0 | S17: =N!H17 -> 0 | T17: =S17-R17 -> 0 | U17: =N!I17 -> 0 | V17: =N!I17 -> 0 | W17: =V17-U17 -> 0 | X17: =N!J17 -> 0 | Y17: =N!J17 -> 0 | Z17: =N!R17 -> 0 | AA17: =N!K17 -> 0 | AB17: =N!K17 -> 0 | AC17: =N!U17 -> 0 | AD17: =N!L17 -> 0 | AE17: =N!L17 -> 0 | AF17: =N!X17 -> 0 | AG17: =N!M17 -> 0 | AH17: =N!M17 -> 0 | AI17: =N!AA17 -> 0 | AJ17: =N!N17 -> 0 | AK17: =N!N17 -> 0 | AL17: =N!AD17 -> 0
B18: Effectif Rest Fixes | C18: =N!C18 -> 0 | D18: ='N-1'!C18 -> 0 | E18: =+D18-C18 -> 0 | F18: =N!D18 -> 0 | G18: ='N-1'!D18 -> 0 | H18: =+G18-F18 -> 0 | I18: =N!E18 -> 0 | J18: ='N-1'!E18 -> 0 | K18: =+J18-I18 -> 0 | L18: =N!F18 -> 0 | M18: ='N-1'!F18 -> 0 | N18: =+M18-L18 -> 0 | O18: =N!G18 -> 0 | P18: =N!G18 -> 0 | Q18: =P18-O18 -> 0 | R18: =N!H18 -> 0 | S18: =N!H18 -> 0 | T18: =S18-R18 -> 0 | U18: =N!I18 -> 0 | V18: =N!I18 -> 0 | W18: =V18-U18 -> 0 | X18: =N!J18 -> 0 | Y18: =N!J18 -> 0 | Z18: =N!R18 -> 0 | AA18: =N!K18 -> 0 | AB18: =N!K18 -> 0 | AC18: =N!U18 -> 0 | AD18: =N!L18 -> 0 | AE18: =N!L18 -> 0 | AF18: =N!X18 -> 0 | AG18: =N!M18 -> 0 | AH18: =N!M18 -> 0 | AI18: =N!AA18 -> 0 | AJ18: =N!N18 -> 0 | AK18: =N!N18 -> 0 | AL18: =N!AD18 -> 0
B19: Effectif Rest Saisonniers | C19: =N!C19 -> 0 | D19: ='N-1'!C19 -> 0 | E19: =+D19-C19 -> 0 | F19: =N!D19 -> 0 | G19: ='N-1'!D19 -> 0 | H19: =+G19-F19 -> 0 | I19: =N!E19 -> 0 | J19: ='N-1'!E19 -> 0 | K19: =+J19-I19 -> 0 | L19: =N!F19 -> 0 | M19: ='N-1'!F19 -> 0 | N19: =+M19-L19 -> 0 | O19: =N!G19 -> 0 | P19: =N!G19 -> 0 | Q19: =P19-O19 -> 0 | R19: =N!H19 -> 0 | S19: =N!H19 -> 0 | T19: =S19-R19 -> 0 | U19: =N!I19 -> 0 | V19: =N!I19 -> 0 | W19: =V19-U19 -> 0 | X19: =N!J19 -> 0 | Y19: =N!J19 -> 0 | Z19: =N!R19 -> 0 | AA19: =N!K19 -> 0 | AB19: =N!K19 -> 0 | AC19: =N!U19 -> 0 | AD19: =N!L19 -> 0 | AE19: =N!L19 -> 0 | AF19: =N!X19 -> 0 | AG19: =N!M19 -> 0 | AH19: =N!M19 -> 0 | AI19: =N!AA19 -> 0 | AJ19: =N!N19 -> 0 | AK19: =N!N19 -> 0 | AL19: =N!AD19 -> 0
B20: Effectif Rest Intérim | C20: =N!C20 -> 0 | D20: ='N-1'!C20 -> 0 | E20: =+D20-C20 -> 0 | F20: =N!D20 -> 0 | G20: ='N-1'!D20 -> 0 | H20: =+G20-F20 -> 0 | I20: =N!E20 -> 0 | J20: ='N-1'!E20 -> 0 | K20: =+J20-I20 -> 0 | L20: =N!F20 -> 0 | M20: ='N-1'!F20 -> 0 | N20: =+M20-L20 -> 0 | O20: =N!G20 -> 0 | P20: =N!G20 -> 0 | Q20: =P20-O20 -> 0 | R20: =N!H20 -> 0 | S20: =N!H20 -> 0 | T20: =S20-R20 -> 0 | U20: =N!I20 -> 0 | V20: =N!I20 -> 0 | W20: =V20-U20 -> 0 | X20: =N!J20 -> 0 | Y20: =N!J20 -> 0 | Z20: =N!R20 -> 0 | AA20: =N!K20 -> 0 | AB20: =N!K20 -> 0 | AC20: =N!U20 -> 0 | AD20: =N!L20 -> 0 | AE20: =N!L20 -> 0 | AF20: =N!X20 -> 0 | AG20: =N!M20 -> 0 | AH20: =N!M20 -> 0 | AI20: =N!AA20 -> 0 | AJ20: =N!N20 -> 0 | AK20: =N!N20 -> 0 | AL20: =N!AD20 -> 0
A21: Effectif Restauration | C21: =+C20+C19+C18 -> 0 | D21: =+D20+D19+D18 -> 0 | E21: =+D21-C21 -> 0 | F21: =+F20+F19+F18 -> 0 | G21: =+G20+G19+G18 -> 0 | H21: =+G21-F21 -> 0 | I21: =+I20+I19+I18 -> 0 | J21: =+J20+J19+J18 -> 0 | K21: =+J21-I21 -> 0 | L21: =+L20+L19+L18 -> 0 | M21: =+M20+M19+M18 -> 0 | N21: =+M21-L21 -> 0 | O21: =+O20+O19+O18 -> 0 | P21: =+P20+P19+P18 -> 0 | Q21: =P21-O21 -> 0 | R21: =+R20+R19+R18 -> 0 | S21: =+S20+S19+S18 -> 0 | T21: =S21-R21 -> 0 | U21: =+U20+U19+U18 -> 0 | V21: =+V20+V19+V18 -> 0 | W21: =V21-U21 -> 0 | X21: =+X20+X19+X18 -> 0 | Y21: =+Y20+Y19+Y18 -> 0 | Z21: =N!R21 -> 0 | AA21: =+AA20+AA19+AA18 -> 0 | AB21: =+AB20+AB19+AB18 -> 0 | AC21: =N!U21 -> 0 | AD21: =+AD20+AD19+AD18 -> 0 | AE21: =+AE20+AE19+AE18 -> 0 | AF21: =N!X21 -> 0 | AG21: =+AG20+AG19+AG18 -> 0 | AH21: =+AH20+AH19+AH18 -> 0 | AI21: =N!AA21 -> 0 | AJ21: =+AJ20+AJ19+AJ18 -> 0 | AK21: =+AK20+AK19+AK18 -> 0 | AL21: =N!AD21 -> 0
A22: Effectif Divers | C22: =N!C22 -> 0 | D22: ='N-1'!C22 -> 0 | E22: =+D22-C22 -> 0 | F22: =N!D22 -> 0 | G22: ='N-1'!D22 -> 0 | H22: =+G22-F22 -> 0 | I22: =N!E22 -> 0 | J22: ='N-1'!E22 -> 0 | K22: =+J22-I22 -> 0 | L22: =N!F22 -> 0 | M22: ='N-1'!F22 -> 0 | N22: =+M22-L22 -> 0 | O22: =N!G22 -> 0 | P22: ='N-1'!G22 -> 0 | Q22: =P22-O22 -> 0 | R22: =N!H22 -> 0 | S22: ='N-1'!H22 -> 0 | T22: =S22-R22 -> 0 | U22: =N!I22 -> 0 | V22: ='N-1'!I22 -> 0 | W22: =V22-U22 -> 0 | X22: =N!J22 -> 0 | Y22: ='N-1'!J22 -> 0 | Z22: =N!R22 -> 0 | AA22: =N!K22 -> 0 | AB22: ='N-1'!K22 -> 0 | AC22: =N!U22 -> 0 | AD22: =N!L22 -> 0 | AE22: ='N-1'!L22 -> 0 | AF22: =N!X22 -> 0 | AG22: =N!M22 -> 0 | AH22: ='N-1'!M22 -> 0 | AI22: =N!AA22 -> 0 | AJ22: =N!N22 -> 0 | AK22: ='N-1'!N22 -> 0 | AL22: =N!AD22 -> 0
A24: Chiffre d'affaires Hébergement HT | C24: =N!C24 -> 0 | D24: ='N-1'!C24 -> 0 | E24: =+D24-C24 -> 0 | F24: =N!D24 -> 0 | G24: ='N-1'!D24 -> 0 | H24: =+G24-F24 -> 0 | I24: =N!E24 -> 0 | J24: ='N-1'!E24 -> 0 | K24: =+J24-I24 -> 0 | L24: =N!F24 -> 0 | M24: ='N-1'!F24 -> 0 | N24: =+M24-L24 -> 0 | O24: =N!G24 -> 0 | P24: ='N-1'!G24 -> 0 | Q24: =P24-O24 -> 0 | R24: =N!H24 -> 0 | S24: ='N-1'!H24 -> 0 | T24: =S24-R24 -> 0 | U24: =N!I24 -> 0 | V24: ='N-1'!I24 -> 0 | W24: =V24-U24 -> 0 | X24: =N!J24 -> 0 | Y24: ='N-1'!J24 -> 0 | Z24: =N!R24 -> 0 | AA24: =N!K24 -> 0 | AB24: ='N-1'!K24 -> 0 | AC24: =N!U24 -> 0 | AD24: =N!L24 -> 0 | AE24: ='N-1'!L24 -> 0 | AF24: =N!X24 -> 0 | AG24: =N!M24 -> 0 | AH24: ='N-1'!M24 -> 0 | AI24: =N!AA24 -> 0 | AJ24: =N!N24 -> 0 | AK24: ='N-1'!N24 -> 0 | AL24: =N!AD24 -> 0
A25: Chiffre d'affaires Restauration HT | C25: =N!C25 -> 0 | D25: ='N-1'!C25 -> 0 | E25: =+D25-C25 -> 0 | F25: =N!D25 -> 0 | G25: ='N-1'!D25 -> 0 | H25: =+G25-F25 -> 0 | I25: =N!E25 -> 0 | J25: ='N-1'!E25 -> 0 | K25: =+J25-I25 -> 0 | L25: =N!F25 -> 0 | M25: ='N-1'!F25 -> 0 | N25: =+M25-L25 -> 0 | O25: =N!G25 -> 0 | P25: ='N-1'!G25 -> 0 | Q25: =P25-O25 -> 0 | R25: =N!H25 -> 0 | S25: ='N-1'!H25 -> 0 | T25: =S25-R25 -> 0 | U25: =N!I25 -> 0 | V25: ='N-1'!I25 -> 0 | W25: =V25-U25 -> 0 | X25: =N!J25 -> 0 | Y25: ='N-1'!J25 -> 0 | Z25: =N!R25 -> 0 | AA25: =N!K25 -> 0 | AB25: ='N-1'!K25 -> 0 | AC25: =N!U25 -> 0 | AD25: =N!L25 -> 0 | AE25: ='N-1'!L25 -> 0 | AF25: =N!X25 -> 0 | AG25: =N!M25 -> 0 | AH25: ='N-1'!M25 -> 0 | AI25: =N!AA25 -> 0 | AJ25: =N!N25 -> 0 | AK25: ='N-1'!N25 -> 0 | AL25: =N!AD25 -> 0
A26: Chiffre d'affaires Divers HT | C26: =N!C26 -> 0 | D26: ='N-1'!C26 -> 0 | E26: =+D26-C26 -> 0 | F26: =N!D26 -> 0 | G26: ='N-1'!D26 -> 0 | H26: =+G26-F26 -> 0 | I26: =N!E26 -> 0 | J26: ='N-1'!E26 -> 0 | K26: =+J26-I26 -> 0 | L26: =N!F26 -> 0 | M26: ='N-1'!F26 -> 0 | N26: =+M26-L26 -> 0 | O26: =N!G26 -> 0 | P26: ='N-1'!G26 -> 0 | Q26: =P26-O26 -> 0 | R26: =N!H26 -> 0 | S26: ='N-1'!H26 -> 0 | T26: =S26-R26 -> 0 | U26: =N!I26 -> 0 | V26: ='N-1'!I26 -> 0 | W26: =V26-U26 -> 0 | X26: =N!J26 -> 0 | Y26: ='N-1'!J26 -> 0 | Z26: =N!R26 -> 0 | AA26: =N!K26 -> 0 | AB26: ='N-1'!K26 -> 0 | AC26: =N!U26 -> 0 | AD26: =N!L26 -> 0 | AE26: ='N-1'!L26 -> 0 | AF26: =N!X26 -> 0 | AG26: =N!M26 -> 0 | AH26: ='N-1'!M26 -> 0 | AI26: =N!AA26 -> 0 | AJ26: =N!N26 -> 0 | AK26: ='N-1'!N26 -> 0 | AL26: =N!AD26 -> 0
A27: Total Chiffre d'affaires HT | C27: =+C24+C25+C26 -> 0 | D27: =+D24+D25+D26 -> 0 | E27: =+D27-C27 -> 0 | F27: =+F24+F25+F26 -> 0 | G27: =+G24+G25+G26 -> 0 | H27: =+G27-F27 -> 0 | I27: =+I24+I25+I26 -> 0 | J27: =+J24+J25+J26 -> 0 | K27: =+J27-I27 -> 0 | L27: =+L24+L25+L26 -> 0 | M27: =+M24+M25+M26 -> 0 | N27: =+M27-L27 -> 0 | O27: =+O24+O25+O26 -> 0 | P27: =+P24+P25+P26 -> 0 | Q27: =P27-O27 -> 0 | R27: =+R24+R25+R26 -> 0 | S27: =+S24+S25+S26 -> 0 | T27: =S27-R27 -> 0 | U27: =+U24+U25+U26 -> 0 | V27: =+V24+V25+V26 -> 0 | W27: =V27-U27 -> 0 | X27: =+X24+X25+X26 -> 0 | Y27: =+Y24+Y25+Y26 -> 0 | Z27: =N!R27 -> 0 | AA27: =+AA24+AA25+AA26 -> 0 | AB27: =+AB24+AB25+AB26 -> 0 | AC27: =N!U27 -> 0 | AD27: =+AD24+AD25+AD26 -> 0 | AE27: =+AE24+AE25+AE26 -> 0 | AF27: =N!X27 -> 0 | AG27: =+AG24+AG25+AG26 -> 0 | AH27: =+AH24+AH25+AH26 -> 0 | AI27: =N!AA27 -> 0 | AJ27: =+AJ24+AJ25+AJ26 -> 0 | AK27: =+AK24+AK25+AK26 -> 0 | AL27: =N!AD27 -> 0
A29: Couts Marchandises Restauration | C29: =N!C29 -> 0 | D29: ='N-1'!C29 -> 0 | E29: =+D29-C29 -> 0 | F29: =N!D29 -> 0 | G29: ='N-1'!D29 -> 0 | H29: =+G29-F29 -> 0 | I29: =N!E29 -> 0 | J29: ='N-1'!E29 -> 0 | K29: =+J29-I29 -> 0 | L29: =N!F29 -> 0 | M29: ='N-1'!F29 -> 0 | N29: =+M29-L29 -> 0 | O29: =N!G29 -> 0 | P29: ='N-1'!G29 -> 0 | Q29: =+P29-O29 -> 0 | R29: =N!H29 -> 0 | S29: ='N-1'!H29 -> 0 | T29: =+S29-R29 -> 0 | U29: =N!I29 -> 0 | V29: ='N-1'!I29 -> 0 | W29: =+V29-U29 -> 0 | X29: =N!J29 -> 0 | Y29: ='N-1'!J29 -> 0 | Z29: =+Y29-X29 -> 0 | AA29: =N!K29 -> 0 | AB29: ='N-1'!K29 -> 0 | AC29: =+AB29-AA29 -> 0 | AD29: =N!L29 -> 0 | AE29: ='N-1'!L29 -> 0 | AF29: =+AE29-AD29 -> 0 | AG29: =N!M29 -> 0 | AH29: ='N-1'!M29 -> 0 | AI29: =+AH29-AG29 -> 0 | AJ29: =N!N29 -> 0 | AK29: ='N-1'!N29 -> 0 | AL29: =+AK29-AJ29 -> 0
A30: Couts Marchandises divers (boutique HDL) | C30: =N!C30 -> 0 | D30: ='N-1'!C30 -> 0 | E30: =+D30-C30 -> 0 | F30: =N!D30 -> 0 | G30: ='N-1'!D30 -> 0 | H30: =+G30-F30 -> 0 | I30: =N!E30 -> 0 | J30: ='N-1'!E30 -> 0 | K30: =+J30-I30 -> 0 | L30: =N!F30 -> 0 | M30: ='N-1'!F30 -> 0 | N30: =+M30-L30 -> 0 | O30: =N!G30 -> 0 | P30: ='N-1'!G30 -> 0 | Q30: =+P30-O30 -> 0 | R30: =N!H30 -> 0 | S30: ='N-1'!H30 -> 0 | T30: =+S30-R30 -> 0 | U30: =N!I30 -> 0 | V30: ='N-1'!I30 -> 0 | W30: =+V30-U30 -> 0 | X30: =N!J30 -> 0 | Y30: ='N-1'!J30 -> 0 | Z30: =+Y30-X30 -> 0 | AA30: =N!K30 -> 0 | AB30: ='N-1'!K30 -> 0 | AC30: =+AB30-AA30 -> 0 | AD30: =N!L30 -> 0 | AE30: ='N-1'!L30 -> 0 | AF30: =+AE30-AD30 -> 0 | AG30: =N!M30 -> 0 | AH30: ='N-1'!M30 -> 0 | AI30: =+AH30-AG30 -> 0 | AJ30: =N!N30 -> 0 | AK30: ='N-1'!N30 -> 0 | AL30: =+AK30-AJ30 -> 0
A31: Total M/ses Consommées | C31: =+C30+C29 -> 0 | D31: =+D30+D29 -> 0 | E31: =+D31-C31 -> 0 | F31: =+F30+F29 -> 0 | G31: =+G30+G29 -> 0 | H31: =+G31-F31 -> 0 | I31: =+I30+I29 -> 0 | J31: =+J30+J29 -> 0 | K31: =+J31-I31 -> 0 | L31: =+L30+L29 -> 0 | M31: =+M30+M29 -> 0 | N31: =+M31-L31 -> 0 | O31: =+O30+O29 -> 0 | P31: =+P30+P29 -> 0 | Q31: =+P31-O31 -> 0 | R31: =+R30+R29 -> 0 | S31: =+S30+S29 -> 0 | T31: =+S31-R31 -> 0 | U31: =+U30+U29 -> 0 | V31: =+V30+V29 -> 0 | W31: =+V31-U31 -> 0 | X31: =+X30+X29 -> 0 | Y31: =+Y30+Y29 -> 0 | Z31: =+Y31-X31 -> 0 | AA31: =+AA30+AA29 -> 0 | AB31: =+AB30+AB29 -> 0 | AC31: =+AB31-AA31 -> 0 | AD31: =+AD30+AD29 -> 0 | AE31: =+AE30+AE29 -> 0 | AF31: =+AE31-AD31 -> 0 | AG31: =+AG30+AG29 -> 0 | AH31: =+AH30+AH29 -> 0 | AI31: =+AH31-AG31 -> 0 | AJ31: =+AJ30+AJ29 -> 0 | AK31: =+AK30+AK29 -> 0 | AL31: =+AK31-AJ31 -> 0
A32: Ratio M/ses consommées restau | C32: =+C29/C25 -> #DIV/0! | F32: =+F29/F25 -> #DIV/0! | I32: =+I29/I25 -> #DIV/0! | L32: =+L29/L25 -> #DIV/0! | O32: =+O29/O25 -> #DIV/0! | R32: =+R29/R25 -> #DIV/0! | U32: =+U29/U25 -> #DIV/0! | X32: =+X29/X25 -> #DIV/0! | AA32: =+AA29/AA25 -> #DIV/0! | AD32: =+AD29/AD25 -> #DIV/0! | AG32: =+AG29/AG25 -> #DIV/0! | AJ32: =+AJ29/AJ25 -> #DIV/0!
A33: Marge Brute | C33: =+C27-C31 -> 0 | D33: =+D27-D31 -> 0 | E33: =+D33-C33 -> 0 | F33: =+F27-F31 -> 0 | G33: =+G27-G31 -> 0 | H33: =+G33-F33 -> 0 | I33: =+I27-I31 -> 0 | J33: =+J27-J31 -> 0 | K33: =+J33-I33 -> 0 | L33: =+L27-L31 -> 0 | M33: =+M27-M31 -> 0 | N33: =+M33-L33 -> 0 | O33: =+O27-O31 -> 0 | P33: =+P27-P31 -> 0 | Q33: =+P33-O33 -> 0 | R33: =+R27-R31 -> 0 | S33: =+S27-S31 -> 0 | T33: =+S33-R33 -> 0 | U33: =+U27-U31 -> 0 | V33: =+V27-V31 -> 0 | W33: =+V33-U33 -> 0 | X33: =+X27-X31 -> 0 | Y33: =+Y27-Y31 -> 0 | Z33: =+Y33-X33 -> 0 | AA33: =+AA27-AA31 -> 0 | AB33: =+AB27-AB31 -> 0 | AC33: =+AB33-AA33 -> 0 | AD33: =+AD27-AD31 -> 0 | AE33: =+AE27-AE31 -> 0 | AF33: =+AE33-AD33 -> 0 | AG33: =+AG27-AG31 -> 0 | AH33: =+AH27-AH31 -> 0 | AI33: =+AH33-AG33 -> 0 | AJ33: =+AJ27-AJ31 -> 0 | AK33: =+AK27-AK31 -> 0 | AL33: =+AK33-AJ33 -> 0
A35: Intérim | C35: =+C36+C37+C38+C39 -> 0 | D35: =+D36+D37+D38+D39 -> 0 | E35: =+D35-C35 -> 0 | F35: =+F36+F37+F38+F39 -> 0 | G35: =+G36+G37+G38+G39 -> 0 | H35: =+G35-F35 -> 0 | I35: =+I36+I37+I38+I39 -> 0 | J35: =+J36+J37+J38+J39 -> 0 | K35: =+J35-I35 -> 0 | L35: =+L36+L37+L38+L39 -> 0 | M35: =+M36+M37+M38+M39 -> 0 | N35: =+M35-L35 -> 0 | O35: =+O36+O37+O38+O39 -> 0 | P35: =+P36+P37+P38+P39 -> 0 | Q35: =+P35-O35 -> 0 | R35: =+R36+R37+R38+R39 -> 0 | S35: =+S36+S37+S38+S39 -> 0 | T35: =+S35-R35 -> 0 | U35: =+U36+U37+U38+U39 -> 0 | V35: =+V36+V37+V38+V39 -> 0 | W35: =+V35-U35 -> 0 | X35: =+X36+X37+X38+X39 -> 0 | Y35: =+Y36+Y37+Y38+Y39 -> 0 | Z35: =+Y35-X35 -> 0 | AA35: =+AA36+AA37+AA38+AA39 -> 0 | AB35: =+AB36+AB37+AB38+AB39 -> 0 | AC35: =+AB35-AA35 -> 0 | AD35: =+AD36+AD37+AD38+AD39 -> 0 | AE35: =+AE36+AE37+AE38+AE39 -> 0 | AF35: =+AE35-AD35 -> 0 | AG35: =+AG36+AG37+AG38+AG39 -> 0 | AH35: =+AH36+AH37+AH38+AH39 -> 0 | AI35: =+AH35-AG35 -> 0 | AJ35: =+AJ36+AJ37+AJ38+AJ39 -> 0 | AK35: =+AK36+AK37+AK38+AK39 -> 0 | AL35: =+AK35-AJ35 -> 0
B36: Intérim Réception | C36: =N!C36 -> 0 | D36: ='N-1'!C36 -> 0 | E36: =+D36-C36 -> 0 | F36: =N!D36 -> 0 | G36: ='N-1'!D36 -> 0 | H36: =+G36-F36 -> 0 | I36: =N!E36 -> 0 | J36: ='N-1'!E36 -> 0 | K36: =+J36-I36 -> 0 | L36: =N!F36 -> 0 | M36: ='N-1'!F36 -> 0 | N36: =+M36-L36 -> 0 | O36: =N!G36 -> 0 | P36: ='N-1'!G36 -> 0 | Q36: =+P36-O36 -> 0 | R36: =N!H36 -> 0 | S36: ='N-1'!H36 -> 0 | T36: =+S36-R36 -> 0 | U36: =N!I36 -> 0 | V36: ='N-1'!I36 -> 0 | W36: =+V36-U36 -> 0 | X36: =N!J36 -> 0 | Y36: ='N-1'!J36 -> 0 | Z36: =+Y36-X36 -> 0 | AA36: =N!K36 -> 0 | AB36: ='N-1'!K36 -> 0 | AC36: =+AB36-AA36 -> 0 | AD36: =N!L36 -> 0 | AE36: ='N-1'!L36 -> 0 | AF36: =+AE36-AD36 -> 0 | AG36: =N!M36 -> 0 | AH36: ='N-1'!M36 -> 0 | AI36: =+AH36-AG36 -> 0 | AJ36: =N!N36 -> 0 | AK36: ='N-1'!N36 -> 0 | AL36: =+AK36-AJ36 -> 0
B37: Intérim Hébergement | C37: =N!C37 -> 0 | D37: ='N-1'!C37 -> 0 | E37: =+D37-C37 -> 0 | F37: =N!D37 -> 0 | G37: ='N-1'!D37 -> 0 | H37: =+G37-F37 -> 0 | I37: =N!E37 -> 0 | J37: ='N-1'!E37 -> 0 | K37: =+J37-I37 -> 0 | L37: =N!F37 -> 0 | M37: ='N-1'!F37 -> 0 | N37: =+M37-L37 -> 0 | O37: =N!G37 -> 0 | P37: ='N-1'!G37 -> 0 | Q37: =+P37-O37 -> 0 | R37: =N!H37 -> 0 | S37: ='N-1'!H37 -> 0 | T37: =+S37-R37 -> 0 | U37: =N!I37 -> 0 | V37: ='N-1'!I37 -> 0 | W37: =+V37-U37 -> 0 | X37: =N!J37 -> 0 | Y37: ='N-1'!J37 -> 0 | Z37: =+Y37-X37 -> 0 | AA37: =N!K37 -> 0 | AB37: ='N-1'!K37 -> 0 | AC37: =+AB37-AA37 -> 0 | AD37: =N!L37 -> 0 | AE37: ='N-1'!L37 -> 0 | AF37: =+AE37-AD37 -> 0 | AG37: =N!M37 -> 0 | AH37: ='N-1'!M37 -> 0 | AI37: =+AH37-AG37 -> 0 | AJ37: =N!N37 -> 0 | AK37: ='N-1'!N37 -> 0 | AL37: =+AK37-AJ37 -> 0
B38: Intérim Restauration | C38: =N!C38 -> 0 | D38: ='N-1'!C38 -> 0 | E38: =+D38-C38 -> 0 | F38: =N!D38 -> 0 | G38: ='N-1'!D38 -> 0 | H38: =+G38-F38 -> 0 | I38: =N!E38 -> 0 | J38: ='N-1'!E38 -> 0 | K38: =+J38-I38 -> 0 | L38: =N!F38 -> 0 | M38: ='N-1'!F38 -> 0 | N38: =+M38-L38 -> 0 | O38: =N!G38 -> 0 | P38: ='N-1'!G38 -> 0 | Q38: =+P38-O38 -> 0 | R38: =N!H38 -> 0 | S38: ='N-1'!H38 -> 0 | T38: =+S38-R38 -> 0 | U38: =N!I38 -> 0 | V38: ='N-1'!I38 -> 0 | W38: =+V38-U38 -> 0 | X38: =N!J38 -> 0 | Y38: ='N-1'!J38 -> 0 | Z38: =+Y38-X38 -> 0 | AA38: =N!K38 -> 0 | AB38: ='N-1'!K38 -> 0 | AC38: =+AB38-AA38 -> 0 | AD38: =N!L38 -> 0 | AE38: ='N-1'!L38 -> 0 | AF38: =+AE38-AD38 -> 0 | AG38: =N!M38 -> 0 | AH38: ='N-1'!M38 -> 0 | AI38: =+AH38-AG38 -> 0 | AJ38: =N!N38 -> 0 | AK38: ='N-1'!N38 -> 0 | AL38: =+AK38-AJ38 -> 0
B39: Intérim Admin Comm | C39: =N!C39 -> 0 | D39: ='N-1'!C39 -> 0 | E39: =+D39-C39 -> 0 | F39: =N!D39 -> 0 | G39: ='N-1'!D39 -> 0 | H39: =+G39-F39 -> 0 | I39: =N!E39 -> 0 | J39: ='N-1'!E39 -> 0 | K39: =+J39-I39 -> 0 | L39: =N!F39 -> 0 | M39: ='N-1'!F39 -> 0 | N39: =+M39-L39 -> 0 | O39: =N!G39 -> 0 | P39: ='N-1'!G39 -> 0 | Q39: =+P39-O39 -> 0 | R39: =N!H39 -> 0 | S39: ='N-1'!H39 -> 0 | T39: =+S39-R39 -> 0 | U39: =N!I39 -> 0 | V39: ='N-1'!I39 -> 0 | W39: =+V39-U39 -> 0 | X39: =N!J39 -> 0 | Y39: ='N-1'!J39 -> 0 | Z39: =+Y39-X39 -> 0 | AA39: =N!K39 -> 0 | AB39: ='N-1'!K39 -> 0 | AC39: =+AB39-AA39 -> 0 | AD39: =N!L39 -> 0 | AE39: ='N-1'!L39 -> 0 | AF39: =+AE39-AD39 -> 0 | AG39: =N!M39 -> 0 | AH39: ='N-1'!M39 -> 0 | AI39: =+AH39-AG39 -> 0 | AJ39: =N!N39 -> 0 | AK39: ='N-1'!N39 -> 0 | AL39: =+AK39-AJ39 -> 0
A40: Salaires bruts | C40: =+SUM(C41:C44) -> 0 | D40: =+SUM(D41:D44) -> 0 | E40: =+SUM(E41:E44) -> 0 | F40: =+SUM(F41:F44) -> 0 | G40: =+SUM(G41:G44) -> 0 | H40: =+SUM(H41:H44) -> 0 | I40: =+SUM(I41:I44) -> 0 | J40: =+SUM(J41:J44) -> 0 | ... AL40: =+SUM(AL41:AL44) -> 0
B41: SB Réception | C41: =N!C41 -> 0 | D41: ='N-1'!C41 -> 0 | E41: =D41-C41 -> 0 | F41: =N!D41 -> 0 | G41: ='N-1'!D41 -> 0 | H41: =+G41-F41 -> 0 | I41: =N!E41 -> 0 | J41: ='N-1'!E41 -> 0 | K41: =+J41-I41 -> 0 | L41: =N!F41 -> 0 | M41: ='N-1'!F41 -> 0 | N41: =+M41-L41 -> 0 | O41: =N!G41 -> 0 | P41: ='N-1'!G41 -> 0 | Q41: =+P41-O41 -> 0 | R41: =N!H41 -> 0 | S41: ='N-1'!H41 -> 0 | T41: =+S41-R41 -> 0 | U41: =N!I41 -> 0 | V41: ='N-1'!I41 -> 0 | W41: =+V41-U41 -> 0 | X41: =N!J41 -> 0 | Y41: ='N-1'!J41 -> 0 | Z41: =+Y41-X41 -> 0 | AA41: =N!K41 -> 0 | AB41: ='N-1'!K41 -> 0 | AC41: =+AB41-AA41 -> 0 | AD41: =N!L41 -> 0 | AE41: ='N-1'!L41 -> 0 | AF41: =+AE41-AD41 -> 0 | AG41: =N!M41 -> 0 | AH41: ='N-1'!M41 -> 0 | AI41: =+AH41-AG41 -> 0 | AJ41: =N!N41 -> 0 | AK41: ='N-1'!N41 -> 0 | AL41: =+AK41-AJ41 -> 0
B42: SB Hébergement | C42: =N!C42 -> 0 | D42: ='N-1'!C42 -> 0 | E42: =D42-C42 -> 0 | F42: =N!D42 -> 0 | G42: ='N-1'!D42 -> 0 | H42: =+G42-F42 -> 0 | I42: =N!E42 -> 0 | J42: ='N-1'!E42 -> 0 | K42: =+J42-I42 -> 0 | L42: =N!F42 -> 0 | M42: ='N-1'!F42 -> 0 | N42: =+M42-L42 -> 0 | O42: =N!G42 -> 0 | P42: ='N-1'!G42 -> 0 | Q42: =+P42-O42 -> 0 | R42: =N!H42 -> 0 | S42: ='N-1'!H42 -> 0 | T42: =+S42-R42 -> 0 | U42: =N!I42 -> 0 | V42: ='N-1'!I42 -> 0 | W42: =+V42-U42 -> 0 | X42: =N!J42 -> 0 | Y42: ='N-1'!J42 -> 0 | Z42: =+Y42-X42 -> 0 | AA42: =N!K42 -> 0 | AB42: ='N-1'!K42 -> 0 | AC42: =+AB42-AA42 -> 0 | AD42: =N!L42 -> 0 | AE42: ='N-1'!L42 -> 0 | AF42: =+AE42-AD42 -> 0 | AG42: =N!M42 -> 0 | AH42: ='N-1'!M42 -> 0 | AI42: =+AH42-AG42 -> 0 | AJ42: =N!N42 -> 0 | AK42: ='N-1'!N42 -> 0 | AL42: =+AK42-AJ42 -> 0
B43: SB Restauration | C43: =N!C43 -> 0 | D43: ='N-1'!C43 -> 0 | E43: =D43-C43 -> 0 | F43: =N!D43 -> 0 | G43: ='N-1'!D43 -> 0 | H43: =+G43-F43 -> 0 | I43: =N!E43 -> 0 | J43: ='N-1'!E43 -> 0 | K43: =+J43-I43 -> 0 | L43: =N!F43 -> 0 | M43: ='N-1'!F43 -> 0 | N43: =+M43-L43 -> 0 | O43: =N!G43 -> 0 | P43: ='N-1'!G43 -> 0 | Q43: =+P43-O43 -> 0 | R43: =N!H43 -> 0 | S43: ='N-1'!H43 -> 0 | T43: =+S43-R43 -> 0 | U43: =N!I43 -> 0 | V43: ='N-1'!I43 -> 0 | W43: =+V43-U43 -> 0 | X43: =N!J43 -> 0 | Y43: ='N-1'!J43 -> 0 | Z43: =+Y43-X43 -> 0 | AA43: =N!K43 -> 0 | AB43: ='N-1'!K43 -> 0 | AC43: =+AB43-AA43 -> 0 | AD43: =N!L43 -> 0 | AE43: ='N-1'!L43 -> 0 | AF43: =+AE43-AD43 -> 0 | AG43: =N!M43 -> 0 | AH43: ='N-1'!M43 -> 0 | AI43: =+AH43-AG43 -> 0 | AJ43: =N!N43 -> 0 | AK43: ='N-1'!N43 -> 0 | AL43: =+AK43-AJ43 -> 0
B44: SB Admin Comm | C44: =N!C44 -> 0 | D44: ='N-1'!C44 -> 0 | E44: =D44-C44 -> 0 | F44: =N!D44 -> 0 | G44: ='N-1'!D44 -> 0 | H44: =+G44-F44 -> 0 | I44: =N!E44 -> 0 | J44: ='N-1'!E44 -> 0 | K44: =+J44-I44 -> 0 | L44: =N!F44 -> 0 | M44: ='N-1'!F44 -> 0 | N44: =+M44-L44 -> 0 | O44: =N!G44 -> 0 | P44: ='N-1'!G44 -> 0 | Q44: =+P44-O44 -> 0 | R44: =N!H44 -> 0 | S44: ='N-1'!H44 -> 0 | T44: =+S44-R44 -> 0 | U44: =N!I44 -> 0 | V44: ='N-1'!I44 -> 0 | W44: =+V44-U44 -> 0 | X44: =N!J44 -> 0 | Y44: ='N-1'!J44 -> 0 | Z44: =+Y44-X44 -> 0 | AA44: =N!K44 -> 0 | AB44: ='N-1'!K44 -> 0 | AC44: =+AB44-AA44 -> 0 | AD44: =N!L44 -> 0 | AE44: ='N-1'!L44 -> 0 | AF44: =+AE44-AD44 -> 0 | AG44: =N!M44 -> 0 | AH44: ='N-1'!M44 -> 0 | AI44: =+AH44-AG44 -> 0 | AJ44: =N!N44 -> 0 | AK44: ='N-1'!N44 -> 0 | AL44: =+AK44-AJ44 -> 0
A45: Charges Sociales | C45: =+C46+C47+C48+C49 -> 0 | D45: =+D46+D47+D48+D49 -> 0 | E45: =+E46+E47+E48+E49 -> 0 | F45: =+F46+F47+F48+F49 -> 0 | G45: =+G46+G47+G48+G49 -> 0 | H45: =+H46+H47+H48+H49 -> 0 | I45: =+I46+I47+I48+I49 -> 0 | J45: =+J46+J47+J48+J49 -> 0 | ... AL45: =+AL46+AL47+AL48+AL49 -> 0
B46: CS Réception | C46: =N!C46 -> 0 | D46: ='N-1'!C46 -> 0 | E46: =D46-C46 -> 0 | F46: =N!D46 -> 0 | G46: ='N-1'!D46 -> 0 | H46: =+G46-F46 -> 0 | I46: =N!E46 -> 0 | J46: ='N-1'!E46 -> 0 | K46: =+J46-I46 -> 0 | L46: =N!F46 -> 0 | M46: ='N-1'!F46 -> 0 | N46: =+M46-L46 -> 0 | O46: =N!G46 -> 0 | P46: ='N-1'!G46 -> 0 | Q46: =+P46-O46 -> 0 | R46: =N!H46 -> 0 | S46: ='N-1'!H46 -> 0 | T46: =+S46-R46 -> 0 | U46: =N!I46 -> 0 | V46: ='N-1'!I46 -> 0 | W46: =+V46-U46 -> 0 | X46: =N!J46 -> 0 | Y46: ='N-1'!J46 -> 0 | Z46: =+Y46-X46 -> 0 | AA46: =N!K46 -> 0 | AB46: ='N-1'!K46 -> 0 | AC46: =+AB46-AA46 -> 0 | AD46: =N!L46 -> 0 | AE46: ='N-1'!L46 -> 0 | AF46: =+AE46-AD46 -> 0 | AG46: =N!M46 -> 0 | AH46: ='N-1'!M46 -> 0 | AI46: =+AH46-AG46 -> 0 | AJ46: =N!N46 -> 0 | AK46: ='N-1'!N46 -> 0 | AL46: =+AK46-AJ46 -> 0
B47: CS Hébergement | C47: =N!C47 -> 0 | D47: ='N-1'!C47 -> 0 | E47: =D47-C47 -> 0 | F47: =N!D47 -> 0 | G47: ='N-1'!D47 -> 0 | H47: =+G47-F47 -> 0 | I47: =N!E47 -> 0 | J47: ='N-1'!E47 -> 0 | K47: =+J47-I47 -> 0 | L47: =N!F47 -> 0 | M47: ='N-1'!F47 -> 0 | N47: =+M47-L47 -> 0 | O47: =N!G47 -> 0 | P47: ='N-1'!G47 -> 0 | Q47: =+P47-O47 -> 0 | R47: =N!H47 -> 0 | S47: ='N-1'!H47 -> 0 | T47: =+S47-R47 -> 0 | U47: =N!I47 -> 0 | V47: ='N-1'!I47 -> 0 | W47: =+V47-U47 -> 0 | X47: =N!J47 -> 0 | Y47: ='N-1'!J47 -> 0 | Z47: =+Y47-X47 -> 0 | AA47: =N!K47 -> 0 | AB47: ='N-1'!K47 -> 0 | AC47: =+AB47-AA47 -> 0 | AD47: =N!L47 -> 0 | AE47: ='N-1'!L47 -> 0 | AF47: =+AE47-AD47 -> 0 | AG47: =N!M47 -> 0 | AH47: ='N-1'!M47 -> 0 | AI47: =+AH47-AG47 -> 0 | AJ47: =N!N47 -> 0 | AK47: ='N-1'!N47 -> 0 | AL47: =+AK47-AJ47 -> 0
B48: CS Restauration | C48: =N!C48 -> 0 | D48: ='N-1'!C48 -> 0 | E48: =D48-C48 -> 0 | F48: =N!D48 -> 0 | G48: ='N-1'!D48 -> 0 | H48: =+G48-F48 -> 0 | I48: =N!E48 -> 0 | J48: ='N-1'!E48 -> 0 | K48: =+J48-I48 -> 0 | L48: =N!F48 -> 0 | M48: ='N-1'!F48 -> 0 | N48: =+M48-L48 -> 0 | O48: =N!G48 -> 0 | P48: ='N-1'!G48 -> 0 | Q48: =+P48-O48 -> 0 | R48: =N!H48 -> 0 | S48: ='N-1'!H48 -> 0 | T48: =+S48-R48 -> 0 | U48: =N!I48 -> 0 | V48: ='N-1'!I48 -> 0 | W48: =+V48-U48 -> 0 | X48: =N!J48 -> 0 | Y48: ='N-1'!J48 -> 0 | Z48: =+Y48-X48 -> 0 | AA48: =N!K48 -> 0 | AB48: ='N-1'!K48 -> 0 | AC48: =+AB48-AA48 -> 0 | AD48: =N!L48 -> 0 | AE48: ='N-1'!L48 -> 0 | AF48: =+AE48-AD48 -> 0 | AG48: =N!M48 -> 0 | AH48: ='N-1'!M48 -> 0 | AI48: =+AH48-AG48 -> 0 | AJ48: =N!N48 -> 0 | AK48: ='N-1'!N48 -> 0 | AL48: =+AK48-AJ48 -> 0
B49: CS Admin Comm | C49: =N!C49 -> 0 | D49: ='N-1'!C49 -> 0 | E49: =D49-C49 -> 0 | F49: =N!D49 -> 0 | G49: ='N-1'!D49 -> 0 | H49: =+G49-F49 -> 0 | I49: =N!E49 -> 0 | J49: ='N-1'!E49 -> 0 | K49: =+J49-I49 -> 0 | L49: =N!F49 -> 0 | M49: ='N-1'!F49 -> 0 | N49: =+M49-L49 -> 0 | O49: =N!G49 -> 0 | P49: ='N-1'!G49 -> 0 | Q49: =+P49-O49 -> 0 | R49: =N!H49 -> 0 | S49: ='N-1'!H49 -> 0 | T49: =+S49-R49 -> 0 | U49: =N!I49 -> 0 | V49: ='N-1'!I49 -> 0 | W49: =+V49-U49 -> 0 | X49: =N!J49 -> 0 | Y49: ='N-1'!J49 -> 0 | Z49: =+Y49-X49 -> 0 | AA49: =N!K49 -> 0 | AB49: ='N-1'!K49 -> 0 | AC49: =+AB49-AA49 -> 0 | AD49: =N!L49 -> 0 | AE49: ='N-1'!L49 -> 0 | AF49: =+AE49-AD49 -> 0 | AG49: =N!M49 -> 0 | AH49: ='N-1'!M49 -> 0 | AI49: =+AH49-AG49 -> 0 | AJ49: =N!N49 -> 0 | AK49: ='N-1'!N49 -> 0 | AL49: =+AK49-AJ49 -> 0
A50: Rémunération variable | C50: =+C51+C52+C53+C54 -> 0 | D50: =+D51+D52+D53+D54 -> 0 | E50: =+E51+E52+E53+E54 -> 0 | F50: =+F51+F52+F53+F54 -> 0 | G50: =+G51+G52+G53+G54 -> 0 | H50: =+H51+H52+H53+H54 -> 0 | I50: =+I51+I52+I53+I54 -> 0 | J50: =+J51+J52+J53+J54 -> 0 | ... AL50: =+AL51+AL52+AL53+AL54 -> 0
B51: RV Réception | C51: =N!C51 -> 0 | D51: ='N-1'!C51 -> 0 | E51: =D51-C51 -> 0 | F51: =N!D51 -> 0 | G51: ='N-1'!D51 -> 0 | H51: =+G51-F51 -> 0 | I51: =N!E51 -> 0 | J51: ='N-1'!E51 -> 0 | K51: =+J51-I51 -> 0 | L51: =N!F51 -> 0 | M51: ='N-1'!F51 -> 0 | N51: =+M51-L51 -> 0 | O51: =N!G51 -> 0 | P51: ='N-1'!G51 -> 0 | Q51: =+P51-O51 -> 0 | R51: =N!H51 -> 0 | S51: ='N-1'!H51 -> 0 | T51: =+S51-R51 -> 0 | U51: =N!I51 -> 0 | V51: ='N-1'!I51 -> 0 | W51: =+V51-U51 -> 0 | X51: =N!J51 -> 0 | Y51: ='N-1'!J51 -> 0 | Z51: =+Y51-X51 -> 0 | AA51: =N!K51 -> 0 | AB51: ='N-1'!K51 -> 0 | AC51: =+AB51-AA51 -> 0 | AD51: =N!L51 -> 0 | AE51: ='N-1'!L51 -> 0 | AF51: =+AE51-AD51 -> 0 | AG51: =N!M51 -> 0 | AH51: ='N-1'!M51 -> 0 | AI51: =+AH51-AG51 -> 0 | AJ51: =N!N51 -> 0 | AK51: ='N-1'!N51 -> 0 | AL51: =+AK51-AJ51 -> 0
B52: RV Hébergement | C52: =N!C52 -> 0 | D52: ='N-1'!C52 -> 0 | E52: =D52-C52 -> 0 | F52: =N!D52 -> 0 | G52: ='N-1'!D52 -> 0 | H52: =+G52-F52 -> 0 | I52: =N!E52 -> 0 | J52: ='N-1'!E52 -> 0 | K52: =+J52-I52 -> 0 | L52: =N!F52 -> 0 | M52: ='N-1'!F52 -> 0 | N52: =+M52-L52 -> 0 | O52: =N!G52 -> 0 | P52: ='N-1'!G52 -> 0 | Q52: =+P52-O52 -> 0 | R52: =N!H52 -> 0 | S52: ='N-1'!H52 -> 0 | T52: =+S52-R52 -> 0 | U52: =N!I52 -> 0 | V52: ='N-1'!I52 -> 0 | W52: =+V52-U52 -> 0 | X52: =N!J52 -> 0 | Y52: ='N-1'!J52 -> 0 | Z52: =+Y52-X52 -> 0 | AA52: =N!K52 -> 0 | AB52: ='N-1'!K52 -> 0 | AC52: =+AB52-AA52 -> 0 | AD52: =N!L52 -> 0 | AE52: ='N-1'!L52 -> 0 | AF52: =+AE52-AD52 -> 0 | AG52: =N!M52 -> 0 | AH52: ='N-1'!M52 -> 0 | AI52: =+AH52-AG52 -> 0 | AJ52: =N!N52 -> 0 | AK52: ='N-1'!N52 -> 0 | AL52: =+AK52-AJ52 -> 0
B53: RV Restauration | C53: =N!C53 -> 0 | D53: ='N-1'!C53 -> 0 | E53: =D53-C53 -> 0 | F53: =N!D53 -> 0 | G53: ='N-1'!D53 -> 0 | H53: =+G53-F53 -> 0 | I53: =N!E53 -> 0 | J53: ='N-1'!E53 -> 0 | K53: =+J53-I53 -> 0 | L53: =N!F53 -> 0 | M53: ='N-1'!F53 -> 0 | N53: =+M53-L53 -> 0 | O53: =N!G53 -> 0 | P53: ='N-1'!G53 -> 0 | Q53: =+P53-O53 -> 0 | R53: =N!H53 -> 0 | S53: ='N-1'!H53 -> 0 | T53: =+S53-R53 -> 0 | U53: =N!I53 -> 0 | V53: ='N-1'!I53 -> 0 | W53: =+V53-U53 -> 0 | X53: =N!J53 -> 0 | Y53: ='N-1'!J53 -> 0 | Z53: =+Y53-X53 -> 0 | AA53: =N!K53 -> 0 | AB53: ='N-1'!K53 -> 0 | AC53: =+AB53-AA53 -> 0 | AD53: =N!L53 -> 0 | AE53: ='N-1'!L53 -> 0 | AF53: =+AE53-AD53 -> 0 | AG53: =N!M53 -> 0 | AH53: ='N-1'!M53 -> 0 | AI53: =+AH53-AG53 -> 0 | AJ53: =N!N53 -> 0 | AK53: ='N-1'!N53 -> 0 | AL53: =+AK53-AJ53 -> 0
B54: CS Admin Comm | C54: =N!C54 -> 0 | D54: ='N-1'!C54 -> 0 | E54: =D54-C54 -> 0 | F54: =N!D54 -> 0 | G54: ='N-1'!D54 -> 0 | H54: =+G54-F54 -> 0 | I54: =N!E54 -> 0 | J54: ='N-1'!E54 -> 0 | K54: =+J54-I54 -> 0 | L54: =N!F54 -> 0 | M54: ='N-1'!F54 -> 0 | N54: =+M54-L54 -> 0 | O54: =N!G54 -> 0 | P54: ='N-1'!G54 -> 0 | Q54: =+P54-O54 -> 0 | R54: =N!H54 -> 0 | S54: ='N-1'!H54 -> 0 | T54: =+S54-R54 -> 0 | U54: =N!I54 -> 0 | V54: ='N-1'!I54 -> 0 | W54: =+V54-U54 -> 0 | X54: =N!J54 -> 0 | Y54: ='N-1'!J54 -> 0 | Z54: =+Y54-X54 -> 0 | AA54: =N!K54 -> 0 | AB54: ='N-1'!K54 -> 0 | AC54: =+AB54-AA54 -> 0 | AD54: =N!L54 -> 0 | AE54: ='N-1'!L54 -> 0 | AF54: =+AE54-AD54 -> 0 | AG54: =N!M54 -> 0 | AH54: ='N-1'!M54 -> 0 | AI54: =+AH54-AG54 -> 0 | AJ54: =N!N54 -> 0 | AK54: ='N-1'!N54 -> 0 | AL54: =+AK54-AJ54 -> 0
A55: Cout formation | C55: =N!C55 -> 0 | D55: ='N-1'!C55 -> 0 | E55: =D55-C55 -> 0 | F55: =N!D55 -> 0 | G55: ='N-1'!D55 -> 0 | H55: =+G55-F55 -> 0 | I55: =N!E55 -> 0 | J55: ='N-1'!E55 -> 0 | K55: =+J55-I55 -> 0 | L55: =N!F55 -> 0 | M55: ='N-1'!F55 -> 0 | N55: =+M55-L55 -> 0 | O55: =N!G55 -> 0 | P55: ='N-1'!G55 -> 0 | Q55: =+P55-O55 -> 0 | R55: =N!H55 -> 0 | S55: ='N-1'!H55 -> 0 | T55: =+S55-R55 -> 0 | U55: =N!I55 -> 0 | V55: ='N-1'!I55 -> 0 | W55: =+V55-U55 -> 0 | X55: =N!J55 -> 0 | Y55: ='N-1'!J55 -> 0 | Z55: =+Y55-X55 -> 0 | AA55: =N!K55 -> 0 | AB55: ='N-1'!K55 -> 0 | AC55: =+AB55-AA55 -> 0 | AD55: =N!L55 -> 0 | AE55: ='N-1'!L55 -> 0 | AF55: =+AE55-AD55 -> 0 | AG55: =N!M55 -> 0 | AH55: ='N-1'!M55 -> 0 | AI55: =+AH55-AG55 -> 0 | AJ55: =N!N55 -> 0 | AK55: ='N-1'!N55 -> 0 | AL55: =+AK55-AJ55 -> 0
A56: Autres frais de personnel | C56: =N!C56 -> 0 | D56: ='N-1'!C56 -> 0 | E56: =D56-C56 -> 0 | F56: =N!D56 -> 0 | G56: ='N-1'!D56 -> 0 | H56: =+G56-F56 -> 0 | I56: =N!E56 -> 0 | J56: ='N-1'!E56 -> 0 | K56: =+J56-I56 -> 0 | L56: =N!F56 -> 0 | M56: ='N-1'!F56 -> 0 | N56: =+M56-L56 -> 0 | O56: =N!G56 -> 0 | P56: ='N-1'!G56 -> 0 | Q56: =+P56-O56 -> 0 | R56: =N!H56 -> 0 | S56: ='N-1'!H56 -> 0 | T56: =+S56-R56 -> 0 | U56: =N!I56 -> 0 | V56: ='N-1'!I56 -> 0 | W56: =+V56-U56 -> 0 | X56: =N!J56 -> 0 | Y56: ='N-1'!J56 -> 0 | Z56: =+Y56-X56 -> 0 | AA56: =N!K56 -> 0 | AB56: ='N-1'!K56 -> 0 | AC56: =+AB56-AA56 -> 0 | AD56: =N!L56 -> 0 | AE56: ='N-1'!L56 -> 0 | AF56: =+AE56-AD56 -> 0 | AG56: =N!M56 -> 0 | AH56: ='N-1'!M56 -> 0 | AI56: =+AH56-AG56 -> 0 | AJ56: =N!N56 -> 0 | AK56: ='N-1'!N56 -> 0 | AL56: =+AK56-AJ56 -> 0
A57: Impôts et taxes sur salaires | C57: =N!C57 -> 0 | D57: ='N-1'!C57 -> 0 | E57: =D57-C57 -> 0 | F57: =N!D57 -> 0 | G57: ='N-1'!D57 -> 0 | H57: =+G57-F57 -> 0 | I57: =N!E57 -> 0 | J57: ='N-1'!E57 -> 0 | K57: =+J57-I57 -> 0 | L57: =N!F57 -> 0 | M57: ='N-1'!F57 -> 0 | N57: =+M57-L57 -> 0 | O57: =N!G57 -> 0 | P57: ='N-1'!G57 -> 0 | Q57: =+P57-O57 -> 0 | R57: =N!H57 -> 0 | S57: ='N-1'!H57 -> 0 | T57: =+S57-R57 -> 0 | U57: =N!I57 -> 0 | V57: ='N-1'!I57 -> 0 | W57: =+V57-U57 -> 0 | X57: =N!J57 -> 0 | Y57: ='N-1'!J57 -> 0 | Z57: =+Y57-X57 -> 0 | AA57: =N!K57 -> 0 | AB57: ='N-1'!K57 -> 0 | AC57: =+AB57-AA57 -> 0 | AD57: =N!L57 -> 0 | AE57: ='N-1'!L57 -> 0 | AF57: =+AE57-AD57 -> 0 | AG57: =N!M57 -> 0 | AH57: ='N-1'!M57 -> 0 | AI57: =+AH57-AG57 -> 0 | AJ57: =N!N57 -> 0 | AK57: ='N-1'!N57 -> 0 | AL57: =+AK57-AJ57 -> 0
A58: Total Ressources Opérationnelles | C58: =+C35+C40+C45+C50+C55+C56+C57 -> 0 | D58: =+D35+D40+D45+D50+D55+D56+D57 -> 0 | E58: =+E35+E40+E45+E50+E55+E56+E57 -> 0 | F58: =+F35+F40+F45+F50+F55+F56+F57 -> 0 | G58: =+G35+G40+G45+G50+G55+G56+G57 -> 0 | H58: =+H35+H40+H45+H50+H55+H56+H57 -> 0 | I58: =+I35+I40+I45+I50+I55+I56+I57 -> 0 | J58: =+J35+J40+J45+J50+J55+J56+J57 -> 0 | ... AL58: =+AL35+AL40+AL45+AL50+AL55+AL56+AL57 -> 0
A60: Produits accueil et entretien | C60: =+C61+C64 -> 0 | D60: =+D61+D64 -> 0 | F60: =+F61+F64 -> 0 | G60: =+G61+G64 -> 0 | I60: =+I61+I64 -> 0 | J60: =+J61+J64 -> 0 | L60: =+L61+L64 -> 0 | M60: =+M61+M64 -> 0 | O60: =+O61+O64 -> 0 | P60: =+P61+P64 -> 0 | R60: =+R61+R64 -> 0 | S60: =+S61+S64 -> 0 | U60: =+U61+U64 -> 0 | V60: =+V61+V64 -> 0 | X60: =+X61+X64 -> 0 | Y60: =+Y61+Y64 -> 0 | AA60: =+AA61+AA64 -> 0 | AB60: =+AB61+AB64 -> 0 | AD60: =+AD61+AD64 -> 0 | AE60: =+AE61+AE64 -> 0 | AG60: =+AG61+AG64 -> 0 | AH60: =+AH61+AH64 -> 0 | AJ60: =+AJ61+AJ64 -> 0 | AK60: =+AK61+AK64 -> 0
A61: Blanchisserie | C61: =+C62+C63 -> 0 | D61: =+D62+D63 -> 0 | F61: =+F62+F63 -> 0 | G61: =+G62+G63 -> 0 | I61: =+I62+I63 -> 0 | J61: =+J62+J63 -> 0 | L61: =+L62+L63 -> 0 | M61: =+M62+M63 -> 0 | O61: =+O62+O63 -> 0 | P61: =+P62+P63 -> 0 | R61: =+R62+R63 -> 0 | S61: =+S62+S63 -> 0 | U61: =+U62+U63 -> 0 | V61: =+V62+V63 -> 0 | X61: =+X62+X63 -> 0 | Y61: =+Y62+Y63 -> 0 | AA61: =+AA62+AA63 -> 0 | AB61: =+AB62+AB63 -> 0 | AD61: =+AD62+AD63 -> 0 | AE61: =+AE62+AE63 -> 0 | AG61: =+AG62+AG63 -> 0 | AH61: =+AH62+AH63 -> 0 | AJ61: =+AJ62+AJ63 -> 0 | AK61: =+AK62+AK63 -> 0
B62: Hébergement | C62: =N!C62 -> 0 | D62: ='N-1'!C62 -> 0 | E62: =D62-C62 -> 0 | F62: =N!D62 -> 0 | G62: ='N-1'!D62 -> 0 | H62: =+G62-F62 -> 0 | I62: =N!E62 -> 0 | J62: ='N-1'!E62 -> 0 | K62: =+J62-I62 -> 0 | L62: =N!F62 -> 0 | M62: ='N-1'!F62 -> 0 | N62: =+M62-L62 -> 0 | O62: =N!G62 -> 0 | P62: ='N-1'!G62 -> 0 | Q62: =+P62-O62 -> 0 | R62: =N!H62 -> 0 | S62: ='N-1'!H62 -> 0 | T62: =+S62-R62 -> 0 | U62: =N!I62 -> 0 | V62: ='N-1'!I62 -> 0 | W62: =+V62-U62 -> 0 | X62: =N!J62 -> 0 | Y62: ='N-1'!J62 -> 0 | Z62: =+Y62-X62 -> 0 | AA62: =N!K62 -> 0 | AB62: ='N-1'!K62 -> 0 | AC62: =+AB62-AA62 -> 0 | AD62: =N!L62 -> 0 | AE62: ='N-1'!L62 -> 0 | AF62: =+AE62-AD62 -> 0 | AG62: =N!M62 -> 0 | AH62: ='N-1'!M62 -> 0 | AI62: =+AH62-AG62 -> 0 | AJ62: =N!N62 -> 0 | AK62: ='N-1'!N62 -> 0 | AL62: =+AK62-AJ62 -> 0
B63: Restauration | C63: =N!C63 -> 0 | D63: ='N-1'!C63 -> 0 | E63: =D63-C63 -> 0 | F63: =N!D63 -> 0 | G63: ='N-1'!D63 -> 0 | H63: =+G63-F63 -> 0 | I63: =N!E63 -> 0 | J63: ='N-1'!E63 -> 0 | K63: =+J63-I63 -> 0 | L63: =N!F63 -> 0 | M63: ='N-1'!F63 -> 0 | N63: =+M63-L63 -> 0 | O63: =N!G63 -> 0 | P63: ='N-1'!G63 -> 0 | Q63: =+P63-O63 -> 0 | R63: =N!H63 -> 0 | S63: ='N-1'!H63 -> 0 | T63: =+S63-R63 -> 0 | U63: =N!I63 -> 0 | V63: ='N-1'!I63 -> 0 | W63: =+V63-U63 -> 0 | X63: =N!J63 -> 0 | Y63: ='N-1'!J63 -> 0 | Z63: =+Y63-X63 -> 0 | AA63: =N!K63 -> 0 | AB63: ='N-1'!K63 -> 0 | AC63: =+AB63-AA63 -> 0 | AD63: =N!L63 -> 0 | AE63: ='N-1'!L63 -> 0 | AF63: =+AE63-AD63 -> 0 | AG63: =N!M63 -> 0 | AH63: ='N-1'!M63 -> 0 | AI63: =+AH63-AG63 -> 0 | AJ63: =N!N63 -> 0 | AK63: ='N-1'!N63 -> 0 | AL63: =+AK63-AJ63 -> 0
A64: Pdts accueil et entretien Hebergement | C64: =N!C64 -> 0 | D64: ='N-1'!C64 -> 0 | E64: =D64-C64 -> 0 | F64: =N!D64 -> 0 | G64: ='N-1'!D64 -> 0 | H64: =+G64-F64 -> 0 | I64: =N!E64 -> 0 | J64: ='N-1'!E64 -> 0 | K64: =+J64-I64 -> 0 | L64: =N!F64 -> 0 | M64: ='N-1'!F64 -> 0 | N64: =+M64-L64 -> 0 | O64: =N!G64 -> 0 | P64: ='N-1'!G64 -> 0 | Q64: =+P64-O64 -> 0 | R64: =N!H64 -> 0 | S64: ='N-1'!H64 -> 0 | T64: =+S64-R64 -> 0 | U64: =N!I64 -> 0 | V64: ='N-1'!I64 -> 0 | W64: =+V64-U64 -> 0 | X64: =N!J64 -> 0 | Y64: ='N-1'!J64 -> 0 | Z64: =+Y64-X64 -> 0 | AA64: =N!K64 -> 0 | AB64: ='N-1'!K64 -> 0 | AC64: =+AB64-AA64 -> 0 | AD64: =N!L64 -> 0 | AE64: ='N-1'!L64 -> 0 | AF64: =+AE64-AD64 -> 0 | AG64: =N!M64 -> 0 | AH64: ='N-1'!M64 -> 0 | AI64: =+AH64-AG64 -> 0 | AJ64: =N!N64 -> 0 | AK64: ='N-1'!N64 -> 0 | AL64: =+AK64-AJ64 -> 0
A65: Matériel et Fournitures Exploitation | C65: =+C66+C67+C68 -> 0 | D65: =+D66+D67+D68 -> 0 | E65: =+E66+E67+E68 -> 0 | F65: =+F66+F67+F68 -> 0 | G65: =+G66+G67+G68 -> 0 | H65: =+H66+H67+H68 -> 0 | I65: =+I66+I67+I68 -> 0 | J65: =+J66+J67+J68 -> 0 | ... AL65: =+AL66+AL67+AL68 -> 0
A66: [Petit matériel et Fournitures Exploi | C66: =N!C66 -> 0 | D66: ='N-1'!C66 -> 0 | E66: =D66-C66 -> 0 | F66: =N!D66 -> 0 | G66: ='N-1'!D66 -> 0 | H66: =+G66-F66 -> 0 | I66: =N!E66 -> 0 | J66: ='N-1'!E66 -> 0 | K66: =+J66-I66 -> 0 | L66: =N!F66 -> 0 | M66: ='N-1'!F66 -> 0 | N66: =+M66-L66 -> 0 | O66: =N!G66 -> 0 | P66: ='N-1'!G66 -> 0 | Q66: =+P66-O66 -> 0 | R66: =N!H66 -> 0 | S66: ='N-1'!H66 -> 0 | T66: =+S66-R66 -> 0 | U66: =N!I66 -> 0 | V66: ='N-1'!I66 -> 0 | W66: =+V66-U66 -> 0 | X66: =N!J66 -> 0 | Y66: ='N-1'!J66 -> 0 | Z66: =+Y66-X66 -> 0 | AA66: =N!K66 -> 0 | AB66: ='N-1'!K66 -> 0 | AC66: =+AB66-AA66 -> 0 | AD66: =N!L66 -> 0 | AE66: ='N-1'!L66 -> 0 | AF66: =+AE66-AD66 -> 0 | AG66: =N!M66 -> 0 | AH66: ='N-1'!M66 -> 0 | AI66: =+AH66-AG66 -> 0 | AJ66: =N!N66 -> 0 | AK66: ='N-1'!N66 -> 0 | AL66: =+AK66-AJ66 -> 0
A67: [Vaisselles et Ustensiles | C67: =N!C67 -> 0 | D67: ='N-1'!C67 -> 0 | E67: =D67-C67 -> 0 | F67: =N!D67 -> 0 | G67: ='N-1'!D67 -> 0 | H67: =+G67-F67 -> 0 | I67: =N!E67 -> 0 | J67: ='N-1'!E67 -> 0 | K67: =+J67-I67 -> 0 | L67: =N!F67 -> 0 | M67: ='N-1'!F67 -> 0 | N67: =+M67-L67 -> 0 | O67: =N!G67 -> 0 | P67: ='N-1'!G67 -> 0 | Q67: =+P67-O67 -> 0 | R67: =N!H67 -> 0 | S67: ='N-1'!H67 -> 0 | T67: =+S67-R67 -> 0 | U67: =N!I67 -> 0 | V67: ='N-1'!I67 -> 0 | W67: =+V67-U67 -> 0 | X67: =N!J67 -> 0 | Y67: ='N-1'!J67 -> 0 | Z67: =+Y67-X67 -> 0 | AA67: =N!K67 -> 0 | AB67: ='N-1'!K67 -> 0 | AC67: =+AB67-AA67 -> 0 | AD67: =N!L67 -> 0 | AE67: ='N-1'!L67 -> 0 | AF67: =+AE67-AD67 -> 0 | AG67: =N!M67 -> 0 | AH67: ='N-1'!M67 -> 0 | AI67: =+AH67-AG67 -> 0 | AJ67: =N!N67 -> 0 | AK67: ='N-1'!N67 -> 0 | AL67: =+AK67-AJ67 -> 0
A68: [Linge | C68: =N!C68 -> 0 | D68: ='N-1'!C68 -> 0 | E68: =D68-C68 -> 0 | F68: =N!D68 -> 0 | G68: ='N-1'!D68 -> 0 | H68: =+G68-F68 -> 0 | I68: =N!E68 -> 0 | J68: ='N-1'!E68 -> 0 | K68: =+J68-I68 -> 0 | L68: =N!F68 -> 0 | M68: ='N-1'!F68 -> 0 | N68: =+M68-L68 -> 0 | O68: =N!G68 -> 0 | P68: ='N-1'!G68 -> 0 | Q68: =+P68-O68 -> 0 | R68: =N!H68 -> 0 | S68: ='N-1'!H68 -> 0 | T68: =+S68-R68 -> 0 | U68: =N!I68 -> 0 | V68: ='N-1'!I68 -> 0 | W68: =+V68-U68 -> 0 | X68: =N!J68 -> 0 | Y68: ='N-1'!J68 -> 0 | Z68: =+Y68-X68 -> 0 | AA68: =N!K68 -> 0 | AB68: ='N-1'!K68 -> 0 | AC68: =+AB68-AA68 -> 0 | AD68: =N!L68 -> 0 | AE68: ='N-1'!L68 -> 0 | AF68: =+AE68-AD68 -> 0 | AG68: =N!M68 -> 0 | AH68: ='N-1'!M68 -> 0 | AI68: =+AH68-AG68 -> 0 | AJ68: =N!N68 -> 0 | AK68: ='N-1'!N68 -> 0 | AL68: =+AK68-AJ68 -> 0
A69: Uniformes | C69: =N!C69 -> 0 | D69: ='N-1'!C69 -> 0 | E69: =D69-C69 -> 0 | F69: =N!D69 -> 0 | G69: ='N-1'!D69 -> 0 | H69: =+G69-F69 -> 0 | I69: =N!E69 -> 0 | J69: ='N-1'!E69 -> 0 | K69: =+J69-I69 -> 0 | L69: =N!F69 -> 0 | M69: ='N-1'!F69 -> 0 | N69: =+M69-L69 -> 0 | O69: =N!G69 -> 0 | P69: ='N-1'!G69 -> 0 | Q69: =+P69-O69 -> 0 | R69: =N!H69 -> 0 | S69: ='N-1'!H69 -> 0 | T69: =+S69-R69 -> 0 | U69: =N!I69 -> 0 | V69: ='N-1'!I69 -> 0 | W69: =+V69-U69 -> 0 | X69: =N!J69 -> 0 | Y69: ='N-1'!J69 -> 0 | Z69: =+Y69-X69 -> 0 | AA69: =N!K69 -> 0 | AB69: ='N-1'!K69 -> 0 | AC69: =+AB69-AA69 -> 0 | AD69: =N!L69 -> 0 | AE69: ='N-1'!L69 -> 0 | AF69: =+AE69-AD69 -> 0 | AG69: =N!M69 -> 0 | AH69: ='N-1'!M69 -> 0 | AI69: =+AH69-AG69 -> 0 | AJ69: =N!N69 -> 0 | AK69: ='N-1'!N69 -> 0 | AL69: =+AK69-AJ69 -> 0
A70: Informatique | C70: =N!C70 -> 0 | D70: ='N-1'!C70 -> 0 | E70: =D70-C70 -> 0 | F70: =N!D70 -> 0 | G70: ='N-1'!D70 -> 0 | H70: =+G70-F70 -> 0 | I70: =N!E70 -> 0 | J70: ='N-1'!E70 -> 0 | K70: =+J70-I70 -> 0 | L70: =N!F70 -> 0 | M70: ='N-1'!F70 -> 0 | N70: =+M70-L70 -> 0 | O70: =N!G70 -> 0 | P70: ='N-1'!G70 -> 0 | Q70: =+P70-O70 -> 0 | R70: =N!H70 -> 0 | S70: ='N-1'!H70 -> 0 | T70: =+S70-R70 -> 0 | U70: =N!I70 -> 0 | V70: ='N-1'!I70 -> 0 | W70: =+V70-U70 -> 0 | X70: =N!J70 -> 0 | Y70: ='N-1'!J70 -> 0 | Z70: =+Y70-X70 -> 0 | AA70: =N!K70 -> 0 | AB70: ='N-1'!K70 -> 0 | AC70: =+AB70-AA70 -> 0 | AD70: =N!L70 -> 0 | AE70: ='N-1'!L70 -> 0 | AF70: =+AE70-AD70 -> 0 | AG70: =N!M70 -> 0 | AH70: ='N-1'!M70 -> 0 | AI70: =+AH70-AG70 -> 0 | AJ70: =N!N70 -> 0 | AK70: ='N-1'!N70 -> 0 | AL70: =+AK70-AJ70 -> 0
A71: Décoration/Animation | C71: =+C72+C73 -> 0 | D71: =+D72+D73 -> 0 | E71: =+E72+E73 -> 0 | F71: =+F72+F73 -> 0 | G71: =+G72+G73 -> 0 | H71: =+H72+H73 -> 0 | I71: =+I72+I73 -> 0 | J71: =+J72+J73 -> 0 | ... AL71: =+AL72+AL73 -> 0
A72: [Fleurs/plantes | C72: =N!C72 -> 0 | D72: ='N-1'!C72 -> 0 | E72: =D72-C72 -> 0 | F72: =N!D72 -> 0 | G72: ='N-1'!D72 -> 0 | H72: =+G72-F72 -> 0 | I72: =N!E72 -> 0 | J72: ='N-1'!E72 -> 0 | K72: =+J72-I72 -> 0 | L72: =N!F72 -> 0 | M72: ='N-1'!F72 -> 0 | N72: =+M72-L72 -> 0 | O72: =N!G72 -> 0 | P72: ='N-1'!G72 -> 0 | Q72: =+P72-O72 -> 0 | R72: =N!H72 -> 0 | S72: ='N-1'!H72 -> 0 | T72: =+S72-R72 -> 0 | U72: =N!I72 -> 0 | V72: ='N-1'!I72 -> 0 | W72: =+V72-U72 -> 0 | X72: =N!J72 -> 0 | Y72: ='N-1'!J72 -> 0 | Z72: =+Y72-X72 -> 0 | AA72: =N!K72 -> 0 | AB72: ='N-1'!K72 -> 0 | AC72: =+AB72-AA72 -> 0 | AD72: =N!L72 -> 0 | AE72: ='N-1'!L72 -> 0 | AF72: =+AE72-AD72 -> 0 | AG72: =N!M72 -> 0 | AH72: ='N-1'!M72 -> 0 | AI72: =+AH72-AG72 -> 0 | AJ72: =N!N72 -> 0 | AK72: ='N-1'!N72 -> 0 | AL72: =+AK72-AJ72 -> 0
A73: [Contrat décoration - espace vert | C73: =N!C73 -> 0 | D73: ='N-1'!C73 -> 0 | E73: =D73-C73 -> 0 | F73: =N!D73 -> 0 | G73: ='N-1'!D73 -> 0 | H73: =+G73-F73 -> 0 | I73: =N!E73 -> 0 | J73: ='N-1'!E73 -> 0 | K73: =+J73-I73 -> 0 | L73: =N!F73 -> 0 | M73: ='N-1'!F73 -> 0 | N73: =+M73-L73 -> 0 | O73: =N!G73 -> 0 | P73: ='N-1'!G73 -> 0 | Q73: =+P73-O73 -> 0 | R73: =N!H73 -> 0 | S73: ='N-1'!H73 -> 0 | T73: =+S73-R73 -> 0 | U73: =N!I73 -> 0 | V73: ='N-1'!I73 -> 0 | W73: =+V73-U73 -> 0 | X73: =N!J73 -> 0 | Y73: ='N-1'!J73 -> 0 | Z73: =+Y73-X73 -> 0 | AA73: =N!K73 -> 0 | AB73: ='N-1'!K73 -> 0 | AC73: =+AB73-AA73 -> 0 | AD73: =N!L73 -> 0 | AE73: ='N-1'!L73 -> 0 | AF73: =+AE73-AD73 -> 0 | AG73: =N!M73 -> 0 | AH73: ='N-1'!M73 -> 0 | AI73: =+AH73-AG73 -> 0 | AJ73: =N!N73 -> 0 | AK73: ='N-1'!N73 -> 0 | AL73: =+AK73-AJ73 -> 0
A74: Télévision et Technologie | C74: =+C75+C76 -> 0 | D74: =+D75+D76 -> 0 | E74: =+E75+E76 -> 0 | F74: =+F75+F76 -> 0 | G74: =+G75+G76 -> 0 | H74: =+H75+H76 -> 0 | I74: =+I75+I76 -> 0 | J74: =+J75+J76 -> 0 | ... AL74: =+AL75+AL76 -> 0
A75: [Abonnement CANAL + | C75: =N!C75 -> 0 | D75: ='N-1'!C75 -> 0 | E75: =D75-C75 -> 0 | F75: =N!D75 -> 0 | G75: ='N-1'!D75 -> 0 | H75: =+G75-F75 -> 0 | I75: =N!E75 -> 0 | J75: ='N-1'!E75 -> 0 | K75: =+J75-I75 -> 0 | L75: =N!F75 -> 0 | M75: ='N-1'!F75 -> 0 | N75: =+M75-L75 -> 0 | O75: =N!G75 -> 0 | P75: ='N-1'!G75 -> 0 | Q75: =+P75-O75 -> 0 | R75: =N!H75 -> 0 | S75: ='N-1'!H75 -> 0 | T75: =+S75-R75 -> 0 | U75: =N!I75 -> 0 | V75: ='N-1'!I75 -> 0 | W75: =+V75-U75 -> 0 | X75: =N!J75 -> 0 | Y75: ='N-1'!J75 -> 0 | Z75: =+Y75-X75 -> 0 | AA75: =N!K75 -> 0 | AB75: ='N-1'!K75 -> 0 | AC75: =+AB75-AA75 -> 0 | AD75: =N!L75 -> 0 | AE75: ='N-1'!L75 -> 0 | AF75: =+AE75-AD75 -> 0 | AG75: =N!M75 -> 0 | AH75: ='N-1'!M75 -> 0 | AI75: =+AH75-AG75 -> 0 | AJ75: =N!N75 -> 0 | AK75: ='N-1'!N75 -> 0 | AL75: =+AK75-AJ75 -> 0
A76: [Taxe Audiovisuelle / SACEM | C76: =N!C76 -> 0 | D76: ='N-1'!C76 -> 0 | E76: =D76-C76 -> 0 | F76: =N!D76 -> 0 | G76: ='N-1'!D76 -> 0 | H76: =+G76-F76 -> 0 | I76: =N!E76 -> 0 | J76: ='N-1'!E76 -> 0 | K76: =+J76-I76 -> 0 | L76: =N!F76 -> 0 | M76: ='N-1'!F76 -> 0 | N76: =+M76-L76 -> 0 | O76: =N!G76 -> 0 | P76: ='N-1'!G76 -> 0 | Q76: =+P76-O76 -> 0 | R76: =N!H76 -> 0 | S76: ='N-1'!H76 -> 0 | T76: =+S76-R76 -> 0 | U76: =N!I76 -> 0 | V76: ='N-1'!I76 -> 0 | W76: =+V76-U76 -> 0 | X76: =N!J76 -> 0 | Y76: ='N-1'!J76 -> 0 | Z76: =+Y76-X76 -> 0 | AA76: =N!K76 -> 0 | AB76: ='N-1'!K76 -> 0 | AC76: =+AB76-AA76 -> 0 | AD76: =N!L76 -> 0 | AE76: ='N-1'!L76 -> 0 | AF76: =+AE76-AD76 -> 0 | AG76: =N!M76 -> 0 | AH76: ='N-1'!M76 -> 0 | AI76: =+AH76-AG76 -> 0 | AJ76: =N!N76 -> 0 | AK76: ='N-1'!N76 -> 0 | AL76: =+AK76-AJ76 -> 0
A77: Location Matériel et Mobilier | C77: =N!C77 -> 0 | D77: ='N-1'!C77 -> 0 | E77: =D77-C77 -> 0 | F77: =N!D77 -> 0 | G77: ='N-1'!D77 -> 0 | H77: =+G77-F77 -> 0 | I77: =N!E77 -> 0 | J77: ='N-1'!E77 -> 0 | K77: =+J77-I77 -> 0 | L77: =N!F77 -> 0 | M77: ='N-1'!F77 -> 0 | N77: =+M77-L77 -> 0 | O77: =N!G77 -> 0 | P77: ='N-1'!G77 -> 0 | Q77: =+P77-O77 -> 0 | R77: =N!H77 -> 0 | S77: ='N-1'!H77 -> 0 | T77: =+S77-R77 -> 0 | U77: =N!I77 -> 0 | V77: ='N-1'!I77 -> 0 | W77: =+V77-U77 -> 0 | X77: =N!J77 -> 0 | Y77: ='N-1'!J77 -> 0 | Z77: =+Y77-X77 -> 0 | AA77: =N!K77 -> 0 | AB77: ='N-1'!K77 -> 0 | AC77: =+AB77-AA77 -> 0 | AD77: =N!L77 -> 0 | AE77: ='N-1'!L77 -> 0 | AF77: =+AE77-AD77 -> 0 | AG77: =N!M77 -> 0 | AH77: ='N-1'!M77 -> 0 | AI77: =+AH77-AG77 -> 0 | AJ77: =N!N77 -> 0 | AK77: ='N-1'!N77 -> 0 | AL77: =+AK77-AJ77 -> 0
A78: Matériel Technique et outillages | C78: =N!C78 -> 0 | D78: ='N-1'!C78 -> 0 | E78: =D78-C78 -> 0 | F78: =N!D78 -> 0 | G78: ='N-1'!D78 -> 0 | H78: =+G78-F78 -> 0 | I78: =N!E78 -> 0 | J78: ='N-1'!E78 -> 0 | K78: =+J78-I78 -> 0 | L78: =N!F78 -> 0 | M78: ='N-1'!F78 -> 0 | N78: =+M78-L78 -> 0 | O78: =N!G78 -> 0 | P78: ='N-1'!G78 -> 0 | Q78: =+P78-O78 -> 0 | R78: =N!H78 -> 0 | S78: ='N-1'!H78 -> 0 | T78: =+S78-R78 -> 0 | U78: =N!I78 -> 0 | V78: ='N-1'!I78 -> 0 | W78: =+V78-U78 -> 0 | X78: =N!J78 -> 0 | Y78: ='N-1'!J78 -> 0 | Z78: =+Y78-X78 -> 0 | AA78: =N!K78 -> 0 | AB78: ='N-1'!K78 -> 0 | AC78: =+AB78-AA78 -> 0 | AD78: =N!L78 -> 0 | AE78: ='N-1'!L78 -> 0 | AF78: =+AE78-AD78 -> 0 | AG78: =N!M78 -> 0 | AH78: ='N-1'!M78 -> 0 | AI78: =+AH78-AG78 -> 0 | AJ78: =N!N78 -> 0 | AK78: ='N-1'!N78 -> 0 | AL78: =+AK78-AJ78 -> 0
A79: Entretien Mobilier et immobilier | C79: =N!C79 -> 0 | D79: ='N-1'!C79 -> 0 | E79: =D79-C79 -> 0 | F79: =N!D79 -> 0 | G79: ='N-1'!D79 -> 0 | H79: =+G79-F79 -> 0 | I79: =N!E79 -> 0 | J79: ='N-1'!E79 -> 0 | K79: =+J79-I79 -> 0 | L79: =N!F79 -> 0 | M79: ='N-1'!F79 -> 0 | N79: =+M79-L79 -> 0 | O79: =N!G79 -> 0 | P79: ='N-1'!G79 -> 0 | Q79: =+P79-O79 -> 0 | R79: =N!H79 -> 0 | S79: ='N-1'!H79 -> 0 | T79: =+S79-R79 -> 0 | U79: =N!I79 -> 0 | V79: ='N-1'!I79 -> 0 | W79: =+V79-U79 -> 0 | X79: =N!J79 -> 0 | Y79: ='N-1'!J79 -> 0 | Z79: =+Y79-X79 -> 0 | AA79: =N!K79 -> 0 | AB79: ='N-1'!K79 -> 0 | AC79: =+AB79-AA79 -> 0 | AD79: =N!L79 -> 0 | AE79: ='N-1'!L79 -> 0 | AF79: =+AE79-AD79 -> 0 | AG79: =N!M79 -> 0 | AH79: ='N-1'!M79 -> 0 | AI79: =+AH79-AG79 -> 0 | AJ79: =N!N79 -> 0 | AK79: ='N-1'!N79 -> 0 | AL79: =+AK79-AJ79 -> 0
A80: Contrat entretien COFELY | C80: =N!C80 -> 0 | D80: ='N-1'!C80 -> 0 | E80: =D80-C80 -> 0 | F80: =N!D80 -> 0 | G80: ='N-1'!D80 -> 0 | H80: =+G80-F80 -> 0 | I80: =N!E80 -> 0 | J80: ='N-1'!E80 -> 0 | K80: =+J80-I80 -> 0 | L80: =N!F80 -> 0 | M80: ='N-1'!F80 -> 0 | N80: =+M80-L80 -> 0 | O80: =N!G80 -> 0 | P80: ='N-1'!G80 -> 0 | Q80: =+P80-O80 -> 0 | R80: =N!H80 -> 0 | S80: ='N-1'!H80 -> 0 | T80: =+S80-R80 -> 0 | U80: =N!I80 -> 0 | V80: ='N-1'!I80 -> 0 | W80: =+V80-U80 -> 0 | X80: =N!J80 -> 0 | Y80: ='N-1'!J80 -> 0 | Z80: =+Y80-X80 -> 0 | AA80: =N!K80 -> 0 | AB80: ='N-1'!K80 -> 0 | AC80: =+AB80-AA80 -> 0 | AD80: =N!L80 -> 0 | AE80: ='N-1'!L80 -> 0 | AF80: =+AE80-AD80 -> 0 | AG80: =N!M80 -> 0 | AH80: ='N-1'!M80 -> 0 | AI80: =+AH80-AG80 -> 0 | AJ80: =N!N80 -> 0 | AK80: ='N-1'!N80 -> 0 | AL80: =+AK80-AJ80 -> 0
A81: TOTAL ENERGIES | C81: =+C82+C83+C84 -> 0 | D81: =+D82+D83+D84 -> 0 | E81: =+E82+E83+E84 -> 0 | F81: =+F82+F83+F84 -> 0 | G81: =+G82+G83+G84 -> 0 | H81: =+H82+H83+H84 -> 0 | I81: =+I82+I83+I84 -> 0 | J81: =+J82+J83+J84 -> 0 | ... AL81: =+AL82+AL83+AL84 -> 0
A82: Electricité | C82: =N!C82 -> 0 | D82: ='N-1'!C82 -> 0 | E82: =D82-C82 -> 0 | F82: =N!D82 -> 0 | G82: ='N-1'!D82 -> 0 | H82: =+G82-F82 -> 0 | I82: =N!E82 -> 0 | J82: ='N-1'!E82 -> 0 | K82: =+J82-I82 -> 0 | L82: =N!F82 -> 0 | M82: ='N-1'!F82 -> 0 | N82: =+M82-L82 -> 0 | O82: =N!G82 -> 0 | P82: ='N-1'!G82 -> 0 | Q82: =+P82-O82 -> 0 | R82: =N!H82 -> 0 | S82: ='N-1'!H82 -> 0 | T82: =+S82-R82 -> 0 | U82: =N!I82 -> 0 | V82: ='N-1'!I82 -> 0 | W82: =+V82-U82 -> 0 | X82: =N!J82 -> 0 | Y82: ='N-1'!J82 -> 0 | Z82: =+Y82-X82 -> 0 | AA82: =N!K82 -> 0 | AB82: ='N-1'!K82 -> 0 | AC82: =+AB82-AA82 -> 0 | AD82: =N!L82 -> 0 | AE82: ='N-1'!L82 -> 0 | AF82: =+AE82-AD82 -> 0 | AG82: =N!M82 -> 0 | AH82: ='N-1'!M82 -> 0 | AI82: =+AH82-AG82 -> 0 | AJ82: =N!N82 -> 0 | AK82: ='N-1'!N82 -> 0 | AL82: =+AK82-AJ82 -> 0
A83: Gaz | C83: =N!C83 -> 0 | D83: ='N-1'!C83 -> 0 | E83: =D83-C83 -> 0 | F83: =N!D83 -> 0 | G83: ='N-1'!D83 -> 0 | H83: =+G83-F83 -> 0 | I83: =N!E83 -> 0 | J83: ='N-1'!E83 -> 0 | K83: =+J83-I83 -> 0 | L83: =N!F83 -> 0 | M83: ='N-1'!F83 -> 0 | N83: =+M83-L83 -> 0 | O83: =N!G83 -> 0 | P83: ='N-1'!G83 -> 0 | Q83: =+P83-O83 -> 0 | R83: =N!H83 -> 0 | S83: ='N-1'!H83 -> 0 | T83: =+S83-R83 -> 0 | U83: =N!I83 -> 0 | V83: ='N-1'!I83 -> 0 | W83: =+V83-U83 -> 0 | X83: =N!J83 -> 0 | Y83: ='N-1'!J83 -> 0 | Z83: =+Y83-X83 -> 0 | AA83: =N!K83 -> 0 | AB83: ='N-1'!K83 -> 0 | AC83: =+AB83-AA83 -> 0 | AD83: =N!L83 -> 0 | AE83: ='N-1'!L83 -> 0 | AF83: =+AE83-AD83 -> 0 | AG83: =N!M83 -> 0 | AH83: ='N-1'!M83 -> 0 | AI83: =+AH83-AG83 -> 0 | AJ83: =N!N83 -> 0 | AK83: ='N-1'!N83 -> 0 | AL83: =+AK83-AJ83 -> 0
A84: Eau | C84: =N!C84 -> 0 | D84: ='N-1'!C84 -> 0 | E84: =D84-C84 -> 0 | F84: =N!D84 -> 0 | G84: ='N-1'!D84 -> 0 | H84: =+G84-F84 -> 0 | I84: =N!E84 -> 0 | J84: ='N-1'!E84 -> 0 | K84: =+J84-I84 -> 0 | L84: =N!F84 -> 0 | M84: ='N-1'!F84 -> 0 | N84: =+M84-L84 -> 0 | O84: =N!G84 -> 0 | P84: ='N-1'!G84 -> 0 | Q84: =+P84-O84 -> 0 | R84: =N!H84 -> 0 | S84: ='N-1'!H84 -> 0 | T84: =+S84-R84 -> 0 | U84: =N!I84 -> 0 | V84: ='N-1'!I84 -> 0 | W84: =+V84-U84 -> 0 | X84: =N!J84 -> 0 | Y84: ='N-1'!J84 -> 0 | Z84: =+Y84-X84 -> 0 | AA84: =N!K84 -> 0 | AB84: ='N-1'!K84 -> 0 | AC84: =+AB84-AA84 -> 0 | AD84: =N!L84 -> 0 | AE84: ='N-1'!L84 -> 0 | AF84: =+AE84-AD84 -> 0 | AG84: =N!M84 -> 0 | AH84: ='N-1'!M84 -> 0 | AI84: =+AH84-AG84 -> 0 | AJ84: =N!N84 -> 0 | AK84: ='N-1'!N84 -> 0 | AL84: =+AK84-AJ84 -> 0
A85: Publicité | C85: =N!C85 -> 0 | D85: ='N-1'!C85 -> 0 | E85: =D85-C85 -> 0 | F85: =N!D85 -> 0 | G85: ='N-1'!D85 -> 0 | H85: =+G85-F85 -> 0 | I85: =N!E85 -> 0 | J85: ='N-1'!E85 -> 0 | K85: =+J85-I85 -> 0 | L85: =N!F85 -> 0 | M85: ='N-1'!F85 -> 0 | N85: =+M85-L85 -> 0 | O85: =N!G85 -> 0 | P85: ='N-1'!G85 -> 0 | Q85: =+P85-O85 -> 0 | R85: =N!H85 -> 0 | S85: ='N-1'!H85 -> 0 | T85: =+S85-R85 -> 0 | U85: =N!I85 -> 0 | V85: ='N-1'!I85 -> 0 | W85: =+V85-U85 -> 0 | X85: =N!J85 -> 0 | Y85: ='N-1'!J85 -> 0 | Z85: =+Y85-X85 -> 0 | AA85: =N!K85 -> 0 | AB85: ='N-1'!K85 -> 0 | AC85: =+AB85-AA85 -> 0 | AD85: =N!L85 -> 0 | AE85: ='N-1'!L85 -> 0 | AF85: =+AE85-AD85 -> 0 | AG85: =N!M85 -> 0 | AH85: ='N-1'!M85 -> 0 | AI85: =+AH85-AG85 -> 0 | AJ85: =N!N85 -> 0 | AK85: ='N-1'!N85 -> 0 | AL85: =+AK85-AJ85 -> 0
A86: Frais de déplacement | C86: =N!C86 -> 0 | D86: ='N-1'!C86 -> 0 | E86: =D86-C86 -> 0 | F86: =N!D86 -> 0 | G86: ='N-1'!D86 -> 0 | H86: =+G86-F86 -> 0 | I86: =N!E86 -> 0 | J86: ='N-1'!E86 -> 0 | K86: =+J86-I86 -> 0 | L86: =N!F86 -> 0 | M86: ='N-1'!F86 -> 0 | N86: =+M86-L86 -> 0 | O86: =N!G86 -> 0 | P86: ='N-1'!G86 -> 0 | Q86: =+P86-O86 -> 0 | R86: =N!H86 -> 0 | S86: ='N-1'!H86 -> 0 | T86: =+S86-R86 -> 0 | U86: =N!I86 -> 0 | V86: ='N-1'!I86 -> 0 | W86: =+V86-U86 -> 0 | X86: =N!J86 -> 0 | Y86: ='N-1'!J86 -> 0 | Z86: =+Y86-X86 -> 0 | AA86: =N!K86 -> 0 | AB86: ='N-1'!K86 -> 0 | AC86: =+AB86-AA86 -> 0 | AD86: =N!L86 -> 0 | AE86: ='N-1'!L86 -> 0 | AF86: =+AE86-AD86 -> 0 | AG86: =N!M86 -> 0 | AH86: ='N-1'!M86 -> 0 | AI86: =+AH86-AG86 -> 0 | AJ86: =N!N86 -> 0 | AK86: ='N-1'!N86 -> 0 | AL86: =+AK86-AJ86 -> 0
A87: Fournitures et Services Administratifs | C87: =N!C87 -> 0 | D87: ='N-1'!C87 -> 0 | E87: =D87-C87 -> 0 | F87: =N!D87 -> 0 | G87: ='N-1'!D87 -> 0 | H87: =+G87-F87 -> 0 | I87: =N!E87 -> 0 | J87: ='N-1'!E87 -> 0 | K87: =+J87-I87 -> 0 | L87: =N!F87 -> 0 | M87: ='N-1'!F87 -> 0 | N87: =+M87-L87 -> 0 | O87: =N!G87 -> 0 | P87: ='N-1'!G87 -> 0 | Q87: =+P87-O87 -> 0 | R87: =N!H87 -> 0 | S87: ='N-1'!H87 -> 0 | T87: =+S87-R87 -> 0 | U87: =N!I87 -> 0 | V87: ='N-1'!I87 -> 0 | W87: =+V87-U87 -> 0 | X87: =N!J87 -> 0 | Y87: ='N-1'!J87 -> 0 | Z87: =+Y87-X87 -> 0 | AA87: =N!K87 -> 0 | AB87: ='N-1'!K87 -> 0 | AC87: =+AB87-AA87 -> 0 | AD87: =N!L87 -> 0 | AE87: ='N-1'!L87 -> 0 | AF87: =+AE87-AD87 -> 0 | AG87: =N!M87 -> 0 | AH87: ='N-1'!M87 -> 0 | AI87: =+AH87-AG87 -> 0 | AJ87: =N!N87 -> 0 | AK87: ='N-1'!N87 -> 0 | AL87: =+AK87-AJ87 -> 0
A88: Télécom / Affranchissement | C88: =N!C88 -> 0 | D88: ='N-1'!C88 -> 0 | E88: =D88-C88 -> 0 | F88: =N!D88 -> 0 | G88: ='N-1'!D88 -> 0 | H88: =+G88-F88 -> 0 | I88: =N!E88 -> 0 | J88: ='N-1'!E88 -> 0 | K88: =+J88-I88 -> 0 | L88: =N!F88 -> 0 | M88: ='N-1'!F88 -> 0 | N88: =+M88-L88 -> 0 | O88: =N!G88 -> 0 | P88: ='N-1'!G88 -> 0 | Q88: =+P88-O88 -> 0 | R88: =N!H88 -> 0 | S88: ='N-1'!H88 -> 0 | T88: =+S88-R88 -> 0 | U88: =N!I88 -> 0 | V88: ='N-1'!I88 -> 0 | W88: =+V88-U88 -> 0 | X88: =N!J88 -> 0 | Y88: ='N-1'!J88 -> 0 | Z88: =+Y88-X88 -> 0 | AA88: =N!K88 -> 0 | AB88: ='N-1'!K88 -> 0 | AC88: =+AB88-AA88 -> 0 | AD88: =N!L88 -> 0 | AE88: ='N-1'!L88 -> 0 | AF88: =+AE88-AD88 -> 0 | AG88: =N!M88 -> 0 | AH88: ='N-1'!M88 -> 0 | AI88: =+AH88-AG88 -> 0 | AJ88: =N!N88 -> 0 | AK88: ='N-1'!N88 -> 0 | AL88: =+AK88-AJ88 -> 0
A89: Frais de Banque | C89: =N!C89 -> 0 | D89: ='N-1'!C89 -> 0 | E89: =D89-C89 -> 0 | F89: =N!D89 -> 0 | G89: ='N-1'!D89 -> 0 | H89: =+G89-F89 -> 0 | I89: =N!E89 -> 0 | J89: ='N-1'!E89 -> 0 | K89: =+J89-I89 -> 0 | L89: =N!F89 -> 0 | M89: ='N-1'!F89 -> 0 | N89: =+M89-L89 -> 0 | O89: =N!G89 -> 0 | P89: ='N-1'!G89 -> 0 | Q89: =+P89-O89 -> 0 | R89: =N!H89 -> 0 | S89: ='N-1'!H89 -> 0 | T89: =+S89-R89 -> 0 | U89: =N!I89 -> 0 | V89: ='N-1'!I89 -> 0 | W89: =+V89-U89 -> 0 | X89: =N!J89 -> 0 | Y89: ='N-1'!J89 -> 0 | Z89: =+Y89-X89 -> 0 | AA89: =N!K89 -> 0 | AB89: ='N-1'!K89 -> 0 | AC89: =+AB89-AA89 -> 0 | AD89: =N!L89 -> 0 | AE89: ='N-1'!L89 -> 0 | AF89: =+AE89-AD89 -> 0 | AG89: =N!M89 -> 0 | AH89: ='N-1'!M89 -> 0 | AI89: =+AH89-AG89 -> 0 | AJ89: =N!N89 -> 0 | AK89: ='N-1'!N89 -> 0 | AL89: =+AK89-AJ89 -> 0
A90: Commissions commerciales | C90: =N!C90 -> 0 | D90: ='N-1'!C90 -> 0 | E90: =D90-C90 -> 0 | F90: =N!D90 -> 0 | G90: ='N-1'!D90 -> 0 | H90: =+G90-F90 -> 0 | I90: =N!E90 -> 0 | J90: ='N-1'!E90 -> 0 | K90: =+J90-I90 -> 0 | L90: =N!F90 -> 0 | M90: ='N-1'!F90 -> 0 | N90: =+M90-L90 -> 0 | O90: =N!G90 -> 0 | P90: ='N-1'!G90 -> 0 | Q90: =+P90-O90 -> 0 | R90: =N!H90 -> 0 | S90: ='N-1'!H90 -> 0 | T90: =+S90-R90 -> 0 | U90: =N!I90 -> 0 | V90: ='N-1'!I90 -> 0 | W90: =+V90-U90 -> 0 | X90: =N!J90 -> 0 | Y90: ='N-1'!J90 -> 0 | Z90: =+Y90-X90 -> 0 | AA90: =N!K90 -> 0 | AB90: ='N-1'!K90 -> 0 | AC90: =+AB90-AA90 -> 0 | AD90: =N!L90 -> 0 | AE90: ='N-1'!L90 -> 0 | AF90: =+AE90-AD90 -> 0 | AG90: =N!M90 -> 0 | AH90: ='N-1'!M90 -> 0 | AI90: =+AH90-AG90 -> 0 | AJ90: =N!N90 -> 0 | AK90: ='N-1'!N90 -> 0 | AL90: =+AK90-AJ90 -> 0
A91: Honoraires | C91: =N!C91 -> 0 | D91: ='N-1'!C91 -> 0 | E91: =D91-C91 -> 0 | F91: =N!D91 -> 0 | G91: ='N-1'!D91 -> 0 | H91: =+G91-F91 -> 0 | I91: =N!E91 -> 0 | J91: ='N-1'!E91 -> 0 | K91: =+J91-I91 -> 0 | L91: =N!F91 -> 0 | M91: ='N-1'!F91 -> 0 | N91: =+M91-L91 -> 0 | O91: =N!G91 -> 0 | P91: ='N-1'!G91 -> 0 | Q91: =+P91-O91 -> 0 | R91: =N!H91 -> 0 | S91: ='N-1'!H91 -> 0 | T91: =+S91-R91 -> 0 | U91: =N!I91 -> 0 | V91: ='N-1'!I91 -> 0 | W91: =+V91-U91 -> 0 | X91: =N!J91 -> 0 | Y91: ='N-1'!J91 -> 0 | Z91: =+Y91-X91 -> 0 | AA91: =N!K91 -> 0 | AB91: ='N-1'!K91 -> 0 | AC91: =+AB91-AA91 -> 0 | AD91: =N!L91 -> 0 | AE91: ='N-1'!L91 -> 0 | AF91: =+AE91-AD91 -> 0 | AG91: =N!M91 -> 0 | AH91: ='N-1'!M91 -> 0 | AI91: =+AH91-AG91 -> 0 | AJ91: =N!N91 -> 0 | AK91: ='N-1'!N91 -> 0 | AL91: =+AK91-AJ91 -> 0
A92: Assurances | C92: =N!C92 -> 0 | D92: ='N-1'!C92 -> 0 | E92: =D92-C92 -> 0 | F92: =N!D92 -> 0 | G92: ='N-1'!D92 -> 0 | H92: =+G92-F92 -> 0 | I92: =N!E92 -> 0 | J92: ='N-1'!E92 -> 0 | K92: =+J92-I92 -> 0 | L92: =N!F92 -> 0 | M92: ='N-1'!F92 -> 0 | N92: =+M92-L92 -> 0 | O92: =N!G92 -> 0 | P92: ='N-1'!G92 -> 0 | Q92: =+P92-O92 -> 0 | R92: =N!H92 -> 0 | S92: ='N-1'!H92 -> 0 | T92: =+S92-R92 -> 0 | U92: =N!I92 -> 0 | V92: ='N-1'!I92 -> 0 | W92: =+V92-U92 -> 0 | X92: =N!J92 -> 0 | Y92: ='N-1'!J92 -> 0 | Z92: =+Y92-X92 -> 0 | AA92: =N!K92 -> 0 | AB92: ='N-1'!K92 -> 0 | AC92: =+AB92-AA92 -> 0 | AD92: =N!L92 -> 0 | AE92: ='N-1'!L92 -> 0 | AF92: =+AE92-AD92 -> 0 | AG92: =N!M92 -> 0 | AH92: ='N-1'!M92 -> 0 | AI92: =+AH92-AG92 -> 0 | AJ92: =N!N92 -> 0 | AK92: ='N-1'!N92 -> 0 | AL92: =+AK92-AJ92 -> 0
A93: CET (taxe pro) | C93: =N!C93 -> 0 | D93: ='N-1'!C93 -> 0 | E93: =D93-C93 -> 0 | F93: =N!D93 -> 0 | G93: ='N-1'!D93 -> 0 | H93: =+G93-F93 -> 0 | I93: =N!E93 -> 0 | J93: ='N-1'!E93 -> 0 | K93: =+J93-I93 -> 0 | L93: =N!F93 -> 0 | M93: ='N-1'!F93 -> 0 | N93: =+M93-L93 -> 0 | O93: =N!G93 -> 0 | P93: ='N-1'!G93 -> 0 | Q93: =+P93-O93 -> 0 | R93: =N!H93 -> 0 | S93: ='N-1'!H93 -> 0 | T93: =+S93-R93 -> 0 | U93: =N!I93 -> 0 | V93: ='N-1'!I93 -> 0 | W93: =+V93-U93 -> 0 | X93: =N!J93 -> 0 | Y93: ='N-1'!J93 -> 0 | Z93: =+Y93-X93 -> 0 | AA93: =N!K93 -> 0 | AB93: ='N-1'!K93 -> 0 | AC93: =+AB93-AA93 -> 0 | AD93: =N!L93 -> 0 | AE93: ='N-1'!L93 -> 0 | AF93: =+AE93-AD93 -> 0 | AG93: =N!M93 -> 0 | AH93: ='N-1'!M93 -> 0 | AI93: =+AH93-AG93 -> 0 | AJ93: =N!N93 -> 0 | AK93: ='N-1'!N93 -> 0 | AL93: =+AK93-AJ93 -> 0
A94: Autres Charges et Produits Exploitation | C94: =N!C94 -> 0 | D94: ='N-1'!C94 -> 0 | E94: =D94-C94 -> 0 | F94: =N!D94 -> 0 | G94: ='N-1'!D94 -> 0 | H94: =+G94-F94 -> 0 | I94: =N!E94 -> 0 | J94: ='N-1'!E94 -> 0 | K94: =+J94-I94 -> 0 | L94: =N!F94 -> 0 | M94: ='N-1'!F94 -> 0 | N94: =+M94-L94 -> 0 | O94: =N!G94 -> 0 | P94: ='N-1'!G94 -> 0 | Q94: =+P94-O94 -> 0 | R94: =N!H94 -> 0 | S94: ='N-1'!H94 -> 0 | T94: =+S94-R94 -> 0 | U94: =N!I94 -> 0 | V94: ='N-1'!I94 -> 0 | W94: =+V94-U94 -> 0 | X94: =N!J94 -> 0 | Y94: ='N-1'!J94 -> 0 | Z94: =+Y94-X94 -> 0 | AA94: =N!K94 -> 0 | AB94: ='N-1'!K94 -> 0 | AC94: =+AB94-AA94 -> 0 | AD94: =N!L94 -> 0 | AE94: ='N-1'!L94 -> 0 | AF94: =+AE94-AD94 -> 0 | AG94: =N!M94 -> 0 | AH94: ='N-1'!M94 -> 0 | AI94: =+AH94-AG94 -> 0 | AJ94: =N!N94 -> 0 | AK94: ='N-1'!N94 -> 0 | AL94: =+AK94-AJ94 -> 0
A95: Total Autres Frais | C95: =+C82+C83+C84+C85+C86+C87+C88+C89+C90+C91+C92+C93+C94+C75+C76+C77+C78+C79+C80+C72+C73+C66+C67+C68+C69+C70+C62+C63+C64 -> 0 | D95: =+D82+D83+D84+D85+D86+D87+D88+D89+D90+D91+D92+D93+D94+D75+D76+D77+D78+D79+D80+D72+D73+D66+D67+D68+D69+D70+D62+D63+D64 -> 0 | E95: =+E82+E83+E84+E85+E86+E87+E88+E89+E90+E91+E92+E93+E94+E75+E76+E77+E78+E79+E80+E72+E73+E66+E67+E68+E69+E70+E62+E63+E64 -> 0 | F95: =+F82+F83+F84+F85+F86+F87+F88+F89+F90+F91+F92+F93+F94+F75+F76+F77+F78+F79+F80+F72+F73+F66+F67+F68+F69+F70+F62+F63+F64 -> 0 | G95: =+G82+G83+G84+G85+G86+G87+G88+G89+G90+G91+G92+G93+G94+G75+G76+G77+G78+G79+G80+G72+G73+G66+G67+G68+G69+G70+G62+G63+G64 -> 0 | H95: =+H82+H83+H84+H85+H86+H87+H88+H89+H90+H91+H92+H93+H94+H75+H76+H77+H78+H79+H80+H72+H73+H66+H67+H68+H69+H70+H62+H63+H64 -> 0 | I95: =+I82+I83+I84+I85+I86+I87+I88+I89+I90+I91+I92+I93+I94+I75+I76+I77+I78+I79+I80+I72+I73+I66+I67+I68+I69+I70+I62+I63+I64 -> 0 | J95: =+J82+J83+J84+J85+J86+J87+J88+J89+J90+J91+J92+J93+J94+J75+J76+J77+J78+J79+J80+J72+J73+J66+J67+J68+J69+J70+J62+J63+J64 -> 0 | ... AL95: =+AL82+AL83+AL84+AL85+AL86+AL87+AL88+AL89+AL90+AL91+AL92+AL93+AL94+AL75+AL76+AL77+AL78+AL79+AL80+AL72+AL73+AL66+AL67+AL68+AL69+AL70+AL62+AL63+AL64 -> 0
A97: Amortissements | C97: =N!C97 -> 0 | D97: ='N-1'!C97 -> 0 | E97: =D97-C97 -> 0 | F97: =N!D97 -> 0 | G97: ='N-1'!D97 -> 0 | H97: =+G97-F97 -> 0 | I97: =N!E97 -> 0 | J97: ='N-1'!E97 -> 0 | K97: =+J97-I97 -> 0 | L97: =N!F97 -> 0 | M97: ='N-1'!F97 -> 0 | N97: =+M97-L97 -> 0 | O97: =N!G97 -> 0 | P97: ='N-1'!G97 -> 0 | Q97: =+P97-O97 -> 0 | R97: =N!H97 -> 0 | S97: ='N-1'!H97 -> 0 | T97: =+S97-R97 -> 0 | U97: =N!I97 -> 0 | V97: ='N-1'!I97 -> 0 | W97: =+V97-U97 -> 0 | X97: =N!J97 -> 0 | Y97: ='N-1'!J97 -> 0 | Z97: =+Y97-X97 -> 0 | AA97: =N!K97 -> 0 | AB97: ='N-1'!K97 -> 0 | AC97: =+AB97-AA97 -> 0 | AD97: =N!L97 -> 0 | AE97: ='N-1'!L97 -> 0 | AF97: =+AE97-AD97 -> 0 | AG97: =N!M97 -> 0 | AH97: ='N-1'!M97 -> 0 | AI97: =+AH97-AG97 -> 0 | AJ97: =N!N97 -> 0 | AK97: ='N-1'!N97 -> 0 | AL97: =+AK97-AJ97 -> 0
A98: Loyers | C98: =N!C98 -> 0 | D98: ='N-1'!C98 -> 0 | E98: =D98-C98 -> 0 | F98: =N!D98 -> 0 | G98: ='N-1'!D98 -> 0 | H98: =+G98-F98 -> 0 | I98: =N!E98 -> 0 | J98: ='N-1'!E98 -> 0 | K98: =+J98-I98 -> 0 | L98: =N!F98 -> 0 | M98: ='N-1'!F98 -> 0 | N98: =+M98-L98 -> 0 | O98: =N!G98 -> 0 | P98: ='N-1'!G98 -> 0 | Q98: =+P98-O98 -> 0 | R98: =N!H98 -> 0 | S98: ='N-1'!H98 -> 0 | T98: =+S98-R98 -> 0 | U98: =N!I98 -> 0 | V98: ='N-1'!I98 -> 0 | W98: =+V98-U98 -> 0 | X98: =N!J98 -> 0 | Y98: ='N-1'!J98 -> 0 | Z98: =+Y98-X98 -> 0 | AA98: =N!K98 -> 0 | AB98: ='N-1'!K98 -> 0 | AC98: =+AB98-AA98 -> 0 | AD98: =N!L98 -> 0 | AE98: ='N-1'!L98 -> 0 | AF98: =+AE98-AD98 -> 0 | AG98: =N!M98 -> 0 | AH98: ='N-1'!M98 -> 0 | AI98: =+AH98-AG98 -> 0 | AJ98: =N!N98 -> 0 | AK98: ='N-1'!N98 -> 0 | AL98: =+AK98-AJ98 -> 0
A99: Résultat Brut Explotation (RBE) | C99: =+C27-C95+C97+C98+C58+C31 -> 0 | D99: =+D27-D95+D97+D98+D58+D31 -> 0 | E99: =+E27-E95+E97+E98+E58+E31 -> 0 | F99: =+F27-F95+F97+F98+F58+F31 -> 0 | G99: =+G27-G95+G97+G98+G58+G31 -> 0 | H99: =+H27-H95+H97+H98+H58+H31 -> 0 | I99: =+I27-I95+I97+I98+I58+I31 -> 0 | J99: =+J27-J95+J97+J98+J58+J31 -> 0 | ... AL99: =+AL27-AL95+AL97+AL98+AL58+AL31 -> 0
A102: CH LOUEES
A103: EFFECTIF HEBERGEMENT / # LOUEES | C103: =+C13/C6 -> #DIV/0! | F103: =+F13/F6 -> #DIV/0! | I103: =+I13/I6 -> #DIV/0! | L103: =+L13/L6 -> #DIV/0! | O103: =+O13/O6 -> #DIV/0! | R103: =+R13/R6 -> #DIV/0! | U103: =+U13/U6 -> #DIV/0! | X103: =+X13/X6 -> #DIV/0! | AA103: =+AA13/AA6 -> #DIV/0! | AD103: =+AD13/AD6 -> #DIV/0! | AG103: =+AG13/AG6 -> #DIV/0! | AJ103: =+AJ13/AJ6 -> #DIV/0!
A104: COUT BLANCHISSERIE / # LOUEES | C104: =+C61/C6 -> #DIV/0! | F104: =+F61/F6 -> #DIV/0! | I104: =+I61/I6 -> #DIV/0! | L104: =+L61/L6 -> #DIV/0! | O104: =+O61/O6 -> #DIV/0! | R104: =+R61/R6 -> #DIV/0! | U104: =+U61/U6 -> #DIV/0! | X104: =+X61/X6 -> #DIV/0! | AA104: =+AA61/AA6 -> #DIV/0! | AD104: =+AD61/AD6 -> #DIV/0! | AG104: =+AG61/AG6 -> #DIV/0! | AJ104: =+AJ61/AJ6 -> #DIV/0!
A105: PRIME COST REST | C105: =+((C38+C43+C48+C53)+C29)/C25 -> #DIV/0! | F105: =+((F38+F43+F48+F53)+F29)/F25 -> #DIV/0! | I105: =+((I38+I43+I48+I53)+I29)/I25 -> #DIV/0! | L105: =+((L38+L43+L48+L53)+L29)/L25 -> #DIV/0! | O105: =+((O38+O43+O48+O53)+O29)/O25 -> #DIV/0! | R105: =+((R38+R43+R48+R53)+R29)/R25 -> #DIV/0! | U105: =+((U38+U43+U48+U53)+U29)/U25 -> #DIV/0! | X105: =+((X38+X43+X48+X53)+X29)/X25 -> #DIV/0! | AA105: =+((AA38+AA43+AA48+AA53)+AA29)/AA25 -> #DIV/0! | AD105: =+((AD38+AD43+AD48+AD53)+AD29)/AD25 -> #DIV/0! | AG105: =+((AG38+AG43+AG48+AG53)+AG29)/AG25 -> #DIV/0! | AJ105: =+((AJ38+AJ43+AJ48+AJ53)+AJ29)/AJ25 -> #DIV/0!
A106: REVPAR | C106: =+(C27/C6)*C7 -> #DIV/0! | F106: =+F99/F6 -> #DIV/0! | I106: =+I99/I6 -> #DIV/0! | L106: =+L99/L6 -> #DIV/0! | O106: =+O99/O6 -> #DIV/0! | R106: =+R99/R6 -> #DIV/0! | U106: =+U99/U6 -> #DIV/0! | X106: =+X99/X6 -> #DIV/0! | AA106: =+AA99/AA6 -> #DIV/0! | AD106: =+AD99/AD6 -> #DIV/0! | AG106: =+AG99/AG6 -> #DIV/0! | AJ106: =+AJ99/AJ6 -> #DIV/0!
A107: RBE EN %/CA | C107: =+C99/C27 -> #DIV/0! | F107: =+F99/F27 -> #DIV/0! | I107: =+I99/I27 -> #DIV/0! | L107: =+L99/L27 -> #DIV/0! | O107: =+O99/O27 -> #DIV/0! | R107: =+R99/R27 -> #DIV/0! | U107: =+U99/U27 -> #DIV/0! | X107: =+X99/X27 -> #DIV/0! | AA107: =+AA99/AA27 -> #DIV/0! | AD107: =+AD99/AD27 -> #DIV/0! | AG107: =+AG99/AG27 -> #DIV/0! | AJ107: =+AJ99/AJ27 -> #DIV/0!
A108: ENERGIE / # LOUEES | C108: =+C81/C6 -> #DIV/0! | F108: =+F81/F6 -> #DIV/0! | I108: =+I81/I6 -> #DIV/0! | L108: =+L81/L6 -> #DIV/0! | O108: =+O81/O6 -> #DIV/0! | R108: =+R81/R6 -> #DIV/0! | U108: =+U81/U6 -> #DIV/0! | X108: =+X81/X6 -> #DIV/0! | AA108: =+AA81/AA6 -> #DIV/0! | AD108: =+AD81/AD6 -> #DIV/0! | AG108: =+AG81/AG6 -> #DIV/0! | AJ108: =+AJ81/AJ6 -> #DIV/0!
...

Sheet Ecarts Budget
A1: 2014
A2: DATE | C2: Nom :
A3: MENSUEL | C3: 41640 | D3: Budget | E3: Ecarts | F3: 41671 | G3: Budget | H3: Ecarts | I3: 41699 | J3: Budget | K3: Ecarts | L3: 41730 | M3: Budget | N3: Ecarts | O3: 41760 | P3: Budget | Q3: Ecarts | R3: 41791 | S3: Budget | T3: Ecarts | U3: 41821 | V3: Budget | W3: Ecarts | X3: 41852 | Y3: Budget | Z3: Ecarts | AA3: 41883 | AB3: Budget | AC3: Ecarts | AD3: 41913 | AE3: Budget | AF3: Ecarts | AG3: 41944 | AH3: Budget | AI3: Ecarts | AJ3: 41974 | AK3: Budget | AL3: Ecarts
A4: Hôtel
A5: Réservations | C5: =+N!C5 -> 0 | D5: =BUDGET!C5 -> 0 | E5: =+D5-C5 -> 0 | F5: =+N!D5 -> 0 | G5: =BUDGET!D5 -> 0 | H5: =+G5-F5 -> 0 | I5: =+N!E5 -> 0 | J5: =BUDGET!E5 -> 0 | K5: =+J5-I5 -> 0 | L5: =+N!F5 -> 0 | M5: =BUDGET!F5 -> 0 | N5: =+M5-L5 -> 0 | O5: =+N!G5 -> 0 | P5: =BUDGET!G5 -> 0 | Q5: =+P5-O5 -> 0 | R5: =+N!H5 -> 0 | S5: =BUDGET!H5 -> 0 | T5: =+S5-R5 -> 0 | U5: =+N!I5 -> 0 | V5: =BUDGET!I5 -> 0 | W5: =+V5-U5 -> 0 | X5: =+N!J5 -> 0 | Y5: =BUDGET!J5 -> 0 | Z5: =+Y5-X5 -> 0 | AA5: =+N!K5 -> 0 | AB5: =BUDGET!K5 -> 0 | AC5: =+AB5-AA5 -> 0 | AD5: =+N!L5 -> 0 | AE5: =BUDGET!L5 -> 0 | AF5: =+AE5-AD5 -> 0 | AG5: =+N!M5 -> 0 | AH5: =BUDGET!M5 -> 0 | AI5: =+AH5-AG5 -> 0 | AJ5: =+N!N5 -> 0 | AK5: =BUDGET!N5 -> 0 | AL5: =+AK5-AJ5 -> 0
A6: Nombre de chambres louées | C6: =+N!C6 -> 0 | D6: =BUDGET!C6 -> 0 | E6: =+D6-C6 -> 0 | F6: =+N!D6 -> 0 | G6: =BUDGET!D6 -> 0 | H6: =+G6-F6 -> 0 | I6: =+N!E6 -> 0 | J6: =BUDGET!E6 -> 0 | K6: =+J6-I6 -> 0 | L6: =+N!F6 -> 0 | M6: =BUDGET!F6 -> 0 | N6: =+M6-L6 -> 0 | O6: =+N!G6 -> 0 | P6: =BUDGET!G6 -> 0 | Q6: =+P6-O6 -> 0 | R6: =+N!H6 -> 0 | S6: =BUDGET!H6 -> 0 | T6: =+S6-R6 -> 0 | U6: =+N!I6 -> 0 | V6: =BUDGET!I6 -> 0 | W6: =+V6-U6 -> 0 | X6: =+N!J6 -> 0 | Y6: =BUDGET!J6 -> 0 | Z6: =+Y6-X6 -> 0 | AA6: =+N!K6 -> 0 | AB6: =BUDGET!K6 -> 0 | AC6: =+AB6-AA6 -> 0 | AD6: =+N!L6 -> 0 | AE6: =BUDGET!L6 -> 0 | AF6: =+AE6-AD6 -> 0 | AG6: =+N!M6 -> 0 | AH6: =BUDGET!M6 -> 0 | AI6: =+AH6-AG6 -> 0 | AJ6: =+N!N6 -> 0 | AK6: =BUDGET!N6 -> 0 | AL6: =+AK6-AJ6 -> 0
A7: Taux occupation | C7: =+N!C7 -> 0 | D7: =BUDGET!C7 -> 0 | E7: =+D7-C7 -> 0 | F7: =+N!D7 -> 0 | G7: =BUDGET!D7 -> 0 | H7: =+G7-F7 -> 0 | I7: =+N!E7 -> 0 | J7: =BUDGET!E7 -> 0 | K7: =+J7-I7 -> 0 | L7: =+N!F7 -> 0 | M7: =BUDGET!F7 -> 0 | N7: =+M7-L7 -> 0 | O7: =+N!G7 -> 0 | P7: =BUDGET!G7 -> 0 | Q7: =+P7-O7 -> 0 | R7: =+N!H7 -> 0 | S7: =BUDGET!H7 -> 0 | T7: =+S7-R7 -> 0 | U7: =+N!I7 -> 0 | V7: =BUDGET!I7 -> 0 | W7: =+V7-U7 -> 0 | X7: =+N!J7 -> 0 | Y7: =BUDGET!J7 -> 0 | Z7: =+Y7-X7 -> 0 | AA7: =+N!K7 -> 0 | AB7: =BUDGET!K7 -> 0 | AC7: =+AB7-AA7 -> 0 | AD7: =+N!L7 -> 0 | AE7: =BUDGET!L7 -> 0 | AF7: =+AE7-AD7 -> 0 | AG7: =+N!M7 -> 0 | AH7: =BUDGET!M7 -> 0 | AI7: =+AH7-AG7 -> 0 | AJ7: =+N!N7 -> 0 | AK7: =BUDGET!N7 -> 0 | AL7: =+AK7-AJ7 -> 0
A8: Prix moyen hébergement | C8: =+N!C8 -> 0 | D8: =BUDGET!C8 -> 0 | E8: =+D8-C8 -> 0 | F8: =+N!D8 -> 0 | G8: =BUDGET!D8 -> 0 | H8: =+G8-F8 -> 0 | I8: =+N!E8 -> 0 | J8: =BUDGET!E8 -> 0 | K8: =+J8-I8 -> 0 | L8: =+N!F8 -> 0 | M8: =BUDGET!F8 -> 0 | N8: =+M8-L8 -> 0 | O8: =+N!G8 -> 0 | P8: =BUDGET!G8 -> 0 | Q8: =+P8-O8 -> 0 | R8: =+N!H8 -> 0 | S8: =BUDGET!H8 -> 0 | T8: =+S8-R8 -> 0 | U8: =+N!I8 -> 0 | V8: =BUDGET!I8 -> 0 | W8: =+V8-U8 -> 0 | X8: =+N!J8 -> 0 | Y8: =BUDGET!J8 -> 0 | Z8: =+Y8-X8 -> 0 | AA8: =+N!K8 -> 0 | AB8: =BUDGET!K8 -> 0 | AC8: =+AB8-AA8 -> 0 | AD8: =+N!L8 -> 0 | AE8: =BUDGET!L8 -> 0 | AF8: =+AE8-AD8 -> 0 | AG8: =+N!M8 -> 0 | AH8: =BUDGET!M8 -> 0 | AI8: =+AH8-AG8 -> 0 | AJ8: =+N!N8 -> 0 | AK8: =BUDGET!N8 -> 0 | AL8: =+AK8-AJ8 -> 0
B10: Effectif Héberg Fixes | C10: =+N!C10 -> 0 | D10: =BUDGET!C10 -> 0 | E10: =+D10-C10 -> 0 | F10: =+N!D10 -> 0 | G10: =BUDGET!D10 -> 0 | H10: =+G10-F10 -> 0 | I10: =+N!E10 -> 0 | J10: =BUDGET!E10 -> 0 | K10: =+J10-I10 -> 0 | L10: =+N!F10 -> 0 | M10: =BUDGET!F10 -> 0 | N10: =+M10-L10 -> 0 | O10: =+N!G10 -> 0 | P10: =BUDGET!G10 -> 0 | Q10: =+P10-O10 -> 0 | R10: =+N!H10 -> 0 | S10: =BUDGET!H10 -> 0 | T10: =+S10-R10 -> 0 | U10: =+N!I10 -> 0 | V10: =BUDGET!I10 -> 0 | W10: =+V10-U10 -> 0 | X10: =+N!J10 -> 0 | Y10: =BUDGET!J10 -> 0 | Z10: =+Y10-X10 -> 0 | AA10: =+N!K10 -> 0 | AB10: =BUDGET!K10 -> 0 | AC10: =+AB10-AA10 -> 0 | AD10: =+N!L10 -> 0 | AE10: =BUDGET!L10 -> 0 | AF10: =+AE10-AD10 -> 0 | AG10: =+N!M10 -> 0 | AH10: =BUDGET!M10 -> 0 | AI10: =+AH10-AG10 -> 0 | AJ10: =+N!N10 -> 0 | AK10: =BUDGET!N10 -> 0 | AL10: =+AK10-AJ10 -> 0
B11: Effectif Héberg Saisonniers | C11: =+N!C11 -> 0 | D11: =BUDGET!C11 -> 0 | E11: =+D11-C11 -> 0 | F11: =+N!D11 -> 0 | G11: =BUDGET!D11 -> 0 | H11: =+G11-F11 -> 0 | I11: =+N!E11 -> 0 | J11: =BUDGET!E11 -> 0 | K11: =+J11-I11 -> 0 | L11: =+N!F11 -> 0 | M11: =BUDGET!F11 -> 0 | N11: =+M11-L11 -> 0 | O11: =+N!G11 -> 0 | P11: =BUDGET!G11 -> 0 | Q11: =+P11-O11 -> 0 | R11: =+N!H11 -> 0 | S11: =BUDGET!H11 -> 0 | T11: =+S11-R11 -> 0 | U11: =+N!I11 -> 0 | V11: =BUDGET!I11 -> 0 | W11: =+V11-U11 -> 0 | X11: =+N!J11 -> 0 | Y11: =BUDGET!J11 -> 0 | Z11: =+Y11-X11 -> 0 | AA11: =+N!K11 -> 0 | AB11: =BUDGET!K11 -> 0 | AC11: =+AB11-AA11 -> 0 | AD11: =+N!L11 -> 0 | AE11: =BUDGET!L11 -> 0 | AF11: =+AE11-AD11 -> 0 | AG11: =+N!M11 -> 0 | AH11: =BUDGET!M11 -> 0 | AI11: =+AH11-AG11 -> 0 | AJ11: =+N!N11 -> 0 | AK11: =BUDGET!N11 -> 0 | AL11: =+AK11-AJ11 -> 0
B12: Effectif Héberg Intérim | C12: =+N!C12 -> 0 | D12: =BUDGET!C12 -> 0 | E12: =+D12-C12 -> 0 | F12: =+N!D12 -> 0 | G12: =BUDGET!D12 -> 0 | H12: =+G12-F12 -> 0 | I12: =+N!E12 -> 0 | J12: =BUDGET!E12 -> 0 | K12: =+J12-I12 -> 0 | L12: =+N!F12 -> 0 | M12: =BUDGET!F12 -> 0 | N12: =+M12-L12 -> 0 | O12: =+N!G12 -> 0 | P12: =BUDGET!G12 -> 0 | Q12: =+P12-O12 -> 0 | R12: =+N!H12 -> 0 | S12: =BUDGET!H12 -> 0 | T12: =+S12-R12 -> 0 | U12: =+N!I12 -> 0 | V12: =BUDGET!I12 -> 0 | W12: =+V12-U12 -> 0 | X12: =+N!J12 -> 0 | Y12: =BUDGET!J12 -> 0 | Z12: =+Y12-X12 -> 0 | AA12: =+N!K12 -> 0 | AB12: =BUDGET!K12 -> 0 | AC12: =+AB12-AA12 -> 0 | AD12: =+N!L12 -> 0 | AE12: =BUDGET!L12 -> 0 | AF12: =+AE12-AD12 -> 0 | AG12: =+N!M12 -> 0 | AH12: =BUDGET!M12 -> 0 | AI12: =+AH12-AG12 -> 0 | AJ12: =+N!N12 -> 0 | AK12: =BUDGET!N12 -> 0 | AL12: =+AK12-AJ12 -> 0
A13: Effectif Hébergement | C13: =+C10+C11+C12 -> 0 | D13: =+D10+D11+D12 -> 0 | E13: =+E10+E11+E12 -> 0 | F13: =+F10+F11+F12 -> 0 | G13: =+G10+G11+G12 -> 0 | H13: =+H10+H11+H12 -> 0 | I13: =+I10+I11+I12 -> 0 | J13: =+J10+J11+J12 -> 0 | ... W13: =+W10+W11+W12 -> 0 | X13: =+N!J13 -> 0 | Y13: =BUDGET!J13 -> 0 | Z13: =+Y13-X13 -> 0 | AA13: =+N!K13 -> 0 | AB13: =BUDGET!K13 -> 0 | AC13: =+AB13-AA13 -> 0 | AD13: =+N!L13 -> 0 | AE13: =BUDGET!L13 -> 0 | AF13: =+AE13-AD13 -> 0 | AG13: =+N!M13 -> 0 | AH13: =BUDGET!M13 -> 0 | AI13: =+AH13-AG13 -> 0 | AJ13: =+N!N13 -> 0 | AK13: =BUDGET!N13 -> 0 | AL13: =+AK13-AJ13 -> 0
A14: Couverts Restaurant & Banquet | C14: =N!C14 -> 0 | D14: =BUDGET!C14 -> 0 | E14: =+D14-C14 -> 0 | F14: =N!D14 -> 0 | G14: =BUDGET!D14 -> 0 | H14: =+G14-F14 -> 0 | I14: =N!E14 -> 0 | J14: =BUDGET!E14 -> 0 | K14: =+J14-I14 -> 0 | L14: =N!F14 -> 0 | M14: =BUDGET!F14 -> 0 | N14: =+M14-L14 -> 0 | O14: =N!G14 -> 0 | P14: =BUDGET!G14 -> 0 | Q14: =P14-O14 -> 0 | R14: =N!H14 -> 0 | S14: =BUDGET!H14 -> 0 | T14: =S14-R14 -> 0 | U14: =N!I14 -> 0 | V14: =BUDGET!I14 -> 0 | W14: =V14-U14 -> 0 | X14: =N!J14 -> 0 | Y14: =BUDGET!J14 -> 0 | Z14: =N!R14 -> 0 | AA14: =N!K14 -> 0 | AB14: =BUDGET!K14 -> 0 | AC14: =N!U14 -> 0 | AD14: =N!L14 -> 0 | AE14: =BUDGET!L14 -> 0 | AF14: =N!X14 -> 0 | AG14: =N!M14 -> 0 | AH14: =BUDGET!M14 -> 0 | AI14: =N!AA14 -> 0 | AJ14: =N!N14 -> 0 | AK14: =BUDGET!N14 -> 0 | AL14: =N!AD14 -> 0
A15: Couverts PDJ | C15: =N!C15 -> 0 | D15: =BUDGET!C15 -> 0 | E15: =+D15-C15 -> 0 | F15: =N!D15 -> 0 | G15: =BUDGET!D15 -> 0 | H15: =+G15-F15 -> 0 | I15: =N!E15 -> 0 | J15: =BUDGET!E15 -> 0 | K15: =+J15-I15 -> 0 | L15: =N!F15 -> 0 | M15: =BUDGET!F15 -> 0 | N15: =+M15-L15 -> 0 | O15: =N!G15 -> 0 | P15: =BUDGET!G15 -> 0 | Q15: =P15-O15 -> 0 | R15: =N!H15 -> 0 | S15: =BUDGET!H15 -> 0 | T15: =S15-R15 -> 0 | U15: =N!I15 -> 0 | V15: =BUDGET!I15 -> 0 | W15: =V15-U15 -> 0 | X15: =N!J15 -> 0 | Y15: =BUDGET!J15 -> 0 | Z15: =N!R15 -> 0 | AA15: =N!K15 -> 0 | AB15: =BUDGET!K15 -> 0 | AC15: =N!U15 -> 0 | AD15: =N!L15 -> 0 | AE15: =BUDGET!L15 -> 0 | AF15: =N!X15 -> 0 | AG15: =N!M15 -> 0 | AH15: =BUDGET!M15 -> 0 | AI15: =N!AA15 -> 0 | AJ15: =N!N15 -> 0 | AK15: =BUDGET!N15 -> 0 | AL15: =N!AD15 -> 0
A16: Prix moyen Restaurant & Banquet | C16: =N!C16 -> 0 | D16: =BUDGET!C16 -> 0 | E16: =+D16-C16 -> 0 | F16: =N!D16 -> 0 | G16: =BUDGET!D16 -> 0 | H16: =+G16-F16 -> 0 | I16: =N!E16 -> 0 | J16: =BUDGET!E16 -> 0 | K16: =+J16-I16 -> 0 | L16: =N!F16 -> 0 | M16: =BUDGET!F16 -> 0 | N16: =+M16-L16 -> 0 | O16: =N!G16 -> 0 | P16: =BUDGET!G16 -> 0 | Q16: =P16-O16 -> 0 | R16: =N!H16 -> 0 | S16: =BUDGET!H16 -> 0 | T16: =S16-R16 -> 0 | U16: =N!I16 -> 0 | V16: =BUDGET!I16 -> 0 | W16: =V16-U16 -> 0 | X16: =N!J16 -> 0 | Y16: =BUDGET!J16 -> 0 | Z16: =N!R16 -> 0 | AA16: =N!K16 -> 0 | AB16: =BUDGET!K16 -> 0 | AC16: =N!U16 -> 0 | AD16: =N!L16 -> 0 | AE16: =BUDGET!L16 -> 0 | AF16: =N!X16 -> 0 | AG16: =N!M16 -> 0 | AH16: =BUDGET!M16 -> 0 | AI16: =N!AA16 -> 0 | AJ16: =N!N16 -> 0 | AK16: =BUDGET!N16 -> 0 | AL16: =N!AD16 -> 0
A17: Prix moyen PDJ | C17: =N!C17 -> 0 | D17: =BUDGET!C17 -> 0 | E17: =+D17-C17 -> 0 | F17: =N!D17 -> 0 | G17: =BUDGET!D17 -> 0 | H17: =+G17-F17 -> 0 | I17: =N!E17 -> 0 | J17: =BUDGET!E17 -> 0 | K17: =+J17-I17 -> 0 | L17: =N!F17 -> 0 | M17: =BUDGET!F17 -> 0 | N17: =+M17-L17 -> 0 | O17: =N!G17 -> 0 | P17: =BUDGET!G17 -> 0 | Q17: =P17-O17 -> 0 | R17: =N!H17 -> 0 | S17: =BUDGET!H17 -> 0 | T17: =S17-R17 -> 0 | U17: =N!I17 -> 0 | V17: =BUDGET!I17 -> 0 | W17: =V17-U17 -> 0 | X17: =N!J17 -> 0 | Y17: =BUDGET!J17 -> 0 | Z17: =N!R17 -> 0 | AA17: =N!K17 -> 0 | AB17: =BUDGET!K17 -> 0 | AC17: =N!U17 -> 0 | AD17: =N!L17 -> 0 | AE17: =BUDGET!L17 -> 0 | AF17: =N!X17 -> 0 | AG17: =N!M17 -> 0 | AH17: =BUDGET!M17 -> 0 | AI17: =N!AA17 -> 0 | AJ17: =N!N17 -> 0 | AK17: =BUDGET!N17 -> 0 | AL17: =N!AD17 -> 0
B18: Effectif Rest Fixes | C18: =N!C18 -> 0 | D18: =BUDGET!C18 -> 0 | E18: =+D18-C18 -> 0 | F18: =N!D18 -> 0 | G18: =BUDGET!D18 -> 0 | H18: =+G18-F18 -> 0 | I18: =N!E18 -> 0 | J18: =BUDGET!E18 -> 0 | K18: =+J18-I18 -> 0 | L18: =N!F18 -> 0 | M18: =BUDGET!F18 -> 0 | N18: =+M18-L18 -> 0 | O18: =N!G18 -> 0 | P18: =BUDGET!G18 -> 0 | Q18: =P18-O18 -> 0 | R18: =N!H18 -> 0 | S18: =BUDGET!H18 -> 0 | T18: =S18-R18 -> 0 | U18: =N!I18 -> 0 | V18: =BUDGET!I18 -> 0 | W18: =V18-U18 -> 0 | X18: =N!J18 -> 0 | Y18: =BUDGET!J18 -> 0 | Z18: =N!R18 -> 0 | AA18: =N!K18 -> 0 | AB18: =BUDGET!K18 -> 0 | AC18: =N!U18 -> 0 | AD18: =N!L18 -> 0 | AE18: =BUDGET!L18 -> 0 | AF18: =N!X18 -> 0 | AG18: =N!M18 -> 0 | AH18: =BUDGET!M18 -> 0 | AI18: =N!AA18 -> 0 | AJ18: =N!N18 -> 0 | AK18: =BUDGET!N18 -> 0 | AL18: =N!AD18 -> 0
B19: Effectif Rest Saisonniers | C19: =N!C19 -> 0 | D19: =BUDGET!C19 -> 0 | E19: =+D19-C19 -> 0 | F19: =N!D19 -> 0 | G19: =BUDGET!D19 -> 0 | H19: =+G19-F19 -> 0 | I19: =N!E19 -> 0 | J19: =BUDGET!E19 -> 0 | K19: =+J19-I19 -> 0 | L19: =N!F19 -> 0 | M19: =BUDGET!F19 -> 0 | N19: =+M19-L19 -> 0 | O19: =N!G19 -> 0 | P19: =BUDGET!G19 -> 0 | Q19: =P19-O19 -> 0 | R19: =N!H19 -> 0 | S19: =BUDGET!H19 -> 0 | T19: =S19-R19 -> 0 | U19: =N!I19 -> 0 | V19: =BUDGET!I19 -> 0 | W19: =V19-U19 -> 0 | X19: =N!J19 -> 0 | Y19: =BUDGET!J19 -> 0 | Z19: =N!R19 -> 0 | AA19: =N!K19 -> 0 | AB19: =BUDGET!K19 -> 0 | AC19: =N!U19 -> 0 | AD19: =N!L19 -> 0 | AE19: =BUDGET!L19 -> 0 | AF19: =N!X19 -> 0 | AG19: =N!M19 -> 0 | AH19: =BUDGET!M19 -> 0 | AI19: =N!AA19 -> 0 | AJ19: =N!N19 -> 0 | AK19: =BUDGET!N19 -> 0 | AL19: =N!AD19 -> 0
B20: Effectif Rest Intérim | C20: =N!C20 -> 0 | D20: =BUDGET!C20 -> 0 | E20: =+D20-C20 -> 0 | F20: =N!D20 -> 0 | G20: =BUDGET!D20 -> 0 | H20: =+G20-F20 -> 0 | I20: =N!E20 -> 0 | J20: =BUDGET!E20 -> 0 | K20: =+J20-I20 -> 0 | L20: =N!F20 -> 0 | M20: =BUDGET!F20 -> 0 | N20: =+M20-L20 -> 0 | O20: =N!G20 -> 0 | P20: =BUDGET!G20 -> 0 | Q20: =P20-O20 -> 0 | R20: =N!H20 -> 0 | S20: =BUDGET!H20 -> 0 | T20: =S20-R20 -> 0 | U20: =N!I20 -> 0 | V20: =BUDGET!I20 -> 0 | W20: =V20-U20 -> 0 | X20: =N!J20 -> 0 | Y20: =BUDGET!J20 -> 0 | Z20: =N!R20 -> 0 | AA20: =N!K20 -> 0 | AB20: =BUDGET!K20 -> 0 | AC20: =N!U20 -> 0 | AD20: =N!L20 -> 0 | AE20: =BUDGET!L20 -> 0 | AF20: =N!X20 -> 0 | AG20: =N!M20 -> 0 | AH20: =BUDGET!M20 -> 0 | AI20: =N!AA20 -> 0 | AJ20: =N!N20 -> 0 | AK20: =BUDGET!N20 -> 0 | AL20: =N!AD20 -> 0
A21: Effectif Restauration | C21: =+C20+C19+C18 -> 0 | D21: =+D20+D19+D18 -> 0 | E21: =+E20+E19+E18 -> 0 | F21: =+F20+F19+F18 -> 0 | G21: =+G20+G19+G18 -> 0 | H21: =+H20+H19+H18 -> 0 | I21: =+I20+I19+I18 -> 0 | J21: =+J20+J19+J18 -> 0 | ... AL21: =+AL20+AL19+AL18 -> 0
A22: Effectif Divers | C22: =N!C22 -> 0 | D22: =BUDGET!C22 -> 0 | E22: =+D22-C22 -> 0 | F22: =N!D22 -> 0 | G22: =BUDGET!D22 -> 0 | H22: =+G22-F22 -> 0 | I22: =N!E22 -> 0 | J22: =BUDGET!E22 -> 0 | K22: =+J22-I22 -> 0 | L22: =N!F22 -> 0 | M22: =BUDGET!F22 -> 0 | N22: =+M22-L22 -> 0 | O22: =N!G22 -> 0 | P22: =BUDGET!G22 -> 0 | Q22: =P22-O22 -> 0 | R22: =N!H22 -> 0 | S22: =BUDGET!H22 -> 0 | T22: =S22-R22 -> 0 | U22: =N!I22 -> 0 | V22: =BUDGET!I22 -> 0 | W22: =V22-U22 -> 0 | X22: =N!J22 -> 0 | Y22: =BUDGET!J22 -> 0 | Z22: =N!R22 -> 0 | AA22: =N!K22 -> 0 | AB22: =BUDGET!K22 -> 0 | AC22: =N!U22 -> 0 | AD22: =N!L22 -> 0 | AE22: =BUDGET!L22 -> 0 | AF22: =N!X22 -> 0 | AG22: =N!M22 -> 0 | AH22: =BUDGET!M22 -> 0 | AI22: =N!AA22 -> 0 | AJ22: =N!N22 -> 0 | AK22: =BUDGET!N22 -> 0 | AL22: =N!AD22 -> 0
A24: Chiffre d'affaires Hébergement HT | C24: =N!C24 -> 0 | D24: =BUDGET!C24 -> 0 | E24: =+D24-C24 -> 0 | F24: =N!D24 -> 0 | G24: =BUDGET!D24 -> 0 | H24: =+G24-F24 -> 0 | I24: =N!E24 -> 0 | J24: =BUDGET!E24 -> 0 | K24: =+J24-I24 -> 0 | L24: =N!F24 -> 0 | M24: =BUDGET!F24 -> 0 | N24: =+M24-L24 -> 0 | O24: =N!G24 -> 0 | P24: =BUDGET!G24 -> 0 | Q24: =P24-O24 -> 0 | R24: =N!H24 -> 0 | S24: =BUDGET!H24 -> 0 | T24: =S24-R24 -> 0 | U24: =N!I24 -> 0 | V24: =BUDGET!I24 -> 0 | W24: =V24-U24 -> 0 | X24: =N!J24 -> 0 | Y24: =BUDGET!J24 -> 0 | Z24: =N!R24 -> 0 | AA24: =N!K24 -> 0 | AB24: =BUDGET!K24 -> 0 | AC24: =N!U24 -> 0 | AD24: =N!L24 -> 0 | AE24: =BUDGET!L24 -> 0 | AF24: =N!X24 -> 0 | AG24: =N!M24 -> 0 | AH24: =BUDGET!M24 -> 0 | AI24: =N!AA24 -> 0 | AJ24: =N!N24 -> 0 | AK24: =BUDGET!N24 -> 0 | AL24: =N!AD24 -> 0
A25: Chiffre d'affaires Restauration HT | C25: =N!C25 -> 0 | D25: =BUDGET!C25 -> 0 | E25: =+D25-C25 -> 0 | F25: =N!D25 -> 0 | G25: =BUDGET!D25 -> 0 | H25: =+G25-F25 -> 0 | I25: =N!E25 -> 0 | J25: =BUDGET!E25 -> 0 | K25: =+J25-I25 -> 0 | L25: =N!F25 -> 0 | M25: =BUDGET!F25 -> 0 | N25: =+M25-L25 -> 0 | O25: =N!G25 -> 0 | P25: =BUDGET!G25 -> 0 | Q25: =P25-O25 -> 0 | R25: =N!H25 -> 0 | S25: =BUDGET!H25 -> 0 | T25: =S25-R25 -> 0 | U25: =N!I25 -> 0 | V25: =BUDGET!I25 -> 0 | W25: =V25-U25 -> 0 | X25: =N!J25 -> 0 | Y25: =BUDGET!J25 -> 0 | Z25: =N!R25 -> 0 | AA25: =N!K25 -> 0 | AB25: =BUDGET!K25 -> 0 | AC25: =N!U25 -> 0 | AD25: =N!L25 -> 0 | AE25: =BUDGET!L25 -> 0 | AF25: =N!X25 -> 0 | AG25: =N!M25 -> 0 | AH25: =BUDGET!M25 -> 0 | AI25: =N!AA25 -> 0 | AJ25: =N!N25 -> 0 | AK25: =BUDGET!N25 -> 0 | AL25: =N!AD25 -> 0
A26: Chiffre d'affaires Divers HT | C26: =N!C26 -> 0 | D26: =BUDGET!C26 -> 0 | E26: =+D26-C26 -> 0 | F26: =N!D26 -> 0 | G26: =BUDGET!D26 -> 0 | H26: =+G26-F26 -> 0 | I26: =N!E26 -> 0 | J26: =BUDGET!E26 -> 0 | K26: =+J26-I26 -> 0 | L26: =N!F26 -> 0 | M26: =BUDGET!F26 -> 0 | N26: =+M26-L26 -> 0 | O26: =N!G26 -> 0 | P26: =BUDGET!G26 -> 0 | Q26: =P26-O26 -> 0 | R26: =N!H26 -> 0 | S26: =BUDGET!H26 -> 0 | T26: =S26-R26 -> 0 | U26: =N!I26 -> 0 | V26: =BUDGET!I26 -> 0 | W26: =V26-U26 -> 0 | X26: =N!J26 -> 0 | Y26: =BUDGET!J26 -> 0 | Z26: =N!R26 -> 0 | AA26: =N!K26 -> 0 | AB26: =BUDGET!K26 -> 0 | AC26: =N!U26 -> 0 | AD26: =N!L26 -> 0 | AE26: =BUDGET!L26 -> 0 | AF26: =N!X26 -> 0 | AG26: =N!M26 -> 0 | AH26: =BUDGET!M26 -> 0 | AI26: =N!AA26 -> 0 | AJ26: =N!N26 -> 0 | AK26: =BUDGET!N26 -> 0 | AL26: =N!AD26 -> 0
A27: Total Chiffre d'affaires HT | C27: =+C24+C25+C26 -> 0 | D27: =+D24+D25+D26 -> 0 | E27: =+E24+E25+E26 -> 0 | F27: =+F24+F25+F26 -> 0 | G27: =+G24+G25+G26 -> 0 | H27: =+H24+H25+H26 -> 0 | I27: =+I24+I25+I26 -> 0 | J27: =+J24+J25+J26 -> 0 | ... AL27: =+AL24+AL25+AL26 -> 0
A29: Couts Marchandises Restauration | C29: =N!C29 -> 0 | D29: =BUDGET!C29 -> 0 | E29: =+D29-C29 -> 0 | F29: =N!D29 -> 0 | G29: =BUDGET!D29 -> 0 | H29: =+G29-F29 -> 0 | I29: =N!E29 -> 0 | J29: =BUDGET!E29 -> 0 | K29: =+J29-I29 -> 0 | L29: =N!F29 -> 0 | M29: =BUDGET!F29 -> 0 | N29: =+M29-L29 -> 0 | O29: =N!G29 -> 0 | P29: =BUDGET!G29 -> 0 | Q29: =+P29-O29 -> 0 | R29: =N!H29 -> 0 | S29: =BUDGET!H29 -> 0 | T29: =+S29-R29 -> 0 | U29: =N!I29 -> 0 | V29: =BUDGET!I29 -> 0 | W29: =+V29-U29 -> 0 | X29: =N!J29 -> 0 | Y29: =BUDGET!J29 -> 0 | Z29: =+Y29-X29 -> 0 | AA29: =N!K29 -> 0 | AB29: =BUDGET!K29 -> 0 | AC29: =+AB29-AA29 -> 0 | AD29: =N!L29 -> 0 | AE29: =BUDGET!L29 -> 0 | AF29: =+AE29-AD29 -> 0 | AG29: =N!M29 -> 0 | AH29: =BUDGET!M29 -> 0 | AI29: =+AH29-AG29 -> 0 | AJ29: =N!N29 -> 0 | AK29: =BUDGET!N29 -> 0 | AL29: =+AK29-AJ29 -> 0
A30: Couts Marchandises divers (boutique HDL) | C30: =N!C30 -> 0 | D30: =BUDGET!C30 -> 0 | E30: =+D30-C30 -> 0 | F30: =N!D30 -> 0 | G30: =BUDGET!D30 -> 0 | H30: =+G30-F30 -> 0 | I30: =N!E30 -> 0 | J30: =BUDGET!E30 -> 0 | K30: =+J30-I30 -> 0 | L30: =N!F30 -> 0 | M30: =BUDGET!F30 -> 0 | N30: =+M30-L30 -> 0 | O30: =N!G30 -> 0 | P30: =BUDGET!G30 -> 0 | Q30: =+P30-O30 -> 0 | R30: =N!H30 -> 0 | S30: =BUDGET!H30 -> 0 | T30: =+S30-R30 -> 0 | U30: =N!I30 -> 0 | V30: =BUDGET!I30 -> 0 | W30: =+V30-U30 -> 0 | X30: =N!J30 -> 0 | Y30: =BUDGET!J30 -> 0 | Z30: =+Y30-X30 -> 0 | AA30: =N!K30 -> 0 | AB30: =BUDGET!K30 -> 0 | AC30: =+AB30-AA30 -> 0 | AD30: =N!L30 -> 0 | AE30: =BUDGET!L30 -> 0 | AF30: =+AE30-AD30 -> 0 | AG30: =N!M30 -> 0 | AH30: =BUDGET!M30 -> 0 | AI30: =+AH30-AG30 -> 0 | AJ30: =N!N30 -> 0 | AK30: =BUDGET!N30 -> 0 | AL30: =+AK30-AJ30 -> 0
A31: Total M/ses Consommées | C31: =+C30+C29 -> 0 | D31: =+D30+D29 -> 0 | E31: =+E30+E29 -> 0 | F31: =+F30+F29 -> 0 | G31: =+G30+G29 -> 0 | H31: =+H30+H29 -> 0 | I31: =+I30+I29 -> 0 | J31: =+J30+J29 -> 0 | ... AL31: =+AL30+AL29 -> 0
A32: Ratio M/ses consommées restau | C32: =+C29/C25 -> #DIV/0! | D32: =+D29/D25 -> #DIV/0! | F32: =+F29/F25 -> #DIV/0! | G32: =+G29/G25 -> #DIV/0! | I32: =+I29/I25 -> #DIV/0! | J32: =+J29/J25 -> #DIV/0! | L32: =+L29/L25 -> #DIV/0! | M32: =BUDGET!F32 -> #DIV/0! | O32: =+O29/O25 -> #DIV/0! | P32: =BUDGET!G32 -> #DIV/0! | R32: =+R29/R25 -> #DIV/0! | S32: =+S29/S25 -> #DIV/0! | U32: =+U29/U25 -> #DIV/0! | V32: =BUDGET!I32 -> #DIV/0! | X32: =+X29/X25 -> #DIV/0! | Y32: =BUDGET!J32 -> #DIV/0! | AA32: =+AA29/AA25 -> #DIV/0! | AB32: =BUDGET!K32 -> #DIV/0! | AD32: =+AD29/AD25 -> #DIV/0! | AE32: =BUDGET!L32 -> #DIV/0! | AG32: =+AG29/AG25 -> #DIV/0! | AH32: =BUDGET!M32 -> #DIV/0! | AJ32: =+AJ29/AJ25 -> #DIV/0! | AK32: =BUDGET!N32 -> #DIV/0!
A33: Marge Brute | C33: =+C27-C31 -> 0 | D33: =+D27-D31 -> 0 | E33: =+E27-E31 -> 0 | F33: =+F27-F31 -> 0 | G33: =+G27-G31 -> 0 | H33: =+H27-H31 -> 0 | I33: =+I27-I31 -> 0 | J33: =+J27-J31 -> 0 | ... R33: =+R27-R31 -> 0 | S33: =BUDGET!H33 -> 0 | T33: =+S33-R33 -> 0 | U33: =+U27-U31 -> 0 | V33: =+V27-V31 -> 0 | W33: =+W27-W31 -> 0 | X33: =+X27-X31 -> 0 | Y33: =+Y27-Y31 -> 0 | Z33: =+Z27-Z31 -> 0 | AA33: =+AA27-AA31 -> 0 | AB33: =+AB27-AB31 -> 0 | ... AL33: =+AL27-AL31 -> 0
A35: Intérim | C35: =+C36+C37+C38+C39 -> 0 | D35: =+D36+D37+D38+D39 -> 0 | E35: =+E36+E37+E38+E39 -> 0 | F35: =+F36+F37+F38+F39 -> 0 | G35: =+G36+G37+G38+G39 -> 0 | H35: =+H36+H37+H38+H39 -> 0 | I35: =+I36+I37+I38+I39 -> 0 | J35: =+J36+J37+J38+J39 -> 0 | ... AL35: =+AL36+AL37+AL38+AL39 -> 0
B36: Intérim Réception | C36: =N!C36 -> 0 | D36: =BUDGET!C36 -> 0 | E36: =+D36-C36 -> 0 | F36: =N!D36 -> 0 | G36: =BUDGET!D36 -> 0 | H36: =+G36-F36 -> 0 | I36: =N!E36 -> 0 | J36: =BUDGET!E36 -> 0 | K36: =+J36-I36 -> 0 | L36: =N!F36 -> 0 | M36: =BUDGET!F36 -> 0 | N36: =+M36-L36 -> 0 | O36: =N!G36 -> 0 | P36: =BUDGET!G36 -> 0 | Q36: =+P36-O36 -> 0 | R36: =N!H36 -> 0 | S36: =BUDGET!H36 -> 0 | T36: =+S36-R36 -> 0 | U36: =N!I36 -> 0 | V36: =BUDGET!I36 -> 0 | W36: =+V36-U36 -> 0 | X36: =N!J36 -> 0 | Y36: =BUDGET!J36 -> 0 | Z36: =+Y36-X36 -> 0 | AA36: =N!K36 -> 0 | AB36: =BUDGET!K36 -> 0 | AC36: =+AB36-AA36 -> 0 | AD36: =N!L36 -> 0 | AE36: =BUDGET!L36 -> 0 | AF36: =+AE36-AD36 -> 0 | AG36: =N!M36 -> 0 | AH36: =BUDGET!M36 -> 0 | AI36: =+AH36-AG36 -> 0 | AJ36: =N!N36 -> 0 | AK36: =BUDGET!N36 -> 0 | AL36: =+AK36-AJ36 -> 0
B37: Intérim Hébergement | C37: =N!C37 -> 0 | D37: =BUDGET!C37 -> 0 | E37: =+D37-C37 -> 0 | F37: =N!D37 -> 0 | G37: =BUDGET!D37 -> 0 | H37: =+G37-F37 -> 0 | I37: =N!E37 -> 0 | J37: =BUDGET!E37 -> 0 | K37: =+J37-I37 -> 0 | L37: =N!F37 -> 0 | M37: =BUDGET!F37 -> 0 | N37: =+M37-L37 -> 0 | O37: =N!G37 -> 0 | P37: =BUDGET!G37 -> 0 | Q37: =+P37-O37 -> 0 | R37: =N!H37 -> 0 | S37: =BUDGET!H37 -> 0 | T37: =+S37-R37 -> 0 | U37: =N!I37 -> 0 | V37: =BUDGET!I37 -> 0 | W37: =+V37-U37 -> 0 | X37: =N!J37 -> 0 | Y37: =BUDGET!J37 -> 0 | Z37: =+Y37-X37 -> 0 | AA37: =N!K37 -> 0 | AB37: =BUDGET!K37 -> 0 | AC37: =+AB37-AA37 -> 0 | AD37: =N!L37 -> 0 | AE37: =BUDGET!L37 -> 0 | AF37: =+AE37-AD37 -> 0 | AG37: =N!M37 -> 0 | AH37: =BUDGET!M37 -> 0 | AI37: =+AH37-AG37 -> 0 | AJ37: =N!N37 -> 0 | AK37: =BUDGET!N37 -> 0 | AL37: =+AK37-AJ37 -> 0
B38: Intérim Restauration | C38: =N!C38 -> 0 | D38: =BUDGET!C38 -> 0 | E38: =+D38-C38 -> 0 | F38: =N!D38 -> 0 | G38: =BUDGET!D38 -> 0 | H38: =+G38-F38 -> 0 | I38: =N!E38 -> 0 | J38: =BUDGET!E38 -> 0 | K38: =+J38-I38 -> 0 | L38: =N!F38 -> 0 | M38: =BUDGET!F38 -> 0 | N38: =+M38-L38 -> 0 | O38: =N!G38 -> 0 | P38: =BUDGET!G38 -> 0 | Q38: =+P38-O38 -> 0 | R38: =N!H38 -> 0 | S38: =BUDGET!H38 -> 0 | T38: =+S38-R38 -> 0 | U38: =N!I38 -> 0 | V38: =BUDGET!I38 -> 0 | W38: =+V38-U38 -> 0 | X38: =N!J38 -> 0 | Y38: =BUDGET!J38 -> 0 | Z38: =+Y38-X38 -> 0 | AA38: =N!K38 -> 0 | AB38: =BUDGET!K38 -> 0 | AC38: =+AB38-AA38 -> 0 | AD38: =N!L38 -> 0 | AE38: =BUDGET!L38 -> 0 | AF38: =+AE38-AD38 -> 0 | AG38: =N!M38 -> 0 | AH38: =BUDGET!M38 -> 0 | AI38: =+AH38-AG38 -> 0 | AJ38: =N!N38 -> 0 | AK38: =BUDGET!N38 -> 0 | AL38: =+AK38-AJ38 -> 0
B39: Intérim Admin Comm | C39: =N!C39 -> 0 | D39: =BUDGET!C39 -> 0 | E39: =+D39-C39 -> 0 | F39: =N!D39 -> 0 | G39: =BUDGET!D39 -> 0 | H39: =+G39-F39 -> 0 | I39: =N!E39 -> 0 | J39: =BUDGET!E39 -> 0 | K39: =+J39-I39 -> 0 | L39: =N!F39 -> 0 | M39: =BUDGET!F39 -> 0 | N39: =+M39-L39 -> 0 | O39: =N!G39 -> 0 | P39: =BUDGET!G39 -> 0 | Q39: =+P39-O39 -> 0 | R39: =N!H39 -> 0 | S39: =BUDGET!H39 -> 0 | T39: =+S39-R39 -> 0 | U39: =N!I39 -> 0 | V39: =BUDGET!I39 -> 0 | W39: =+V39-U39 -> 0 | X39: =N!J39 -> 0 | Y39: =BUDGET!J39 -> 0 | Z39: =+Y39-X39 -> 0 | AA39: =N!K39 -> 0 | AB39: =BUDGET!K39 -> 0 | AC39: =+AB39-AA39 -> 0 | AD39: =N!L39 -> 0 | AE39: =BUDGET!L39 -> 0 | AF39: =+AE39-AD39 -> 0 | AG39: =N!M39 -> 0 | AH39: =BUDGET!M39 -> 0 | AI39: =+AH39-AG39 -> 0 | AJ39: =N!N39 -> 0 | AK39: =BUDGET!N39 -> 0 | AL39: =+AK39-AJ39 -> 0
A40: Salaires bruts | C40: =+SUM(C41:C44) -> 0 | D40: =+SUM(D41:D44) -> 0 | E40: =+SUM(E41:E44) -> 0 | F40: =+SUM(F41:F44) -> 0 | G40: =+SUM(G41:G44) -> 0 | H40: =+SUM(H41:H44) -> 0 | I40: =+SUM(I41:I44) -> 0 | J40: =+SUM(J41:J44) -> 0 | ... AL40: =+SUM(AL41:AL44) -> 0
B41: SB Réception | C41: =N!C41 -> 0 | D41: =BUDGET!C41 -> 0 | E41: =D41-C41 -> 0 | F41: =N!D41 -> 0 | G41: =BUDGET!D41 -> 0 | H41: =+G41-F41 -> 0 | I41: =N!E41 -> 0 | J41: =BUDGET!E41 -> 0 | K41: =+J41-I41 -> 0 | L41: =N!F41 -> 0 | M41: =BUDGET!F41 -> 0 | N41: =+M41-L41 -> 0 | O41: =N!G41 -> 0 | P41: =BUDGET!G41 -> 0 | Q41: =+P41-O41 -> 0 | R41: =N!H41 -> 0 | S41: =BUDGET!H41 -> 0 | T41: =+S41-R41 -> 0 | U41: =N!I41 -> 0 | V41: =BUDGET!I41 -> 0 | W41: =+V41-U41 -> 0 | X41: =N!J41 -> 0 | Y41: =BUDGET!J41 -> 0 | Z41: =+Y41-X41 -> 0 | AA41: =N!K41 -> 0 | AB41: =BUDGET!K41 -> 0 | AC41: =+AB41-AA41 -> 0 | AD41: =N!L41 -> 0 | AE41: =BUDGET!L41 -> 0 | AF41: =+AE41-AD41 -> 0 | AG41: =N!M41 -> 0 | AH41: =BUDGET!M41 -> 0 | AI41: =+AH41-AG41 -> 0 | AJ41: =N!N41 -> 0 | AK41: =BUDGET!N41 -> 0 | AL41: =+AK41-AJ41 -> 0
B42: SB Hébergement | C42: =N!C42 -> 0 | D42: =BUDGET!C42 -> 0 | E42: =D42-C42 -> 0 | F42: =N!D42 -> 0 | G42: =BUDGET!D42 -> 0 | H42: =+G42-F42 -> 0 | I42: =N!E42 -> 0 | J42: =BUDGET!E42 -> 0 | K42: =+J42-I42 -> 0 | L42: =N!F42 -> 0 | M42: =BUDGET!F42 -> 0 | N42: =+M42-L42 -> 0 | O42: =N!G42 -> 0 | P42: =BUDGET!G42 -> 0 | Q42: =+P42-O42 -> 0 | R42: =N!H42 -> 0 | S42: =BUDGET!H42 -> 0 | T42: =+S42-R42 -> 0 | U42: =N!I42 -> 0 | V42: =BUDGET!I42 -> 0 | W42: =+V42-U42 -> 0 | X42: =N!J42 -> 0 | Y42: =BUDGET!J42 -> 0 | Z42: =+Y42-X42 -> 0 | AA42: =N!K42 -> 0 | AB42: =BUDGET!K42 -> 0 | AC42: =+AB42-AA42 -> 0 | AD42: =N!L42 -> 0 | AE42: =BUDGET!L42 -> 0 | AF42: =+AE42-AD42 -> 0 | AG42: =N!M42 -> 0 | AH42: =BUDGET!M42 -> 0 | AI42: =+AH42-AG42 -> 0 | AJ42: =N!N42 -> 0 | AK42: =BUDGET!N42 -> 0 | AL42: =+AK42-AJ42 -> 0
B43: SB Restauration | C43: =N!C43 -> 0 | D43: =BUDGET!C43 -> 0 | E43: =D43-C43 -> 0 | F43: =N!D43 -> 0 | G43: =BUDGET!D43 -> 0 | H43: =+G43-F43 -> 0 | I43: =N!E43 -> 0 | J43: =BUDGET!E43 -> 0 | K43: =+J43-I43 -> 0 | L43: =N!F43 -> 0 | M43: =BUDGET!F43 -> 0 | N43: =+M43-L43 -> 0 | O43: =N!G43 -> 0 | P43: =BUDGET!G43 -> 0 | Q43: =+P43-O43 -> 0 | R43: =N!H43 -> 0 | S43: =BUDGET!H43 -> 0 | T43: =+S43-R43 -> 0 | U43: =N!I43 -> 0 | V43: =BUDGET!I43 -> 0 | W43: =+V43-U43 -> 0 | X43: =N!J43 -> 0 | Y43: =BUDGET!J43 -> 0 | Z43: =+Y43-X43 -> 0 | AA43: =N!K43 -> 0 | AB43: =BUDGET!K43 -> 0 | AC43: =+AB43-AA43 -> 0 | AD43: =N!L43 -> 0 | AE43: =BUDGET!L43 -> 0 | AF43: =+AE43-AD43 -> 0 | AG43: =N!M43 -> 0 | AH43: =BUDGET!M43 -> 0 | AI43: =+AH43-AG43 -> 0 | AJ43: =N!N43 -> 0 | AK43: =BUDGET!N43 -> 0 | AL43: =+AK43-AJ43 -> 0
B44: SB Admin Comm | C44: =N!C44 -> 0 | D44: =BUDGET!C44 -> 0 | E44: =D44-C44 -> 0 | F44: =N!D44 -> 0 | G44: =BUDGET!D44 -> 0 | H44: =+G44-F44 -> 0 | I44: =N!E44 -> 0 | J44: =BUDGET!E44 -> 0 | K44: =+J44-I44 -> 0 | L44: =N!F44 -> 0 | M44: =BUDGET!F44 -> 0 | N44: =+M44-L44 -> 0 | O44: =N!G44 -> 0 | P44: =BUDGET!G44 -> 0 | Q44: =+P44-O44 -> 0 | R44: =N!H44 -> 0 | S44: =BUDGET!H44 -> 0 | T44: =+S44-R44 -> 0 | U44: =N!I44 -> 0 | V44: =BUDGET!I44 -> 0 | W44: =+V44-U44 -> 0 | X44: =N!J44 -> 0 | Y44: =BUDGET!J44 -> 0 | Z44: =+Y44-X44 -> 0 | AA44: =N!K44 -> 0 | AB44: =BUDGET!K44 -> 0 | AC44: =+AB44-AA44 -> 0 | AD44: =N!L44 -> 0 | AE44: =BUDGET!L44 -> 0 | AF44: =+AE44-AD44 -> 0 | AG44: =N!M44 -> 0 | AH44: =BUDGET!M44 -> 0 | AI44: =+AH44-AG44 -> 0 | AJ44: =N!N44 -> 0 | AK44: =BUDGET!N44 -> 0 | AL44: =+AK44-AJ44 -> 0
A45: Charges Sociales | C45: =+C46+C47+C48+C49 -> 0 | D45: =+D46+D47+D48+D49 -> 0 | E45: =+E46+E47+E48+E49 -> 0 | F45: =+F46+F47+F48+F49 -> 0 | G45: =+G46+G47+G48+G49 -> 0 | H45: =+H46+H47+H48+H49 -> 0 | I45: =+I46+I47+I48+I49 -> 0 | J45: =+J46+J47+J48+J49 -> 0 | ... AL45: =+AL46+AL47+AL48+AL49 -> 0
B46: CS Réception | C46: =N!C46 -> 0 | D46: =BUDGET!C46 -> 0 | E46: =D46-C46 -> 0 | F46: =N!D46 -> 0 | G46: =BUDGET!D46 -> 0 | H46: =+G46-F46 -> 0 | I46: =N!E46 -> 0 | J46: =BUDGET!E46 -> 0 | K46: =+J46-I46 -> 0 | L46: =N!F46 -> 0 | M46: =BUDGET!F46 -> 0 | N46: =+M46-L46 -> 0 | O46: =N!G46 -> 0 | P46: =BUDGET!G46 -> 0 | Q46: =+P46-O46 -> 0 | R46: =N!H46 -> 0 | S46: =BUDGET!H46 -> 0 | T46: =+S46-R46 -> 0 | U46: =N!I46 -> 0 | V46: =BUDGET!I46 -> 0 | W46: =+V46-U46 -> 0 | X46: =N!J46 -> 0 | Y46: =BUDGET!J46 -> 0 | Z46: =+Y46-X46 -> 0 | AA46: =N!K46 -> 0 | AB46: =BUDGET!K46 -> 0 | AC46: =+AB46-AA46 -> 0 | AD46: =N!L46 -> 0 | AE46: =BUDGET!L46 -> 0 | AF46: =+AE46-AD46 -> 0 | AG46: =N!M46 -> 0 | AH46: =BUDGET!M46 -> 0 | AI46: =+AH46-AG46 -> 0 | AJ46: =N!N46 -> 0 | AK46: =BUDGET!N46 -> 0 | AL46: =+AK46-AJ46 -> 0
B47: CS Hébergement | C47: =N!C47 -> 0 | D47: =BUDGET!C47 -> 0 | E47: =D47-C47 -> 0 | F47: =N!D47 -> 0 | G47: =BUDGET!D47 -> 0 | H47: =+G47-F47 -> 0 | I47: =N!E47 -> 0 | J47: =BUDGET!E47 -> 0 | K47: =+J47-I47 -> 0 | L47: =N!F47 -> 0 | M47: =BUDGET!F47 -> 0 | N47: =+M47-L47 -> 0 | O47: =N!G47 -> 0 | P47: =BUDGET!G47 -> 0 | Q47: =+P47-O47 -> 0 | R47: =N!H47 -> 0 | S47: =BUDGET!H47 -> 0 | T47: =+S47-R47 -> 0 | U47: =N!I47 -> 0 | V47: =BUDGET!I47 -> 0 | W47: =+V47-U47 -> 0 | X47: =N!J47 -> 0 | Y47: =BUDGET!J47 -> 0 | Z47: =+Y47-X47 -> 0 | AA47: =N!K47 -> 0 | AB47: =BUDGET!K47 -> 0 | AC47: =+AB47-AA47 -> 0 | AD47: =N!L47 -> 0 | AE47: =BUDGET!L47 -> 0 | AF47: =+AE47-AD47 -> 0 | AG47: =N!M47 -> 0 | AH47: =BUDGET!M47 -> 0 | AI47: =+AH47-AG47 -> 0 | AJ47: =N!N47 -> 0 | AK47: =BUDGET!N47 -> 0 | AL47: =+AK47-AJ47 -> 0
B48: CS Restauration | C48: =N!C48 -> 0 | D48: =BUDGET!C48 -> 0 | E48: =D48-C48 -> 0 | F48: =N!D48 -> 0 | G48: =BUDGET!D48 -> 0 | H48: =+G48-F48 -> 0 | I48: =N!E48 -> 0 | J48: =BUDGET!E48 -> 0 | K48: =+J48-I48 -> 0 | L48: =N!F48 -> 0 | M48: =BUDGET!F48 -> 0 | N48: =+M48-L48 -> 0 | O48: =N!G48 -> 0 | P48: =BUDGET!G48 -> 0 | Q48: =+P48-O48 -> 0 | R48: =N!H48 -> 0 | S48: =BUDGET!H48 -> 0 | T48: =+S48-R48 -> 0 | U48: =N!I48 -> 0 | V48: =BUDGET!I48 -> 0 | W48: =+V48-U48 -> 0 | X48: =N!J48 -> 0 | Y48: =BUDGET!J48 -> 0 | Z48: =+Y48-X48 -> 0 | AA48: =N!K48 -> 0 | AB48: =BUDGET!K48 -> 0 | AC48: =+AB48-AA48 -> 0 | AD48: =N!L48 -> 0 | AE48: =BUDGET!L48 -> 0 | AF48: =+AE48-AD48 -> 0 | AG48: =N!M48 -> 0 | AH48: =BUDGET!M48 -> 0 | AI48: =+AH48-AG48 -> 0 | AJ48: =N!N48 -> 0 | AK48: =BUDGET!N48 -> 0 | AL48: =+AK48-AJ48 -> 0
B49: CS Admin Comm | C49: =N!C49 -> 0 | D49: =BUDGET!C49 -> 0 | E49: =D49-C49 -> 0 | F49: =N!D49 -> 0 | G49: =BUDGET!D49 -> 0 | H49: =+G49-F49 -> 0 | I49: =N!E49 -> 0 | J49: =BUDGET!E49 -> 0 | K49: =+J49-I49 -> 0 | L49: =N!F49 -> 0 | M49: =BUDGET!F49 -> 0 | N49: =+M49-L49 -> 0 | O49: =N!G49 -> 0 | P49: =BUDGET!G49 -> 0 | Q49: =+P49-O49 -> 0 | R49: =N!H49 -> 0 | S49: =BUDGET!H49 -> 0 | T49: =+S49-R49 -> 0 | U49: =N!I49 -> 0 | V49: =BUDGET!I49 -> 0 | W49: =+V49-U49 -> 0 | X49: =N!J49 -> 0 | Y49: =BUDGET!J49 -> 0 | Z49: =+Y49-X49 -> 0 | AA49: =N!K49 -> 0 | AB49: =BUDGET!K49 -> 0 | AC49: =+AB49-AA49 -> 0 | AD49: =N!L49 -> 0 | AE49: =BUDGET!L49 -> 0 | AF49: =+AE49-AD49 -> 0 | AG49: =N!M49 -> 0 | AH49: =BUDGET!M49 -> 0 | AI49: =+AH49-AG49 -> 0 | AJ49: =N!N49 -> 0 | AK49: =BUDGET!N49 -> 0 | AL49: =+AK49-AJ49 -> 0
A50: Rémunération variable | C50: =+C51+C52+C53+C54 -> 0 | D50: =+D51+D52+D53+D54 -> 0 | E50: =+E51+E52+E53+E54 -> 0 | F50: =+F51+F52+F53+F54 -> 0 | G50: =+G51+G52+G53+G54 -> 0 | H50: =+H51+H52+H53+H54 -> 0 | I50: =+I51+I52+I53+I54 -> 0 | J50: =+J51+J52+J53+J54 -> 0 | ... AL50: =+AL51+AL52+AL53+AL54 -> 0
B51: RV Réception | C51: =N!C51 -> 0 | D51: =BUDGET!C51 -> 0 | E51: =D51-C51 -> 0 | F51: =N!D51 -> 0 | G51: =BUDGET!D51 -> 0 | H51: =+G51-F51 -> 0 | I51: =N!E51 -> 0 | J51: =BUDGET!E51 -> 0 | K51: =+J51-I51 -> 0 | L51: =N!F51 -> 0 | M51: =BUDGET!F51 -> 0 | N51: =+M51-L51 -> 0 | O51: =N!G51 -> 0 | P51: =BUDGET!G51 -> 0 | Q51: =+P51-O51 -> 0 | R51: =N!H51 -> 0 | S51: =BUDGET!H51 -> 0 | T51: =+S51-R51 -> 0 | U51: =N!I51 -> 0 | V51: =BUDGET!I51 -> 0 | W51: =+V51-U51 -> 0 | X51: =N!J51 -> 0 | Y51: =BUDGET!J51 -> 0 | Z51: =+Y51-X51 -> 0 | AA51: =N!K51 -> 0 | AB51: =BUDGET!K51 -> 0 | AC51: =+AB51-AA51 -> 0 | AD51: =N!L51 -> 0 | AE51: =BUDGET!L51 -> 0 | AF51: =+AE51-AD51 -> 0 | AG51: =N!M51 -> 0 | AH51: =BUDGET!M51 -> 0 | AI51: =+AH51-AG51 -> 0 | AJ51: =N!N51 -> 0 | AK51: =BUDGET!N51 -> 0 | AL51: =+AK51-AJ51 -> 0
B52: RV Hébergement | C52: =N!C52 -> 0 | D52: =BUDGET!C52 -> 0 | E52: =D52-C52 -> 0 | F52: =N!D52 -> 0 | G52: =BUDGET!D52 -> 0 | H52: =+G52-F52 -> 0 | I52: =N!E52 -> 0 | J52: =BUDGET!E52 -> 0 | K52: =+J52-I52 -> 0 | L52: =N!F52 -> 0 | M52: =BUDGET!F52 -> 0 | N52: =+M52-L52 -> 0 | O52: =N!G52 -> 0 | P52: =BUDGET!G52 -> 0 | Q52: =+P52-O52 -> 0 | R52: =N!H52 -> 0 | S52: =BUDGET!H52 -> 0 | T52: =+S52-R52 -> 0 | U52: =N!I52 -> 0 | V52: =BUDGET!I52 -> 0 | W52: =+V52-U52 -> 0 | X52: =N!J52 -> 0 | Y52: =BUDGET!J52 -> 0 | Z52: =+Y52-X52 -> 0 | AA52: =N!K52 -> 0 | AB52: =BUDGET!K52 -> 0 | AC52: =+AB52-AA52 -> 0 | AD52: =N!L52 -> 0 | AE52: =BUDGET!L52 -> 0 | AF52: =+AE52-AD52 -> 0 | AG52: =N!M52 -> 0 | AH52: =BUDGET!M52 -> 0 | AI52: =+AH52-AG52 -> 0 | AJ52: =N!N52 -> 0 | AK52: =BUDGET!N52 -> 0 | AL52: =+AK52-AJ52 -> 0
B53: RV Restauration | C53: =N!C53 -> 0 | D53: =BUDGET!C53 -> 0 | E53: =D53-C53 -> 0 | F53: =N!D53 -> 0 | G53: =BUDGET!D53 -> 0 | H53: =+G53-F53 -> 0 | I53: =N!E53 -> 0 | J53: =BUDGET!E53 -> 0 | K53: =+J53-I53 -> 0 | L53: =N!F53 -> 0 | M53: =BUDGET!F53 -> 0 | N53: =+M53-L53 -> 0 | O53: =N!G53 -> 0 | P53: =BUDGET!G53 -> 0 | Q53: =+P53-O53 -> 0 | R53: =N!H53 -> 0 | S53: =BUDGET!H53 -> 0 | T53: =+S53-R53 -> 0 | U53: =N!I53 -> 0 | V53: =BUDGET!I53 -> 0 | W53: =+V53-U53 -> 0 | X53: =N!J53 -> 0 | Y53: =BUDGET!J53 -> 0 | Z53: =+Y53-X53 -> 0 | AA53: =N!K53 -> 0 | AB53: =BUDGET!K53 -> 0 | AC53: =+AB53-AA53 -> 0 | AD53: =N!L53 -> 0 | AE53: =BUDGET!L53 -> 0 | AF53: =+AE53-AD53 -> 0 | AG53: =N!M53 -> 0 | AH53: =BUDGET!M53 -> 0 | AI53: =+AH53-AG53 -> 0 | AJ53: =N!N53 -> 0 | AK53: =BUDGET!N53 -> 0 | AL53: =+AK53-AJ53 -> 0
B54: CS Admin Comm | C54: =N!C54 -> 0 | D54: =BUDGET!C54 -> 0 | E54: =D54-C54 -> 0 | F54: =N!D54 -> 0 | G54: =BUDGET!D54 -> 0 | H54: =+G54-F54 -> 0 | I54: =N!E54 -> 0 | J54: =BUDGET!E54 -> 0 | K54: =+J54-I54 -> 0 | L54: =N!F54 -> 0 | M54: =BUDGET!F54 -> 0 | N54: =+M54-L54 -> 0 | O54: =N!G54 -> 0 | P54: =BUDGET!G54 -> 0 | Q54: =+P54-O54 -> 0 | R54: =N!H54 -> 0 | S54: =BUDGET!H54 -> 0 | T54: =+S54-R54 -> 0 | U54: =N!I54 -> 0 | V54: =BUDGET!I54 -> 0 | W54: =+V54-U54 -> 0 | X54: =N!J54 -> 0 | Y54: =BUDGET!J54 -> 0 | Z54: =+Y54-X54 -> 0 | AA54: =N!K54 -> 0 | AB54: =BUDGET!K54 -> 0 | AC54: =+AB54-AA54 -> 0 | AD54: =N!L54 -> 0 | AE54: =BUDGET!L54 -> 0 | AF54: =+AE54-AD54 -> 0 | AG54: =N!M54 -> 0 | AH54: =BUDGET!M54 -> 0 | AI54: =+AH54-AG54 -> 0 | AJ54: =N!N54 -> 0 | AK54: =BUDGET!N54 -> 0 | AL54: =+AK54-AJ54 -> 0
A55: Cout formation | C55: =N!C55 -> 0 | D55: =BUDGET!C55 -> 0 | E55: =D55-C55 -> 0 | F55: =N!D55 -> 0 | G55: =BUDGET!D55 -> 0 | H55: =+G55-F55 -> 0 | I55: =N!E55 -> 0 | J55: =BUDGET!E55 -> 0 | K55: =+J55-I55 -> 0 | L55: =N!F55 -> 0 | M55: =BUDGET!F55 -> 0 | N55: =+M55-L55 -> 0 | O55: =N!G55 -> 0 | P55: =BUDGET!G55 -> 0 | Q55: =+P55-O55 -> 0 | R55: =N!H55 -> 0 | S55: =BUDGET!H55 -> 0 | T55: =+S55-R55 -> 0 | U55: =N!I55 -> 0 | V55: =BUDGET!I55 -> 0 | W55: =+V55-U55 -> 0 | X55: =N!J55 -> 0 | Y55: =BUDGET!J55 -> 0 | Z55: =+Y55-X55 -> 0 | AA55: =N!K55 -> 0 | AB55: =BUDGET!K55 -> 0 | AC55: =+AB55-AA55 -> 0 | AD55: =N!L55 -> 0 | AE55: =BUDGET!L55 -> 0 | AF55: =+AE55-AD55 -> 0 | AG55: =N!M55 -> 0 | AH55: =BUDGET!M55 -> 0 | AI55: =+AH55-AG55 -> 0 | AJ55: =N!N55 -> 0 | AK55: =BUDGET!N55 -> 0 | AL55: =+AK55-AJ55 -> 0
A56: Autres frais de personnel | C56: =N!C56 -> 0 | D56: =BUDGET!C56 -> 0 | E56: =D56-C56 -> 0 | F56: =N!D56 -> 0 | G56: =BUDGET!D56 -> 0 | H56: =+G56-F56 -> 0 | I56: =N!E56 -> 0 | J56: =BUDGET!E56 -> 0 | K56: =+J56-I56 -> 0 | L56: =N!F56 -> 0 | M56: =BUDGET!F56 -> 0 | N56: =+M56-L56 -> 0 | O56: =N!G56 -> 0 | P56: =BUDGET!G56 -> 0 | Q56: =+P56-O56 -> 0 | R56: =N!H56 -> 0 | S56: =BUDGET!H56 -> 0 | T56: =+S56-R56 -> 0 | U56: =N!I56 -> 0 | V56: =BUDGET!I56 -> 0 | W56: =+V56-U56 -> 0 | X56: =N!J56 -> 0 | Y56: =BUDGET!J56 -> 0 | Z56: =+Y56-X56 -> 0 | AA56: =N!K56 -> 0 | AB56: =BUDGET!K56 -> 0 | AC56: =+AB56-AA56 -> 0 | AD56: =N!L56 -> 0 | AE56: =BUDGET!L56 -> 0 | AF56: =+AE56-AD56 -> 0 | AG56: =N!M56 -> 0 | AH56: =BUDGET!M56 -> 0 | AI56: =+AH56-AG56 -> 0 | AJ56: =N!N56 -> 0 | AK56: =BUDGET!N56 -> 0 | AL56: =+AK56-AJ56 -> 0
A57: Impôts et taxes sur salaires | C57: =N!C57 -> 0 | D57: =BUDGET!C57 -> 0 | E57: =D57-C57 -> 0 | F57: =N!D57 -> 0 | G57: =BUDGET!D57 -> 0 | H57: =+G57-F57 -> 0 | I57: =N!E57 -> 0 | J57: =BUDGET!E57 -> 0 | K57: =+J57-I57 -> 0 | L57: =N!F57 -> 0 | M57: =BUDGET!F57 -> 0 | N57: =+M57-L57 -> 0 | O57: =N!G57 -> 0 | P57: =BUDGET!G57 -> 0 | Q57: =+P57-O57 -> 0 | R57: =N!H57 -> 0 | S57: =BUDGET!H57 -> 0 | T57: =+S57-R57 -> 0 | U57: =N!I57 -> 0 | V57: =BUDGET!I57 -> 0 | W57: =+V57-U57 -> 0 | X57: =N!J57 -> 0 | Y57: =BUDGET!J57 -> 0 | Z57: =+Y57-X57 -> 0 | AA57: =N!K57 -> 0 | AB57: =BUDGET!K57 -> 0 | AC57: =+AB57-AA57 -> 0 | AD57: =N!L57 -> 0 | AE57: =BUDGET!L57 -> 0 | AF57: =+AE57-AD57 -> 0 | AG57: =N!M57 -> 0 | AH57: =BUDGET!M57 -> 0 | AI57: =+AH57-AG57 -> 0 | AJ57: =N!N57 -> 0 | AK57: =BUDGET!N57 -> 0 | AL57: =+AK57-AJ57 -> 0
A58: Total Ressources Opérationnelles | C58: =+C35+C40+C45+C50+C55+C56+C57 -> 0 | D58: =+D35+D40+D45+D50+D55+D56+D57 -> 0 | E58: =+E35+E40+E45+E50+E55+E56+E57 -> 0 | F58: =+F35+F40+F45+F50+F55+F56+F57 -> 0 | G58: =+G35+G40+G45+G50+G55+G56+G57 -> 0 | H58: =+H35+H40+H45+H50+H55+H56+H57 -> 0 | I58: =+I35+I40+I45+I50+I55+I56+I57 -> 0 | J58: =+J35+J40+J45+J50+J55+J56+J57 -> 0 | ... AL58: =+AL35+AL40+AL45+AL50+AL55+AL56+AL57 -> 0
AK59: =BUDGET!N59 -> 0
A60: Produits accueil et entretien | C60: =+C61+C64 -> 0 | D60: =+D61+D64 -> 0 | E60: =+E61+E64 -> 0 | F60: =+F61+F64 -> 0 | G60: =+G61+G64 -> 0 | H60: =+H61+H64 -> 0 | I60: =+I61+I64 -> 0 | J60: =+J61+J64 -> 0 | ... AL60: =+AL61+AL64 -> 0
A61: Blanchisserie | C61: =+C62+C63 -> 0 | D61: =+D62+D63 -> 0 | E61: =+E62+E63 -> 0 | F61: =+F62+F63 -> 0 | G61: =+G62+G63 -> 0 | H61: =+H62+H63 -> 0 | I61: =+I62+I63 -> 0 | J61: =+J62+J63 -> 0 | ... AL61: =+AL62+AL63 -> 0
B62: Hébergement | C62: =N!C62 -> 0 | D62: =BUDGET!C62 -> 0 | E62: =D62-C62 -> 0 | F62: =N!D62 -> 0 | G62: =BUDGET!D62 -> 0 | H62: =+G62-F62 -> 0 | I62: =N!E62 -> 0 | J62: =BUDGET!E62 -> 0 | K62: =+J62-I62 -> 0 | L62: =N!F62 -> 0 | M62: =BUDGET!F62 -> 0 | N62: =+M62-L62 -> 0 | O62: =N!G62 -> 0 | P62: =BUDGET!G62 -> 0 | Q62: =+P62-O62 -> 0 | R62: =N!H62 -> 0 | S62: =BUDGET!H62 -> 0 | T62: =+S62-R62 -> 0 | U62: =N!I62 -> 0 | V62: =BUDGET!I62 -> 0 | W62: =+V62-U62 -> 0 | X62: =N!J62 -> 0 | Y62: =BUDGET!J62 -> 0 | Z62: =+Y62-X62 -> 0 | AA62: =N!K62 -> 0 | AB62: =BUDGET!K62 -> 0 | AC62: =+AB62-AA62 -> 0 | AD62: =N!L62 -> 0 | AE62: =BUDGET!L62 -> 0 | AF62: =+AE62-AD62 -> 0 | AG62: =N!M62 -> 0 | AH62: =BUDGET!M62 -> 0 | AI62: =+AH62-AG62 -> 0 | AJ62: =N!N62 -> 0 | AK62: =BUDGET!N62 -> 0 | AL62: =+AK62-AJ62 -> 0
B63: Restauration | C63: =N!C63 -> 0 | D63: =BUDGET!C63 -> 0 | E63: =D63-C63 -> 0 | F63: =N!D63 -> 0 | G63: =BUDGET!D63 -> 0 | H63: =+G63-F63 -> 0 | I63: =N!E63 -> 0 | J63: =BUDGET!E63 -> 0 | K63: =+J63-I63 -> 0 | L63: =N!F63 -> 0 | M63: =BUDGET!F63 -> 0 | N63: =+M63-L63 -> 0 | O63: =N!G63 -> 0 | P63: =BUDGET!G63 -> 0 | Q63: =+P63-O63 -> 0 | R63: =N!H63 -> 0 | S63: =BUDGET!H63 -> 0 | T63: =+S63-R63 -> 0 | U63: =N!I63 -> 0 | V63: =BUDGET!I63 -> 0 | W63: =+V63-U63 -> 0 | X63: =N!J63 -> 0 | Y63: =BUDGET!J63 -> 0 | Z63: =+Y63-X63 -> 0 | AA63: =N!K63 -> 0 | AB63: =BUDGET!K63 -> 0 | AC63: =+AB63-AA63 -> 0 | AD63: =N!L63 -> 0 | AE63: =BUDGET!L63 -> 0 | AF63: =+AE63-AD63 -> 0 | AG63: =N!M63 -> 0 | AH63: =BUDGET!M63 -> 0 | AI63: =+AH63-AG63 -> 0 | AJ63: =N!N63 -> 0 | AK63: =BUDGET!N63 -> 0 | AL63: =+AK63-AJ63 -> 0
A64: Pdts accueil et entretien Hebergement | C64: =N!C64 -> 0 | D64: =BUDGET!C64 -> 0 | E64: =D64-C64 -> 0 | F64: =N!D64 -> 0 | G64: =BUDGET!D64 -> 0 | H64: =+G64-F64 -> 0 | I64: =N!E64 -> 0 | J64: =BUDGET!E64 -> 0 | K64: =+J64-I64 -> 0 | L64: =N!F64 -> 0 | M64: =BUDGET!F64 -> 0 | N64: =+M64-L64 -> 0 | O64: =N!G64 -> 0 | P64: =BUDGET!G64 -> 0 | Q64: =+P64-O64 -> 0 | R64: =N!H64 -> 0 | S64: =BUDGET!H64 -> 0 | T64: =+S64-R64 -> 0 | U64: =N!I64 -> 0 | V64: =BUDGET!I64 -> 0 | W64: =+V64-U64 -> 0 | X64: =N!J64 -> 0 | Y64: =BUDGET!J64 -> 0 | Z64: =+Y64-X64 -> 0 | AA64: =N!K64 -> 0 | AB64: =BUDGET!K64 -> 0 | AC64: =+AB64-AA64 -> 0 | AD64: =N!L64 -> 0 | AE64: =BUDGET!L64 -> 0 | AF64: =+AE64-AD64 -> 0 | AG64: =N!M64 -> 0 | AH64: =BUDGET!M64 -> 0 | AI64: =+AH64-AG64 -> 0 | AJ64: =N!N64 -> 0 | AK64: =BUDGET!N64 -> 0 | AL64: =+AK64-AJ64 -> 0
A65: Matériel et Fournitures Exploitation | C65: =+C66+C67+C68 -> 0 | D65: =+D66+D67+D68 -> 0 | E65: =+E66+E67+E68 -> 0 | F65: =+F66+F67+F68 -> 0 | G65: =+G66+G67+G68 -> 0 | H65: =+H66+H67+H68 -> 0 | I65: =+I66+I67+I68 -> 0 | J65: =+J66+J67+J68 -> 0 | ... AL65: =+AL66+AL67+AL68 -> 0
A66: [Petit matériel et Fournitures Exploi | C66: =N!C66 -> 0 | D66: =BUDGET!C66 -> 0 | E66: =D66-C66 -> 0 | F66: =N!D66 -> 0 | G66: =BUDGET!D66 -> 0 | H66: =+G66-F66 -> 0 | I66: =N!E66 -> 0 | J66: =BUDGET!E66 -> 0 | K66: =+J66-I66 -> 0 | L66: =N!F66 -> 0 | M66: =BUDGET!F66 -> 0 | N66: =+M66-L66 -> 0 | O66: =N!G66 -> 0 | P66: =BUDGET!G66 -> 0 | Q66: =+P66-O66 -> 0 | R66: =N!H66 -> 0 | S66: =BUDGET!H66 -> 0 | T66: =+S66-R66 -> 0 | U66: =N!I66 -> 0 | V66: =BUDGET!I66 -> 0 | W66: =+V66-U66 -> 0 | X66: =N!J66 -> 0 | Y66: =BUDGET!J66 -> 0 | Z66: =+Y66-X66 -> 0 | AA66: =N!K66 -> 0 | AB66: =BUDGET!K66 -> 0 | AC66: =+AB66-AA66 -> 0 | AD66: =N!L66 -> 0 | AE66: =BUDGET!L66 -> 0 | AF66: =+AE66-AD66 -> 0 | AG66: =N!M66 -> 0 | AH66: =BUDGET!M66 -> 0 | AI66: =+AH66-AG66 -> 0 | AJ66: =N!N66 -> 0 | AK66: =BUDGET!N66 -> 0 | AL66: =+AK66-AJ66 -> 0
A67: [Vaisselles et Ustensiles | C67: =N!C67 -> 0 | D67: =BUDGET!C67 -> 0 | E67: =D67-C67 -> 0 | F67: =N!D67 -> 0 | G67: =BUDGET!D67 -> 0 | H67: =+G67-F67 -> 0 | I67: =N!E67 -> 0 | J67: =BUDGET!E67 -> 0 | K67: =+J67-I67 -> 0 | L67: =N!F67 -> 0 | M67: =BUDGET!F67 -> 0 | N67: =+M67-L67 -> 0 | O67: =N!G67 -> 0 | P67: =BUDGET!G67 -> 0 | Q67: =+P67-O67 -> 0 | R67: =N!H67 -> 0 | S67: =BUDGET!H67 -> 0 | T67: =+S67-R67 -> 0 | U67: =N!I67 -> 0 | V67: =BUDGET!I67 -> 0 | W67: =+V67-U67 -> 0 | X67: =N!J67 -> 0 | Y67: =BUDGET!J67 -> 0 | Z67: =+Y67-X67 -> 0 | AA67: =N!K67 -> 0 | AB67: =BUDGET!K67 -> 0 | AC67: =+AB67-AA67 -> 0 | AD67: =N!L67 -> 0 | AE67: =BUDGET!L67 -> 0 | AF67: =+AE67-AD67 -> 0 | AG67: =N!M67 -> 0 | AH67: =BUDGET!M67 -> 0 | AI67: =+AH67-AG67 -> 0 | AJ67: =N!N67 -> 0 | AK67: =BUDGET!N67 -> 0 | AL67: =+AK67-AJ67 -> 0
A68: [Linge | C68: =N!C68 -> 0 | D68: =BUDGET!C68 -> 0 | E68: =D68-C68 -> 0 | F68: =N!D68 -> 0 | G68: =BUDGET!D68 -> 0 | H68: =+G68-F68 -> 0 | I68: =N!E68 -> 0 | J68: =BUDGET!E68 -> 0 | K68: =+J68-I68 -> 0 | L68: =N!F68 -> 0 | M68: =BUDGET!F68 -> 0 | N68: =+M68-L68 -> 0 | O68: =N!G68 -> 0 | P68: =BUDGET!G68 -> 0 | Q68: =+P68-O68 -> 0 | R68: =N!H68 -> 0 | S68: =BUDGET!H68 -> 0 | T68: =+S68-R68 -> 0 | U68: =N!I68 -> 0 | V68: =BUDGET!I68 -> 0 | W68: =+V68-U68 -> 0 | X68: =N!J68 -> 0 | Y68: =BUDGET!J68 -> 0 | Z68: =+Y68-X68 -> 0 | AA68: =N!K68 -> 0 | AB68: =BUDGET!K68 -> 0 | AC68: =+AB68-AA68 -> 0 | AD68: =N!L68 -> 0 | AE68: =BUDGET!L68 -> 0 | AF68: =+AE68-AD68 -> 0 | AG68: =N!M68 -> 0 | AH68: =BUDGET!M68 -> 0 | AI68: =+AH68-AG68 -> 0 | AJ68: =N!N68 -> 0 | AK68: =BUDGET!N68 -> 0 | AL68: =+AK68-AJ68 -> 0
A69: Uniformes | C69: =N!C69 -> 0 | D69: =BUDGET!C69 -> 0 | E69: =D69-C69 -> 0 | F69: =N!D69 -> 0 | G69: =BUDGET!D69 -> 0 | H69: =+G69-F69 -> 0 | I69: =N!E69 -> 0 | J69: =BUDGET!E69 -> 0 | K69: =+J69-I69 -> 0 | L69: =N!F69 -> 0 | M69: =BUDGET!F69 -> 0 | N69: =+M69-L69 -> 0 | O69: =N!G69 -> 0 | P69: =BUDGET!G69 -> 0 | Q69: =+P69-O69 -> 0 | R69: =N!H69 -> 0 | S69: =BUDGET!H69 -> 0 | T69: =+S69-R69 -> 0 | U69: =N!I69 -> 0 | V69: =BUDGET!I69 -> 0 | W69: =+V69-U69 -> 0 | X69: =N!J69 -> 0 | Y69: =BUDGET!J69 -> 0 | Z69: =+Y69-X69 -> 0 | AA69: =N!K69 -> 0 | AB69: =BUDGET!K69 -> 0 | AC69: =+AB69-AA69 -> 0 | AD69: =N!L69 -> 0 | AE69: =BUDGET!L69 -> 0 | AF69: =+AE69-AD69 -> 0 | AG69: =N!M69 -> 0 | AH69: =BUDGET!M69 -> 0 | AI69: =+AH69-AG69 -> 0 | AJ69: =N!N69 -> 0 | AK69: =BUDGET!N69 -> 0 | AL69: =+AK69-AJ69 -> 0
A70: Informatique | C70: =N!C70 -> 0 | D70: =BUDGET!C70 -> 0 | E70: =D70-C70 -> 0 | F70: =N!D70 -> 0 | G70: =BUDGET!D70 -> 0 | H70: =+G70-F70 -> 0 | I70: =N!E70 -> 0 | J70: =BUDGET!E70 -> 0 | K70: =+J70-I70 -> 0 | L70: =N!F70 -> 0 | M70: =BUDGET!F70 -> 0 | N70: =+M70-L70 -> 0 | O70: =N!G70 -> 0 | P70: =BUDGET!G70 -> 0 | Q70: =+P70-O70 -> 0 | R70: =N!H70 -> 0 | S70: =BUDGET!H70 -> 0 | T70: =+S70-R70 -> 0 | U70: =N!I70 -> 0 | V70: =BUDGET!I70 -> 0 | W70: =+V70-U70 -> 0 | X70: =N!J70 -> 0 | Y70: =BUDGET!J70 -> 0 | Z70: =+Y70-X70 -> 0 | AA70: =N!K70 -> 0 | AB70: =BUDGET!K70 -> 0 | AC70: =+AB70-AA70 -> 0 | AD70: =N!L70 -> 0 | AE70: =BUDGET!L70 -> 0 | AF70: =+AE70-AD70 -> 0 | AG70: =N!M70 -> 0 | AH70: =BUDGET!M70 -> 0 | AI70: =+AH70-AG70 -> 0 | AJ70: =N!N70 -> 0 | AK70: =BUDGET!N70 -> 0 | AL70: =+AK70-AJ70 -> 0
A71: Décoration/Animation | C71: =+C72+C73 -> 0 | D71: =+D72+D73 -> 0 | E71: =+E72+E73 -> 0 | F71: =+F72+F73 -> 0 | G71: =+G72+G73 -> 0 | H71: =+H72+H73 -> 0 | I71: =+I72+I73 -> 0 | J71: =+J72+J73 -> 0 | ... AL71: =+AL72+AL73 -> 0
A72: [Fleurs/plantes | C72: =N!C72 -> 0 | D72: =BUDGET!C72 -> 0 | E72: =D72-C72 -> 0 | F72: =N!D72 -> 0 | G72: =BUDGET!D72 -> 0 | H72: =+G72-F72 -> 0 | I72: =N!E72 -> 0 | J72: =BUDGET!E72 -> 0 | K72: =+J72-I72 -> 0 | L72: =N!F72 -> 0 | M72: =BUDGET!F72 -> 0 | N72: =+M72-L72 -> 0 | O72: =N!G72 -> 0 | P72: =BUDGET!G72 -> 0 | Q72: =+P72-O72 -> 0 | R72: =N!H72 -> 0 | S72: =BUDGET!H72 -> 0 | T72: =+S72-R72 -> 0 | U72: =N!I72 -> 0 | V72: =BUDGET!I72 -> 0 | W72: =+V72-U72 -> 0 | X72: =N!J72 -> 0 | Y72: =BUDGET!J72 -> 0 | Z72: =+Y72-X72 -> 0 | AA72: =N!K72 -> 0 | AB72: =BUDGET!K72 -> 0 | AC72: =+AB72-AA72 -> 0 | AD72: =N!L72 -> 0 | AE72: =BUDGET!L72 -> 0 | AF72: =+AE72-AD72 -> 0 | AG72: =N!M72 -> 0 | AH72: =BUDGET!M72 -> 0 | AI72: =+AH72-AG72 -> 0 | AJ72: =N!N72 -> 0 | AK72: =BUDGET!N72 -> 0 | AL72: =+AK72-AJ72 -> 0
A73: [Contrat décoration - espace vert | C73: =N!C73 -> 0 | D73: =BUDGET!C73 -> 0 | E73: =D73-C73 -> 0 | F73: =N!D73 -> 0 | G73: =BUDGET!D73 -> 0 | H73: =+G73-F73 -> 0 | I73: =N!E73 -> 0 | J73: =BUDGET!E73 -> 0 | K73: =+J73-I73 -> 0 | L73: =N!F73 -> 0 | M73: =BUDGET!F73 -> 0 | N73: =+M73-L73 -> 0 | O73: =N!G73 -> 0 | P73: =BUDGET!G73 -> 0 | Q73: =+P73-O73 -> 0 | R73: =N!H73 -> 0 | S73: =BUDGET!H73 -> 0 | T73: =+S73-R73 -> 0 | U73: =N!I73 -> 0 | V73: =BUDGET!I73 -> 0 | W73: =+V73-U73 -> 0 | X73: =N!J73 -> 0 | Y73: =BUDGET!J73 -> 0 | Z73: =+Y73-X73 -> 0 | AA73: =N!K73 -> 0 | AB73: =BUDGET!K73 -> 0 | AC73: =+AB73-AA73 -> 0 | AD73: =N!L73 -> 0 | AE73: =BUDGET!L73 -> 0 | AF73: =+AE73-AD73 -> 0 | AG73: =N!M73 -> 0 | AH73: =BUDGET!M73 -> 0 | AI73: =+AH73-AG73 -> 0 | AJ73: =N!N73 -> 0 | AK73: =BUDGET!N73 -> 0 | AL73: =+AK73-AJ73 -> 0
A74: Télévision et Technologie | C74: =+C75+C76 -> 0 | D74: =+D75+D76 -> 0 | E74: =+E75+E76 -> 0 | F74: =+F75+F76 -> 0 | G74: =+G75+G76 -> 0 | H74: =+H75+H76 -> 0 | I74: =+I75+I76 -> 0 | J74: =+J75+J76 -> 0 | ... AL74: =+AL75+AL76 -> 0
A75: [Abonnement CANAL + | C75: =N!C75 -> 0 | D75: =BUDGET!C75 -> 0 | E75: =D75-C75 -> 0 | F75: =N!D75 -> 0 | G75: =BUDGET!D75 -> 0 | H75: =+G75-F75 -> 0 | I75: =N!E75 -> 0 | J75: =BUDGET!E75 -> 0 | K75: =+J75-I75 -> 0 | L75: =N!F75 -> 0 | M75: =BUDGET!F75 -> 0 | N75: =+M75-L75 -> 0 | O75: =N!G75 -> 0 | P75: =BUDGET!G75 -> 0 | Q75: =+P75-O75 -> 0 | R75: =N!H75 -> 0 | S75: =BUDGET!H75 -> 0 | T75: =+S75-R75 -> 0 | U75: =N!I75 -> 0 | V75: =BUDGET!I75 -> 0 | W75: =+V75-U75 -> 0 | X75: =N!J75 -> 0 | Y75: =BUDGET!J75 -> 0 | Z75: =+Y75-X75 -> 0 | AA75: =N!K75 -> 0 | AB75: =BUDGET!K75 -> 0 | AC75: =+AB75-AA75 -> 0 | AD75: =N!L75 -> 0 | AE75: =BUDGET!L75 -> 0 | AF75: =+AE75-AD75 -> 0 | AG75: =N!M75 -> 0 | AH75: =BUDGET!M75 -> 0 | AI75: =+AH75-AG75 -> 0 | AJ75: =N!N75 -> 0 | AK75: =BUDGET!N75 -> 0 | AL75: =+AK75-AJ75 -> 0
A76: [Taxe Audiovisuelle / SACEM | C76: =N!C76 -> 0 | D76: =BUDGET!C76 -> 0 | E76: =D76-C76 -> 0 | F76: =N!D76 -> 0 | G76: =BUDGET!D76 -> 0 | H76: =+G76-F76 -> 0 | I76: =N!E76 -> 0 | J76: =BUDGET!E76 -> 0 | K76: =+J76-I76 -> 0 | L76: =N!F76 -> 0 | M76: =BUDGET!F76 -> 0 | N76: =+M76-L76 -> 0 | O76: =N!G76 -> 0 | P76: =BUDGET!G76 -> 0 | Q76: =+P76-O76 -> 0 | R76: =N!H76 -> 0 | S76: =BUDGET!H76 -> 0 | T76: =+S76-R76 -> 0 | U76: =N!I76 -> 0 | V76: =BUDGET!I76 -> 0 | W76: =+V76-U76 -> 0 | X76: =N!J76 -> 0 | Y76: =BUDGET!J76 -> 0 | Z76: =+Y76-X76 -> 0 | AA76: =N!K76 -> 0 | AB76: =BUDGET!K76 -> 0 | AC76: =+AB76-AA76 -> 0 | AD76: =N!L76 -> 0 | AE76: =BUDGET!L76 -> 0 | AF76: =+AE76-AD76 -> 0 | AG76: =N!M76 -> 0 | AH76: =BUDGET!M76 -> 0 | AI76: =+AH76-AG76 -> 0 | AJ76: =N!N76 -> 0 | AK76: =BUDGET!N76 -> 0 | AL76: =+AK76-AJ76 -> 0
A77: Location Matériel et Mobilier | C77: =N!C77 -> 0 | D77: =BUDGET!C77 -> 0 | E77: =D77-C77 -> 0 | F77: =N!D77 -> 0 | G77: =BUDGET!D77 -> 0 | H77: =+G77-F77 -> 0 | I77: =N!E77 -> 0 | J77: =BUDGET!E77 -> 0 | K77: =+J77-I77 -> 0 | L77: =N!F77 -> 0 | M77: =BUDGET!F77 -> 0 | N77: =+M77-L77 -> 0 | O77: =N!G77 -> 0 | P77: =BUDGET!G77 -> 0 | Q77: =+P77-O77 -> 0 | R77: =N!H77 -> 0 | S77: =BUDGET!H77 -> 0 | T77: =+S77-R77 -> 0 | U77: =N!I77 -> 0 | V77: =BUDGET!I77 -> 0 | W77: =+V77-U77 -> 0 | X77: =N!J77 -> 0 | Y77: =BUDGET!J77 -> 0 | Z77: =+Y77-X77 -> 0 | AA77: =N!K77 -> 0 | AB77: =BUDGET!K77 -> 0 | AC77: =+AB77-AA77 -> 0 | AD77: =N!L77 -> 0 | AE77: =BUDGET!L77 -> 0 | AF77: =+AE77-AD77 -> 0 | AG77: =N!M77 -> 0 | AH77: =BUDGET!M77 -> 0 | AI77: =+AH77-AG77 -> 0 | AJ77: =N!N77 -> 0 | AK77: =BUDGET!N77 -> 0 | AL77: =+AK77-AJ77 -> 0
A78: Matériel Technique et outillages | C78: =N!C78 -> 0 | D78: =BUDGET!C78 -> 0 | E78: =D78-C78 -> 0 | F78: =N!D78 -> 0 | G78: =BUDGET!D78 -> 0 | H78: =+G78-F78 -> 0 | I78: =N!E78 -> 0 | J78: =BUDGET!E78 -> 0 | K78: =+J78-I78 -> 0 | L78: =N!F78 -> 0 | M78: =BUDGET!F78 -> 0 | N78: =+M78-L78 -> 0 | O78: =N!G78 -> 0 | P78: =BUDGET!G78 -> 0 | Q78: =+P78-O78 -> 0 | R78: =N!H78 -> 0 | S78: =BUDGET!H78 -> 0 | T78: =+S78-R78 -> 0 | U78: =N!I78 -> 0 | V78: =BUDGET!I78 -> 0 | W78: =+V78-U78 -> 0 | X78: =N!J78 -> 0 | Y78: =BUDGET!J78 -> 0 | Z78: =+Y78-X78 -> 0 | AA78: =N!K78 -> 0 | AB78: =BUDGET!K78 -> 0 | AC78: =+AB78-AA78 -> 0 | AD78: =N!L78 -> 0 | AE78: =BUDGET!L78 -> 0 | AF78: =+AE78-AD78 -> 0 | AG78: =N!M78 -> 0 | AH78: =BUDGET!M78 -> 0 | AI78: =+AH78-AG78 -> 0 | AJ78: =N!N78 -> 0 | AK78: =BUDGET!N78 -> 0 | AL78: =+AK78-AJ78 -> 0
A79: Entretien Mobilier et immobilier | C79: =N!C79 -> 0 | D79: =BUDGET!C79 -> 0 | E79: =D79-C79 -> 0 | F79: =N!D79 -> 0 | G79: =BUDGET!D79 -> 0 | H79: =+G79-F79 -> 0 | I79: =N!E79 -> 0 | J79: =BUDGET!E79 -> 0 | K79: =+J79-I79 -> 0 | L79: =N!F79 -> 0 | M79: =BUDGET!F79 -> 0 | N79: =+M79-L79 -> 0 | O79: =N!G79 -> 0 | P79: =BUDGET!G79 -> 0 | Q79: =+P79-O79 -> 0 | R79: =N!H79 -> 0 | S79: =BUDGET!H79 -> 0 | T79: =+S79-R79 -> 0 | U79: =N!I79 -> 0 | V79: =BUDGET!I79 -> 0 | W79: =+V79-U79 -> 0 | X79: =N!J79 -> 0 | Y79: =BUDGET!J79 -> 0 | Z79: =+Y79-X79 -> 0 | AA79: =N!K79 -> 0 | AB79: =BUDGET!K79 -> 0 | AC79: =+AB79-AA79 -> 0 | AD79: =N!L79 -> 0 | AE79: =BUDGET!L79 -> 0 | AF79: =+AE79-AD79 -> 0 | AG79: =N!M79 -> 0 | AH79: =BUDGET!M79 -> 0 | AI79: =+AH79-AG79 -> 0 | AJ79: =N!N79 -> 0 | AK79: =BUDGET!N79 -> 0 | AL79: =+AK79-AJ79 -> 0
A80: Contrat entretien COFELY | C80: =N!C80 -> 0 | D80: =BUDGET!C80 -> 0 | E80: =D80-C80 -> 0 | F80: =N!D80 -> 0 | G80: =BUDGET!D80 -> 0 | H80: =+G80-F80 -> 0 | I80: =N!E80 -> 0 | J80: =BUDGET!E80 -> 0 | K80: =+J80-I80 -> 0 | L80: =N!F80 -> 0 | M80: =BUDGET!F80 -> 0 | N80: =+M80-L80 -> 0 | O80: =N!G80 -> 0 | P80: =BUDGET!G80 -> 0 | Q80: =+P80-O80 -> 0 | R80: =N!H80 -> 0 | S80: =BUDGET!H80 -> 0 | T80: =+S80-R80 -> 0 | U80: =N!I80 -> 0 | V80: =BUDGET!I80 -> 0 | W80: =+V80-U80 -> 0 | X80: =N!J80 -> 0 | Y80: =BUDGET!J80 -> 0 | Z80: =+Y80-X80 -> 0 | AA80: =N!K80 -> 0 | AB80: =BUDGET!K80 -> 0 | AC80: =+AB80-AA80 -> 0 | AD80: =N!L80 -> 0 | AE80: =BUDGET!L80 -> 0 | AF80: =+AE80-AD80 -> 0 | AG80: =N!M80 -> 0 | AH80: =BUDGET!M80 -> 0 | AI80: =+AH80-AG80 -> 0 | AJ80: =N!N80 -> 0 | AK80: =BUDGET!N80 -> 0 | AL80: =+AK80-AJ80 -> 0
A81: TOTAL ENERGIES | C81: =+C82+C83+C84 -> 0 | D81: =+D82+D83+D84 -> 0 | E81: =+E82+E83+E84 -> 0 | F81: =+F82+F83+F84 -> 0 | G81: =+G82+G83+G84 -> 0 | H81: =+H82+H83+H84 -> 0 | I81: =+I82+I83+I84 -> 0 | J81: =+J82+J83+J84 -> 0 | ... AL81: =+AL82+AL83+AL84 -> 0
A82: Electricité | C82: =N!C82 -> 0 | D82: =BUDGET!C82 -> 0 | E82: =D82-C82 -> 0 | F82: =N!D82 -> 0 | G82: =BUDGET!D82 -> 0 | H82: =+G82-F82 -> 0 | I82: =N!E82 -> 0 | J82: =BUDGET!E82 -> 0 | K82: =+J82-I82 -> 0 | L82: =N!F82 -> 0 | M82: =BUDGET!F82 -> 0 | N82: =+M82-L82 -> 0 | O82: =N!G82 -> 0 | P82: =BUDGET!G82 -> 0 | Q82: =+P82-O82 -> 0 | R82: =N!H82 -> 0 | S82: =BUDGET!H82 -> 0 | T82: =+S82-R82 -> 0 | U82: =N!I82 -> 0 | V82: =BUDGET!I82 -> 0 | W82: =+V82-U82 -> 0 | X82: =N!J82 -> 0 | Y82: =BUDGET!J82 -> 0 | Z82: =+Y82-X82 -> 0 | AA82: =N!K82 -> 0 | AB82: =BUDGET!K82 -> 0 | AC82: =+AB82-AA82 -> 0 | AD82: =N!L82 -> 0 | AE82: =BUDGET!L82 -> 0 | AF82: =+AE82-AD82 -> 0 | AG82: =N!M82 -> 0 | AH82: =BUDGET!M82 -> 0 | AI82: =+AH82-AG82 -> 0 | AJ82: =N!N82 -> 0 | AK82: =BUDGET!N82 -> 0 | AL82: =+AK82-AJ82 -> 0
A83: Gaz | C83: =N!C83 -> 0 | D83: =BUDGET!C83 -> 0 | E83: =D83-C83 -> 0 | F83: =N!D83 -> 0 | G83: =BUDGET!D83 -> 0 | H83: =+G83-F83 -> 0 | I83: =N!E83 -> 0 | J83: =BUDGET!E83 -> 0 | K83: =+J83-I83 -> 0 | L83: =N!F83 -> 0 | M83: =BUDGET!F83 -> 0 | N83: =+M83-L83 -> 0 | O83: =N!G83 -> 0 | P83: =BUDGET!G83 -> 0 | Q83: =+P83-O83 -> 0 | R83: =N!H83 -> 0 | S83: =BUDGET!H83 -> 0 | T83: =+S83-R83 -> 0 | U83: =N!I83 -> 0 | V83: =BUDGET!I83 -> 0 | W83: =+V83-U83 -> 0 | X83: =N!J83 -> 0 | Y83: =BUDGET!J83 -> 0 | Z83: =+Y83-X83 -> 0 | AA83: =N!K83 -> 0 | AB83: =BUDGET!K83 -> 0 | AC83: =+AB83-AA83 -> 0 | AD83: =N!L83 -> 0 | AE83: =BUDGET!L83 -> 0 | AF83: =+AE83-AD83 -> 0 | AG83: =N!M83 -> 0 | AH83: =BUDGET!M83 -> 0 | AI83: =+AH83-AG83 -> 0 | AJ83: =N!N83 -> 0 | AK83: =BUDGET!N83 -> 0 | AL83: =+AK83-AJ83 -> 0
A84: Eau | C84: =N!C84 -> 0 | D84: =BUDGET!C84 -> 0 | E84: =D84-C84 -> 0 | F84: =N!D84 -> 0 | G84: =BUDGET!D84 -> 0 | H84: =+G84-F84 -> 0 | I84: =N!E84 -> 0 | J84: =BUDGET!E84 -> 0 | K84: =+J84-I84 -> 0 | L84: =N!F84 -> 0 | M84: =BUDGET!F84 -> 0 | N84: =+M84-L84 -> 0 | O84: =N!G84 -> 0 | P84: =BUDGET!G84 -> 0 | Q84: =+P84-O84 -> 0 | R84: =N!H84 -> 0 | S84: =BUDGET!H84 -> 0 | T84: =+S84-R84 -> 0 | U84: =N!I84 -> 0 | V84: =BUDGET!I84 -> 0 | W84: =+V84-U84 -> 0 | X84: =N!J84 -> 0 | Y84: =BUDGET!J84 -> 0 | Z84: =+Y84-X84 -> 0 | AA84: =N!K84 -> 0 | AB84: =BUDGET!K84 -> 0 | AC84: =+AB84-AA84 -> 0 | AD84: =N!L84 -> 0 | AE84: =BUDGET!L84 -> 0 | AF84: =+AE84-AD84 -> 0 | AG84: =N!M84 -> 0 | AH84: =BUDGET!M84 -> 0 | AI84: =+AH84-AG84 -> 0 | AJ84: =N!N84 -> 0 | AK84: =BUDGET!N84 -> 0 | AL84: =+AK84-AJ84 -> 0
A85: Publicité | C85: =N!C85 -> 0 | D85: =BUDGET!C85 -> 0 | E85: =D85-C85 -> 0 | F85: =N!D85 -> 0 | G85: =BUDGET!D85 -> 0 | H85: =+G85-F85 -> 0 | I85: =N!E85 -> 0 | J85: =BUDGET!E85 -> 0 | K85: =+J85-I85 -> 0 | L85: =N!F85 -> 0 | M85: =BUDGET!F85 -> 0 | N85: =+M85-L85 -> 0 | O85: =N!G85 -> 0 | P85: =BUDGET!G85 -> 0 | Q85: =+P85-O85 -> 0 | R85: =N!H85 -> 0 | S85: =BUDGET!H85 -> 0 | T85: =+S85-R85 -> 0 | U85: =N!I85 -> 0 | V85: =BUDGET!I85 -> 0 | W85: =+V85-U85 -> 0 | X85: =N!J85 -> 0 | Y85: =BUDGET!J85 -> 0 | Z85: =+Y85-X85 -> 0 | AA85: =N!K85 -> 0 | AB85: =BUDGET!K85 -> 0 | AC85: =+AB85-AA85 -> 0 | AD85: =N!L85 -> 0 | AE85: =BUDGET!L85 -> 0 | AF85: =+AE85-AD85 -> 0 | AG85: =N!M85 -> 0 | AH85: =BUDGET!M85 -> 0 | AI85: =+AH85-AG85 -> 0 | AJ85: =N!N85 -> 0 | AK85: =BUDGET!N85 -> 0 | AL85: =+AK85-AJ85 -> 0
A86: Frais de déplacement | C86: =N!C86 -> 0 | D86: =BUDGET!C86 -> 0 | E86: =D86-C86 -> 0 | F86: =N!D86 -> 0 | G86: =BUDGET!D86 -> 0 | H86: =+G86-F86 -> 0 | I86: =N!E86 -> 0 | J86: =BUDGET!E86 -> 0 | K86: =+J86-I86 -> 0 | L86: =N!F86 -> 0 | M86: =BUDGET!F86 -> 0 | N86: =+M86-L86 -> 0 | O86: =N!G86 -> 0 | P86: =BUDGET!G86 -> 0 | Q86: =+P86-O86 -> 0 | R86: =N!H86 -> 0 | S86: =BUDGET!H86 -> 0 | T86: =+S86-R86 -> 0 | U86: =N!I86 -> 0 | V86: =BUDGET!I86 -> 0 | W86: =+V86-U86 -> 0 | X86: =N!J86 -> 0 | Y86: =BUDGET!J86 -> 0 | Z86: =+Y86-X86 -> 0 | AA86: =N!K86 -> 0 | AB86: =BUDGET!K86 -> 0 | AC86: =+AB86-AA86 -> 0 | AD86: =N!L86 -> 0 | AE86: =BUDGET!L86 -> 0 | AF86: =+AE86-AD86 -> 0 | AG86: =N!M86 -> 0 | AH86: =BUDGET!M86 -> 0 | AI86: =+AH86-AG86 -> 0 | AJ86: =N!N86 -> 0 | AK86: =BUDGET!N86 -> 0 | AL86: =+AK86-AJ86 -> 0
A87: Fournitures et Services Administratifs | C87: =N!C87 -> 0 | D87: =BUDGET!C87 -> 0 | E87: =D87-C87 -> 0 | F87: =N!D87 -> 0 | G87: =BUDGET!D87 -> 0 | H87: =+G87-F87 -> 0 | I87: =N!E87 -> 0 | J87: =BUDGET!E87 -> 0 | K87: =+J87-I87 -> 0 | L87: =N!F87 -> 0 | M87: =BUDGET!F87 -> 0 | N87: =+M87-L87 -> 0 | O87: =N!G87 -> 0 | P87: =BUDGET!G87 -> 0 | Q87: =+P87-O87 -> 0 | R87: =N!H87 -> 0 | S87: =BUDGET!H87 -> 0 | T87: =+S87-R87 -> 0 | U87: =N!I87 -> 0 | V87: =BUDGET!I87 -> 0 | W87: =+V87-U87 -> 0 | X87: =N!J87 -> 0 | Y87: =BUDGET!J87 -> 0 | Z87: =+Y87-X87 -> 0 | AA87: =N!K87 -> 0 | AB87: =BUDGET!K87 -> 0 | AC87: =+AB87-AA87 -> 0 | AD87: =N!L87 -> 0 | AE87: =BUDGET!L87 -> 0 | AF87: =+AE87-AD87 -> 0 | AG87: =N!M87 -> 0 | AH87: =BUDGET!M87 -> 0 | AI87: =+AH87-AG87 -> 0 | AJ87: =N!N87 -> 0 | AK87: =BUDGET!N87 -> 0 | AL87: =+AK87-AJ87 -> 0
A88: Télécom / Affranchissement | C88: =N!C88 -> 0 | D88: =BUDGET!C88 -> 0 | E88: =D88-C88 -> 0 | F88: =N!D88 -> 0 | G88: =BUDGET!D88 -> 0 | H88: =+G88-F88 -> 0 | I88: =N!E88 -> 0 | J88: =BUDGET!E88 -> 0 | K88: =+J88-I88 -> 0 | L88: =N!F88 -> 0 | M88: =BUDGET!F88 -> 0 | N88: =+M88-L88 -> 0 | O88: =N!G88 -> 0 | P88: =BUDGET!G88 -> 0 | Q88: =+P88-O88 -> 0 | R88: =N!H88 -> 0 | S88: =BUDGET!H88 -> 0 | T88: =+S88-R88 -> 0 | U88: =N!I88 -> 0 | V88: =BUDGET!I88 -> 0 | W88: =+V88-U88 -> 0 | X88: =N!J88 -> 0 | Y88: =BUDGET!J88 -> 0 | Z88: =+Y88-X88 -> 0 | AA88: =N!K88 -> 0 | AB88: =BUDGET!K88 -> 0 | AC88: =+AB88-AA88 -> 0 | AD88: =N!L88 -> 0 | AE88: =BUDGET!L88 -> 0 | AF88: =+AE88-AD88 -> 0 | AG88: =N!M88 -> 0 | AH88: =BUDGET!M88 -> 0 | AI88: =+AH88-AG88 -> 0 | AJ88: =N!N88 -> 0 | AK88: =BUDGET!N88 -> 0 | AL88: =+AK88-AJ88 -> 0
A89: Frais de Banque | C89: =N!C89 -> 0 | D89: =BUDGET!C89 -> 0 | E89: =D89-C89 -> 0 | F89: =N!D89 -> 0 | G89: =BUDGET!D89 -> 0 | H89: =+G89-F89 -> 0 | I89: =N!E89 -> 0 | J89: =BUDGET!E89 -> 0 | K89: =+J89-I89 -> 0 | L89: =N!F89 -> 0 | M89: =BUDGET!F89 -> 0 | N89: =+M89-L89 -> 0 | O89: =N!G89 -> 0 | P89: =BUDGET!G89 -> 0 | Q89: =+P89-O89 -> 0 | R89: =N!H89 -> 0 | S89: =BUDGET!H89 -> 0 | T89: =+S89-R89 -> 0 | U89: =N!I89 -> 0 | V89: =BUDGET!I89 -> 0 | W89: =+V89-U89 -> 0 | X89: =N!J89 -> 0 | Y89: =BUDGET!J89 -> 0 | Z89: =+Y89-X89 -> 0 | AA89: =N!K89 -> 0 | AB89: =BUDGET!K89 -> 0 | AC89: =+AB89-AA89 -> 0 | AD89: =N!L89 -> 0 | AE89: =BUDGET!L89 -> 0 | AF89: =+AE89-AD89 -> 0 | AG89: =N!M89 -> 0 | AH89: =BUDGET!M89 -> 0 | AI89: =+AH89-AG89 -> 0 | AJ89: =N!N89 -> 0 | AK89: =BUDGET!N89 -> 0 | AL89: =+AK89-AJ89 -> 0
A90: Commissions commerciales | C90: =N!C90 -> 0 | D90: =BUDGET!C90 -> 0 | E90: =D90-C90 -> 0 | F90: =N!D90 -> 0 | G90: =BUDGET!D90 -> 0 | H90: =+G90-F90 -> 0 | I90: =N!E90 -> 0 | J90: =BUDGET!E90 -> 0 | K90: =+J90-I90 -> 0 | L90: =N!F90 -> 0 | M90: =BUDGET!F90 -> 0 | N90: =+M90-L90 -> 0 | O90: =N!G90 -> 0 | P90: =BUDGET!G90 -> 0 | Q90: =+P90-O90 -> 0 | R90: =N!H90 -> 0 | S90: =BUDGET!H90 -> 0 | T90: =+S90-R90 -> 0 | U90: =N!I90 -> 0 | V90: =BUDGET!I90 -> 0 | W90: =+V90-U90 -> 0 | X90: =N!J90 -> 0 | Y90: =BUDGET!J90 -> 0 | Z90: =+Y90-X90 -> 0 | AA90: =N!K90 -> 0 | AB90: =BUDGET!K90 -> 0 | AC90: =+AB90-AA90 -> 0 | AD90: =N!L90 -> 0 | AE90: =BUDGET!L90 -> 0 | AF90: =+AE90-AD90 -> 0 | AG90: =N!M90 -> 0 | AH90: =BUDGET!M90 -> 0 | AI90: =+AH90-AG90 -> 0 | AJ90: =N!N90 -> 0 | AK90: =BUDGET!N90 -> 0 | AL90: =+AK90-AJ90 -> 0
A91: Honoraires | C91: =N!C91 -> 0 | D91: =BUDGET!C91 -> 0 | E91: =D91-C91 -> 0 | F91: =N!D91 -> 0 | G91: =BUDGET!D91 -> 0 | H91: =+G91-F91 -> 0 | I91: =N!E91 -> 0 | J91: =BUDGET!E91 -> 0 | K91: =+J91-I91 -> 0 | L91: =N!F91 -> 0 | M91: =BUDGET!F91 -> 0 | N91: =+M91-L91 -> 0 | O91: =N!G91 -> 0 | P91: =BUDGET!G91 -> 0 | Q91: =+P91-O91 -> 0 | R91: =N!H91 -> 0 | S91: =BUDGET!H91 -> 0 | T91: =+S91-R91 -> 0 | U91: =N!I91 -> 0 | V91: =BUDGET!I91 -> 0 | W91: =+V91-U91 -> 0 | X91: =N!J91 -> 0 | Y91: =BUDGET!J91 -> 0 | Z91: =+Y91-X91 -> 0 | AA91: =N!K91 -> 0 | AB91: =BUDGET!K91 -> 0 | AC91: =+AB91-AA91 -> 0 | AD91: =N!L91 -> 0 | AE91: =BUDGET!L91 -> 0 | AF91: =+AE91-AD91 -> 0 | AG91: =N!M91 -> 0 | AH91: =BUDGET!M91 -> 0 | AI91: =+AH91-AG91 -> 0 | AJ91: =N!N91 -> 0 | AK91: =BUDGET!N91 -> 0 | AL91: =+AK91-AJ91 -> 0
A92: Assurances | C92: =N!C92 -> 0 | D92: =BUDGET!C92 -> 0 | E92: =D92-C92 -> 0 | F92: =N!D92 -> 0 | G92: =BUDGET!D92 -> 0 | H92: =+G92-F92 -> 0 | I92: =N!E92 -> 0 | J92: =BUDGET!E92 -> 0 | K92: =+J92-I92 -> 0 | L92: =N!F92 -> 0 | M92: =BUDGET!F92 -> 0 | N92: =+M92-L92 -> 0 | O92: =N!G92 -> 0 | P92: =BUDGET!G92 -> 0 | Q92: =+P92-O92 -> 0 | R92: =N!H92 -> 0 | S92: =BUDGET!H92 -> 0 | T92: =+S92-R92 -> 0 | U92: =N!I92 -> 0 | V92: =BUDGET!I92 -> 0 | W92: =+V92-U92 -> 0 | X92: =N!J92 -> 0 | Y92: =BUDGET!J92 -> 0 | Z92: =+Y92-X92 -> 0 | AA92: =N!K92 -> 0 | AB92: =BUDGET!K92 -> 0 | AC92: =+AB92-AA92 -> 0 | AD92: =N!L92 -> 0 | AE92: =BUDGET!L92 -> 0 | AF92: =+AE92-AD92 -> 0 | AG92: =N!M92 -> 0 | AH92: =BUDGET!M92 -> 0 | AI92: =+AH92-AG92 -> 0 | AJ92: =N!N92 -> 0 | AK92: =BUDGET!N92 -> 0 | AL92: =+AK92-AJ92 -> 0
A93: CET (taxe pro) | C93: =N!C93 -> 0 | D93: =BUDGET!C93 -> 0 | E93: =D93-C93 -> 0 | F93: =N!D93 -> 0 | G93: =BUDGET!D93 -> 0 | H93: =+G93-F93 -> 0 | I93: =N!E93 -> 0 | J93: =BUDGET!E93 -> 0 | K93: =+J93-I93 -> 0 | L93: =N!F93 -> 0 | M93: =BUDGET!F93 -> 0 | N93: =+M93-L93 -> 0 | O93: =N!G93 -> 0 | P93: =BUDGET!G93 -> 0 | Q93: =+P93-O93 -> 0 | R93: =N!H93 -> 0 | S93: =BUDGET!H93 -> 0 | T93: =+S93-R93 -> 0 | U93: =N!I93 -> 0 | V93: =BUDGET!I93 -> 0 | W93: =+V93-U93 -> 0 | X93: =N!J93 -> 0 | Y93: =BUDGET!J93 -> 0 | Z93: =+Y93-X93 -> 0 | AA93: =N!K93 -> 0 | AB93: =BUDGET!K93 -> 0 | AC93: =+AB93-AA93 -> 0 | AD93: =N!L93 -> 0 | AE93: =BUDGET!L93 -> 0 | AF93: =+AE93-AD93 -> 0 | AG93: =N!M93 -> 0 | AH93: =BUDGET!M93 -> 0 | AI93: =+AH93-AG93 -> 0 | AJ93: =N!N93 -> 0 | AK93: =BUDGET!N93 -> 0 | AL93: =+AK93-AJ93 -> 0
A94: Autres Charges et Produits Exploitation | C94: =N!C94 -> 0 | D94: =BUDGET!C94 -> 0 | E94: =D94-C94 -> 0 | F94: =N!D94 -> 0 | G94: =BUDGET!D94 -> 0 | H94: =+G94-F94 -> 0 | I94: =N!E94 -> 0 | J94: =BUDGET!E94 -> 0 | K94: =+J94-I94 -> 0 | L94: =N!F94 -> 0 | M94: =BUDGET!F94 -> 0 | N94: =+M94-L94 -> 0 | O94: =N!G94 -> 0 | P94: =BUDGET!G94 -> 0 | Q94: =+P94-O94 -> 0 | R94: =N!H94 -> 0 | S94: =BUDGET!H94 -> 0 | T94: =+S94-R94 -> 0 | U94: =N!I94 -> 0 | V94: =BUDGET!I94 -> 0 | W94: =+V94-U94 -> 0 | X94: =N!J94 -> 0 | Y94: =BUDGET!J94 -> 0 | Z94: =+Y94-X94 -> 0 | AA94: =N!K94 -> 0 | AB94: =BUDGET!K94 -> 0 | AC94: =+AB94-AA94 -> 0 | AD94: =N!L94 -> 0 | AE94: =BUDGET!L94 -> 0 | AF94: =+AE94-AD94 -> 0 | AG94: =N!M94 -> 0 | AH94: =BUDGET!M94 -> 0 | AI94: =+AH94-AG94 -> 0 | AJ94: =N!N94 -> 0 | AK94: =BUDGET!N94 -> 0 | AL94: =+AK94-AJ94 -> 0
A95: Total Autres Frais | C95: =+C82+C83+C84+C85+C86+C87+C88+C89+C90+C91+C92+C93+C94+C75+C76+C77+C78+C79+C80+C72+C73+C66+C67+C68+C69+C70+C62+C63+C64 -> 0 | D95: =+D82+D83+D84+D85+D86+D87+D88+D89+D90+D91+D92+D93+D94+D75+D76+D77+D78+D79+D80+D72+D73+D66+D67+D68+D69+D70+D62+D63+D64 -> 0 | E95: =+E82+E83+E84+E85+E86+E87+E88+E89+E90+E91+E92+E93+E94+E75+E76+E77+E78+E79+E80+E72+E73+E66+E67+E68+E69+E70+E62+E63+E64 -> 0 | F95: =+F82+F83+F84+F85+F86+F87+F88+F89+F90+F91+F92+F93+F94+F75+F76+F77+F78+F79+F80+F72+F73+F66+F67+F68+F69+F70+F62+F63+F64 -> 0 | G95: =+G82+G83+G84+G85+G86+G87+G88+G89+G90+G91+G92+G93+G94+G75+G76+G77+G78+G79+G80+G72+G73+G66+G67+G68+G69+G70+G62+G63+G64 -> 0 | H95: =+H82+H83+H84+H85+H86+H87+H88+H89+H90+H91+H92+H93+H94+H75+H76+H77+H78+H79+H80+H72+H73+H66+H67+H68+H69+H70+H62+H63+H64 -> 0 | I95: =+I82+I83+I84+I85+I86+I87+I88+I89+I90+I91+I92+I93+I94+I75+I76+I77+I78+I79+I80+I72+I73+I66+I67+I68+I69+I70+I62+I63+I64 -> 0 | J95: =+J82+J83+J84+J85+J86+J87+J88+J89+J90+J91+J92+J93+J94+J75+J76+J77+J78+J79+J80+J72+J73+J66+J67+J68+J69+J70+J62+J63+J64 -> 0 | ... AL95: =+AL82+AL83+AL84+AL85+AL86+AL87+AL88+AL89+AL90+AL91+AL92+AL93+AL94+AL75+AL76+AL77+AL78+AL79+AL80+AL72+AL73+AL66+AL67+AL68+AL69+AL70+AL62+AL63+AL64 -> 0
A97: Amortissements | C97: =N!C97 -> 0 | D97: =BUDGET!C97 -> 0 | E97: =D97-C97 -> 0 | F97: =N!D97 -> 0 | G97: =BUDGET!D97 -> 0 | H97: =+G97-F97 -> 0 | I97: =N!E97 -> 0 | J97: =BUDGET!E97 -> 0 | K97: =+J97-I97 -> 0 | L97: =N!F97 -> 0 | M97: =BUDGET!F97 -> 0 | N97: =+M97-L97 -> 0 | O97: =N!G97 -> 0 | P97: =BUDGET!G97 -> 0 | Q97: =+P97-O97 -> 0 | R97: =N!H97 -> 0 | S97: =BUDGET!H97 -> 0 | T97: =+S97-R97 -> 0 | U97: =N!I97 -> 0 | V97: =BUDGET!I97 -> 0 | W97: =+V97-U97 -> 0 | X97: =N!J97 -> 0 | Y97: =BUDGET!J97 -> 0 | Z97: =+Y97-X97 -> 0 | AA97: =N!K97 -> 0 | AB97: =BUDGET!K97 -> 0 | AC97: =+AB97-AA97 -> 0 | AD97: =N!L97 -> 0 | AE97: =BUDGET!L97 -> 0 | AF97: =+AE97-AD97 -> 0 | AG97: =N!M97 -> 0 | AH97: =BUDGET!M97 -> 0 | AI97: =+AH97-AG97 -> 0 | AJ97: =N!N97 -> 0 | AK97: =BUDGET!N97 -> 0 | AL97: =+AK97-AJ97 -> 0
A98: Loyers | C98: =N!C98 -> 0 | D98: =BUDGET!C98 -> 0 | E98: =D98-C98 -> 0 | F98: =N!D98 -> 0 | G98: =BUDGET!D98 -> 0 | H98: =+G98-F98 -> 0 | I98: =N!E98 -> 0 | J98: =BUDGET!E98 -> 0 | K98: =+J98-I98 -> 0 | L98: =N!F98 -> 0 | M98: =BUDGET!F98 -> 0 | N98: =+M98-L98 -> 0 | O98: =N!G98 -> 0 | P98: =BUDGET!G98 -> 0 | Q98: =+P98-O98 -> 0 | R98: =N!H98 -> 0 | S98: =BUDGET!H98 -> 0 | T98: =+S98-R98 -> 0 | U98: =N!I98 -> 0 | V98: =BUDGET!I98 -> 0 | W98: =+V98-U98 -> 0 | X98: =N!J98 -> 0 | Y98: =BUDGET!J98 -> 0 | Z98: =+Y98-X98 -> 0 | AA98: =N!K98 -> 0 | AB98: =BUDGET!K98 -> 0 | AC98: =+AB98-AA98 -> 0 | AD98: =N!L98 -> 0 | AE98: =BUDGET!L98 -> 0 | AF98: =+AE98-AD98 -> 0 | AG98: =N!M98 -> 0 | AH98: =BUDGET!M98 -> 0 | AI98: =+AH98-AG98 -> 0 | AJ98: =N!N98 -> 0 | AK98: =BUDGET!N98 -> 0 | AL98: =+AK98-AJ98 -> 0
A99: Résultat Brut Explotation (RBE) | C99: =+C27-C95+C97+C98+C58+C31 -> 0 | D99: =+D27-D95+D97+D98+D58+D31 -> 0 | E99: =+E27-E95+E97+E98+E58+E31 -> 0 | F99: =+F27-F95+F97+F98+F58+F31 -> 0 | G99: =+G27-G95+G97+G98+G58+G31 -> 0 | H99: =+H27-H95+H97+H98+H58+H31 -> 0 | I99: =+I27-I95+I97+I98+I58+I31 -> 0 | J99: =+J27-J95+J97+J98+J58+J31 -> 0 | ... AL99: =+AL27-AL95+AL97+AL98+AL58+AL31 -> 0
A102: CH LOUEES
A103: EFFECTIF HEBERGEMENT / # LOUEES | C103: =+C13/C6 -> #DIV/0! | F103: =+F13/F6 -> #DIV/0! | I103: =+I13/I6 -> #DIV/0! | L103: =+L13/L6 -> #DIV/0! | O103: =+O13/O6 -> #DIV/0! | R103: =+R13/R6 -> #DIV/0! | U103: =+U13/U6 -> #DIV/0! | X103: =+X13/X6 -> #DIV/0! | AA103: =+AA13/AA6 -> #DIV/0! | AD103: =+AD13/AD6 -> #DIV/0! | AG103: =+AG13/AG6 -> #DIV/0! | AJ103: =+AJ13/AJ6 -> #DIV/0!
A104: COUT BLANCHISSERIE / # LOUEES | C104: =+C61/C6 -> #DIV/0! | F104: =+F61/F6 -> #DIV/0! | I104: =+I61/I6 -> #DIV/0! | L104: =+L61/L6 -> #DIV/0! | O104: =+O61/O6 -> #DIV/0! | R104: =+R61/R6 -> #DIV/0! | U104: =+U61/U6 -> #DIV/0! | X104: =+X61/X6 -> #DIV/0! | AA104: =+AA61/AA6 -> #DIV/0! | AD104: =+AD61/AD6 -> #DIV/0! | AG104: =+AG61/AG6 -> #DIV/0! | AJ104: =+AJ61/AJ6 -> #DIV/0!
A105: PRIME COST REST | C105: =+((C38+C43+C48+C53)+C29)/C25 -> #DIV/0! | F105: =+((F38+F43+F48+F53)+F29)/F25 -> #DIV/0! | I105: =+((I38+I43+I48+I53)+I29)/I25 -> #DIV/0! | L105: =+((L38+L43+L48+L53)+L29)/L25 -> #DIV/0! | O105: =+((O38+O43+O48+O53)+O29)/O25 -> #DIV/0! | R105: =+((R38+R43+R48+R53)+R29)/R25 -> #DIV/0! | U105: =+((U38+U43+U48+U53)+U29)/U25 -> #DIV/0! | X105: =+((X38+X43+X48+X53)+X29)/X25 -> #DIV/0! | AA105: =+((AA38+AA43+AA48+AA53)+AA29)/AA25 -> #DIV/0! | AD105: =+((AD38+AD43+AD48+AD53)+AD29)/AD25 -> #DIV/0! | AG105: =+((AG38+AG43+AG48+AG53)+AG29)/AG25 -> #DIV/0! | AJ105: =+((AJ38+AJ43+AJ48+AJ53)+AJ29)/AJ25 -> #DIV/0!
A106: REVPAR | C106: =+(C27/C6)*C7 -> #DIV/0! | F106: =+F99/F6 -> #DIV/0! | I106: =+I99/I6 -> #DIV/0! | L106: =+L99/L6 -> #DIV/0! | O106: =+O99/O6 -> #DIV/0! | R106: =+R99/R6 -> #DIV/0! | U106: =+U99/U6 -> #DIV/0! | X106: =+X99/X6 -> #DIV/0! | AA106: =+AA99/AA6 -> #DIV/0! | AD106: =+AD99/AD6 -> #DIV/0! | AG106: =+AG99/AG6 -> #DIV/0! | AJ106: =+AJ99/AJ6 -> #DIV/0!
A107: RBE EN %/CA | C107: =+C99/C27 -> #DIV/0! | F107: =+F99/F27 -> #DIV/0! | I107: =+I99/I27 -> #DIV/0! | L107: =+L99/L27 -> #DIV/0! | O107: =+O99/O27 -> #DIV/0! | R107: =+R99/R27 -> #DIV/0! | U107: =+U99/U27 -> #DIV/0! | X107: =+X99/X27 -> #DIV/0! | AA107: =+AA99/AA27 -> #DIV/0! | AD107: =+AD99/AD27 -> #DIV/0! | AG107: =+AG99/AG27 -> #DIV/0! | AJ107: =+AJ99/AJ27 -> #DIV/0!
...

Sheet CUMUL
A1: 2014
A3: CUMUL | C3: JANVIER | H3: CUMUL FEVRIER | M3: CUMUL MARS | R3: CUMUL AVRIL | W3: CUMUL MAI | AB3: CUMUL JUIN | AG3: CUMUL JUILLET | AL3: CUMUL AOUT | AQ3: CUMUL SEPTEMBRE | AV3: CUMUL OCTOBRE | BA3: CUMUL NOVEMBRE | BF3: CUMUL DECEMBRE
A4: Hôtel | C4: N | D4: N-1 | E4: ECART | F4: Budget | G4: ECART | H4: N | I4: N-1 | J4: ECART | K4: Budget | L4: ECART | M4: N | N4: N-1 | O4: ECART | P4: Budget | Q4: ECART | R4: N | S4: N-1 | T4: ECART | U4: Budget | V4: ECART | W4: N | X4: N-1 | Y4: ECART | Z4: Budget | AA4: ECART | AB4: N | AC4: N-1 | AD4: ECART | AE4: Budget | AF4: ECART | AG4: N | AH4: N-1 | AI4: ECART | AJ4: Budget | AK4: ECART | AL4: N | AM4: N-1 | AN4: ECART | AO4: Budget | AP4: ECART | AQ4: N | AR4: N-1 | AS4: ECART | AT4: Budget | AU4: ECART | AV4: N | AW4: N-1 | AX4: ECART | AY4: Budget | AZ4: ECART | BA4: N | BB4: N-1 | BC4: ECART | BD4: Budget | BE4: ECART | BF4: N | BG4: N-1 | BH4: ECART | BI4: Budget | BJ4: ECART
A5: Réservations | C5: =+N!C5 -> 0 | D5: =+'N-1'!C5 -> 0 | E5: =D5-C5 -> 0 | F5: =+BUDGET!C5 -> 0 | G5: =F5-C5 -> 0 | H5: =+N!D5+C5 -> 0 | I5: =+'N-1'!D5+D5 -> 0 | J5: =I5-H5 -> 0 | K5: =+BUDGET!D5+F5 -> 0 | L5: =K5-H5 -> 0 | M5: =+N!E5+H5 -> 0 | N5: =+'N-1'!E5+I5 -> 0 | O5: =N5-M5 -> 0 | P5: =+BUDGET!E5+K5 -> 0 | Q5: =P5-M5 -> 0 | R5: =+N!F5+M5 -> 0 | S5: =+'N-1'!F5+N5 -> 0 | T5: =S5-R5 -> 0 | U5: =+BUDGET!F5+P5 -> 0 | V5: =U5-R5 -> 0 | W5: =+N!G5+R5 -> 0 | X5: =+'N-1'!G5+S5 -> 0 | Y5: =X5-W5 -> 0 | Z5: =+BUDGET!G5+U5 -> 0 | AA5: =Z5-W5 -> 0 | AB5: =+N!H5+W5 -> 0 | AC5: =+'N-1'!H5+X5 -> 0 | AD5: =AC5-AB5 -> 0 | AE5: =+BUDGET!H5+Z5 -> 0 | AF5: =AE5-AB5 -> 0 | AG5: =+N!I5+AB5 -> 0 | AH5: =+'N-1'!I5+AC5 -> 0 | AI5: =AH5-AG5 -> 0 | AJ5: =+BUDGET!I5+AE5 -> 0 | AK5: =AJ5-AG5 -> 0 | AL5: =+N!J5+AG5 -> 0 | AM5: =+'N-1'!J5+AH5 -> 0 | AN5: =AM5-AL5 -> 0 | AO5: =+BUDGET!J5+AJ5 -> 0 | AP5: =AO5-AL5 -> 0 | AQ5: =+N!K5+AL5 -> 0 | AR5: =+'N-1'!K5+AM5 -> 0 | AS5: =AR5-AQ5 -> 0 | AT5: =+BUDGET!K5+AO5 -> 0 | AU5: =AT5-AQ5 -> 0 | AV5: =+N!L5+AQ5 -> 0 | AW5: =+'N-1'!L5+AR5 -> 0 | AX5: =AW5-AV5 -> 0 | AY5: =+BUDGET!L5+AT5 -> 0 | AZ5: =AY5-AV5 -> 0 | BA5: =+N!M5+AV5 -> 0 | BB5: =+'N-1'!M5+AW5 -> 0 | BC5: =BB5-BA5 -> 0 | BD5: =+BUDGET!M5+AY5 -> 0 | BE5: =BD5-BA5 -> 0 | BF5: =+N!N5+BA5 -> 0 | BG5: =+'N-1'!N5+BB5 -> 0 | BH5: =BG5-BF5 -> 0 | BI5: =+BUDGET!N5+BD5 -> 0 | BJ5: =BI5-BF5 -> 0
A6: Nombre de chambres louées | C6: =+N!C6 -> 0 | D6: =+'N-1'!C6 -> 0 | E6: =D6-C6 -> 0 | F6: =+BUDGET!C6 -> 0 | G6: =F6-C6 -> 0 | H6: =+N!D6+C6 -> 0 | I6: =+'N-1'!D6+D6 -> 0 | J6: =I6-H6 -> 0 | K6: =+BUDGET!D6+F6 -> 0 | L6: =K6-H6 -> 0 | M6: =+N!E6+H6 -> 0 | N6: =+'N-1'!E6+I6 -> 0 | O6: =N6-M6 -> 0 | P6: =+BUDGET!E6+K6 -> 0 | Q6: =P6-M6 -> 0 | R6: =+N!F6+M6 -> 0 | S6: =+'N-1'!F6+N6 -> 0 | T6: =S6-R6 -> 0 | U6: =+BUDGET!F6+P6 -> 0 | V6: =U6-R6 -> 0 | W6: =+N!G6+R6 -> 0 | X6: =+'N-1'!G6+S6 -> 0 | Y6: =X6-W6 -> 0 | Z6: =+BUDGET!G6+U6 -> 0 | AA6: =Z6-W6 -> 0 | AB6: =+N!H6+W6 -> 0 | AC6: =+'N-1'!H6+X6 -> 0 | AD6: =AC6-AB6 -> 0 | AE6: =+BUDGET!H6+Z6 -> 0 | AF6: =AE6-AB6 -> 0 | AG6: =+N!I6+AB6 -> 0 | AH6: =+'N-1'!I6+AC6 -> 0 | AI6: 0 | AJ6: =+BUDGET!I6+AE6 -> 0 | AK6: 0 | AL6: =+N!J6+AG6 -> 0 | AM6: =+'N-1'!J6+AH6 -> 0 | AN6: =AM6-AL6 -> 0 | AO6: =+BUDGET!J6+AJ6 -> 0 | AP6: 0 | AQ6: =+N!K6+AL6 -> 0 | AR6: =+'N-1'!K6+AM6 -> 0 | AS6: =AR6-AQ6 -> 0 | AT6: =+BUDGET!K6+AO6 -> 0 | AU6: 0 | AV6: =+N!L6+AQ6 -> 0 | AW6: =+'N-1'!L6+AR6 -> 0 | AX6: 0 | AY6: =+BUDGET!L6+AT6 -> 0 | AZ6: =AY6-AV6 -> 0 | BA6: =+N!M6+AV6 -> 0 | BB6: =+'N-1'!M6+AW6 -> 0 | BC6: =BB6-BA6 -> 0 | BD6: =+BUDGET!M6+AY6 -> 0 | BE6: =BD6-BA6 -> 0 | BF6: =+N!N6+BA6 -> 0 | BG6: =+'N-1'!N6+BB6 -> 0 | BH6: =BG6-BF6 -> 0 | BI6: =+BUDGET!N6+BD6 -> 0 | BJ6: =BI6-BF6 -> 0
A7: Taux occupation | C7: =+N!C7 -> 0 | D7: =+'N-1'!C7 -> 0 | E7: =D7-C7 -> 0 | F7: =+BUDGET!C7 -> 0 | G7: =F7-C7 -> 0 | H7: =+N!D7+C7 -> 0 | I7: =+'N-1'!D7+D7 -> 0 | J7: =I7-H7 -> 0 | K7: =+BUDGET!D7+F7 -> 0 | L7: =K7-H7 -> 0 | M7: =+N!E7+H7 -> 0 | N7: =+'N-1'!E7+I7 -> 0 | O7: =N7-M7 -> 0 | P7: =+BUDGET!E7+K7 -> 0 | Q7: =P7-M7 -> 0 | R7: =+N!F7+M7 -> 0 | S7: =+'N-1'!F7+N7 -> 0 | T7: =S7-R7 -> 0 | U7: =+BUDGET!F7+P7 -> 0 | V7: =U7-R7 -> 0 | W7: =+N!G7+R7 -> 0 | X7: =+'N-1'!G7+S7 -> 0 | Y7: =X7-W7 -> 0 | Z7: =+BUDGET!G7+U7 -> 0 | AA7: =Z7-W7 -> 0 | AB7: =+N!H7+W7 -> 0 | AC7: =+'N-1'!H7+X7 -> 0 | AD7: =AC7-AB7 -> 0 | AE7: =+BUDGET!H7+Z7 -> 0 | AF7: =AE7-AB7 -> 0 | AG7: =+N!I7+AB7 -> 0 | AH7: =+'N-1'!I7+AC7 -> 0 | AI7: =AH7-AG7 -> 0 | AJ7: =+BUDGET!I7+AE7 -> 0 | AK7: =AJ7-AG7 -> 0 | AL7: =+N!J7+AG7 -> 0 | AM7: =+'N-1'!J7+AH7 -> 0 | AN7: =AM7-AL7 -> 0 | AO7: =+BUDGET!J7+AJ7 -> 0 | AP7: =AO7-AL7 -> 0 | AQ7: =+N!K7+AL7 -> 0 | AR7: =+'N-1'!K7+AM7 -> 0 | AS7: =AR7-AQ7 -> 0 | AT7: =+BUDGET!K7+AO7 -> 0 | AU7: =AT7-AQ7 -> 0 | AV7: =+N!L7+AQ7 -> 0 | AW7: =+'N-1'!L7+AR7 -> 0 | AX7: =AW7-AV7 -> 0 | AY7: =+BUDGET!L7+AT7 -> 0 | AZ7: =AY7-AV7 -> 0 | BA7: =+N!M7+AV7 -> 0 | BB7: =+'N-1'!M7+AW7 -> 0 | BC7: =BB7-BA7 -> 0 | BD7: =+BUDGET!M7+AY7 -> 0 | BE7: =BD7-BA7 -> 0 | BF7: =+N!N7+BA7 -> 0 | BG7: =+'N-1'!N7+BB7 -> 0 | BH7: =BG7-BF7 -> 0 | BI7: =+BUDGET!N7+BD7 -> 0 | BJ7: =BI7-BF7 -> 0
A8: Prix moyen hébergement | C8: =+N!C8 -> 0 | D8: =+'N-1'!C8 -> 0 | E8: =D8-C8 -> 0 | F8: =+BUDGET!C8 -> 0 | G8: =F8-C8 -> 0 | H8: =+N!D8+C8 -> 0 | I8: =+'N-1'!D8+D8 -> 0 | J8: =I8-H8 -> 0 | K8: =+BUDGET!D8+F8 -> 0 | L8: =K8-H8 -> 0 | M8: =+N!E8+H8 -> 0 | N8: =+'N-1'!E8+I8 -> 0 | O8: =N8-M8 -> 0 | P8: =+BUDGET!E8+K8 -> 0 | Q8: =P8-M8 -> 0 | R8: =+N!F8+M8 -> 0 | S8: =+'N-1'!F8+N8 -> 0 | T8: =S8-R8 -> 0 | U8: =+BUDGET!F8+P8 -> 0 | V8: =U8-R8 -> 0 | W8: =+N!G8+R8 -> 0 | X8: =+'N-1'!G8+S8 -> 0 | Y8: =X8-W8 -> 0 | Z8: =+BUDGET!G8+U8 -> 0 | AA8: =Z8-W8 -> 0 | AB8: =+N!H8+W8 -> 0 | AC8: =+'N-1'!H8+X8 -> 0 | AD8: =AC8-AB8 -> 0 | AE8: =+BUDGET!H8+Z8 -> 0 | AF8: =AE8-AB8 -> 0 | AG8: =+N!I8+AB8 -> 0 | AH8: =+'N-1'!I8+AC8 -> 0 | AI8: =AH8-AG8 -> 0 | AJ8: =+BUDGET!I8+AE8 -> 0 | AK8: =AJ8-AG8 -> 0 | AL8: =+N!J8+AG8 -> 0 | AM8: =+'N-1'!J8+AH8 -> 0 | AN8: =AM8-AL8 -> 0 | AO8: =+BUDGET!J8+AJ8 -> 0 | AP8: =AO8-AL8 -> 0 | AQ8: =+N!K8+AL8 -> 0 | AR8: =+'N-1'!K8+AM8 -> 0 | AS8: =AR8-AQ8 -> 0 | AT8: =+BUDGET!K8+AO8 -> 0 | AU8: =AT8-AQ8 -> 0 | AV8: =+N!L8+AQ8 -> 0 | AW8: =+'N-1'!L8+AR8 -> 0 | AX8: =AW8-AV8 -> 0 | AY8: =+BUDGET!L8+AT8 -> 0 | AZ8: =AY8-AV8 -> 0 | BA8: =+N!M8+AV8 -> 0 | BB8: =+'N-1'!M8+AW8 -> 0 | BC8: =BB8-BA8 -> 0 | BD8: =+BUDGET!M8+AY8 -> 0 | BE8: =BD8-BA8 -> 0 | BF8: =+N!N8+BA8 -> 0 | BG8: =+'N-1'!N8+BB8 -> 0 | BH8: =BG8-BF8 -> 0 | BI8: =+BUDGET!N8+BD8 -> 0 | BJ8: =BI8-BF8 -> 0
AB9: =+N!H9+W9 -> 0 | AC9: =+'N-1'!H9+X9 -> 0 | AE9: =+BUDGET!H9+Z9 -> 0
B10: Effectif Héberg Fixes | C10: =+N!C10 -> 0 | D10: =+'N-1'!C10 -> 0 | E10: =D10-C10 -> 0 | F10: =+BUDGET!C10 -> 0 | G10: =F10-C10 -> 0 | H10: =+N!D10+C10 -> 0 | I10: =+'N-1'!D10+D10 -> 0 | J10: =I10-H10 -> 0 | K10: =+BUDGET!D10+F10 -> 0 | L10: =K10-H10 -> 0 | M10: =+N!E10+H10 -> 0 | N10: =+'N-1'!E10+I10 -> 0 | O10: =N10-M10 -> 0 | P10: =+BUDGET!E10+K10 -> 0 | Q10: =P10-M10 -> 0 | R10: =+N!F10+M10 -> 0 | S10: =+'N-1'!F10+N10 -> 0 | T10: =S10-R10 -> 0 | U10: =+BUDGET!F10+P10 -> 0 | V10: =U10-R10 -> 0 | W10: =+N!G10+R10 -> 0 | X10: =+'N-1'!G10+S10 -> 0 | Y10: =X10-W10 -> 0 | Z10: =+BUDGET!G10+U10 -> 0 | AA10: =Z10-W10 -> 0 | AB10: =+N!H10+W10 -> 0 | AC10: =+'N-1'!H10+X10 -> 0 | AD10: =AC10-AB10 -> 0 | AE10: =+BUDGET!H10+Z10 -> 0 | AF10: =AE10-AB10 -> 0 | AG10: =+N!I10+AB10 -> 0 | AH10: =+'N-1'!I10+AC10 -> 0 | AI10: =AH10-AG10 -> 0 | AJ10: =+BUDGET!I10+AE10 -> 0 | AK10: =AJ10-AG10 -> 0 | AL10: =+N!J10+AG10 -> 0 | AM10: =+'N-1'!J10+AH10 -> 0 | AN10: =AM10-AL10 -> 0 | AO10: =+BUDGET!J10+AJ10 -> 0 | AP10: =AO10-AL10 -> 0 | AQ10: =+N!K10+AL10 -> 0 | AR10: =+'N-1'!K10+AM10 -> 0 | AS10: =AR10-AQ10 -> 0 | AT10: =+BUDGET!K10+AO10 -> 0 | AU10: =AT10-AQ10 -> 0 | AV10: =+N!L10+AQ10 -> 0 | AW10: =+'N-1'!L10+AR10 -> 0 | AX10: =AW10-AV10 -> 0 | AY10: =+BUDGET!L10+AT10 -> 0 | AZ10: =AY10-AV10 -> 0 | BA10: =+N!M10+AV10 -> 0 | BB10: =+'N-1'!M10+AW10 -> 0 | BC10: =BB10-BA10 -> 0 | BD10: =+BUDGET!M10+AY10 -> 0 | BE10: =BD10-BA10 -> 0 | BF10: =+N!N10+BA10 -> 0 | BG10: =+'N-1'!N10+BB10 -> 0 | BH10: =BG10-BF10 -> 0 | BI10: =+BUDGET!N10+BD10 -> 0 | BJ10: =BI10-BF10 -> 0
B11: Effectif Héberg Saisonniers | C11: =+N!C11 -> 0 | D11: =+'N-1'!C11 -> 0 | E11: =D11-C11 -> 0 | F11: =+BUDGET!C11 -> 0 | G11: =F11-C11 -> 0 | H11: =+N!D11+C11 -> 0 | I11: =+'N-1'!D11+D11 -> 0 | J11: =I11-H11 -> 0 | K11: =+BUDGET!D11+F11 -> 0 | L11: =K11-H11 -> 0 | M11: =+N!E11+H11 -> 0 | N11: =+'N-1'!E11+I11 -> 0 | O11: =N11-M11 -> 0 | P11: =+BUDGET!E11+K11 -> 0 | Q11: =P11-M11 -> 0 | R11: =+N!F11+M11 -> 0 | S11: =+'N-1'!F11+N11 -> 0 | T11: =S11-R11 -> 0 | U11: =+BUDGET!F11+P11 -> 0 | V11: =U11-R11 -> 0 | W11: =+N!G11+R11 -> 0 | X11: =+'N-1'!G11+S11 -> 0 | Y11: =X11-W11 -> 0 | Z11: =+BUDGET!G11+U11 -> 0 | AA11: =Z11-W11 -> 0 | AB11: =+N!H11+W11 -> 0 | AC11: =+'N-1'!H11+X11 -> 0 | AD11: =AC11-AB11 -> 0 | AE11: =+BUDGET!H11+Z11 -> 0 | AF11: =AE11-AB11 -> 0 | AG11: =+N!I11+AB11 -> 0 | AH11: =+'N-1'!I11+AC11 -> 0 | AI11: =AH11-AG11 -> 0 | AJ11: =+BUDGET!I11+AE11 -> 0 | AK11: =AJ11-AG11 -> 0 | AL11: =+N!J11+AG11 -> 0 | AM11: =+'N-1'!J11+AH11 -> 0 | AN11: =AM11-AL11 -> 0 | AO11: =+BUDGET!J11+AJ11 -> 0 | AP11: =AO11-AL11 -> 0 | AQ11: =+N!K11+AL11 -> 0 | AR11: =+'N-1'!K11+AM11 -> 0 | AS11: =AR11-AQ11 -> 0 | AT11: =+BUDGET!K11+AO11 -> 0 | AU11: =AT11-AQ11 -> 0 | AV11: =+N!L11+AQ11 -> 0 | AW11: =+'N-1'!L11+AR11 -> 0 | AX11: =AW11-AV11 -> 0 | AY11: =+BUDGET!L11+AT11 -> 0 | AZ11: =AY11-AV11 -> 0 | BA11: =+N!M11+AV11 -> 0 | BB11: =+'N-1'!M11+AW11 -> 0 | BC11: =BB11-BA11 -> 0 | BD11: =+BUDGET!M11+AY11 -> 0 | BE11: =BD11-BA11 -> 0 | BF11: =+N!N11+BA11 -> 0 | BG11: =+'N-1'!N11+BB11 -> 0 | BH11: =BG11-BF11 -> 0 | BI11: =+BUDGET!N11+BD11 -> 0 | BJ11: =BI11-BF11 -> 0
B12: Effectif Héberg Intérim | C12: =+N!C12 -> 0 | D12: =+'N-1'!C12 -> 0 | E12: =D12-C12 -> 0 | F12: =+BUDGET!C12 -> 0 | G12: =F12-C12 -> 0 | H12: =+N!D12+C12 -> 0 | I12: =+'N-1'!D12+D12 -> 0 | J12: =I12-H12 -> 0 | K12: =+BUDGET!D12+F12 -> 0 | L12: =K12-H12 -> 0 | M12: =+N!E12+H12 -> 0 | N12: =+'N-1'!E12+I12 -> 0 | O12: =N12-M12 -> 0 | P12: =+BUDGET!E12+K12 -> 0 | Q12: =P12-M12 -> 0 | R12: =+N!F12+M12 -> 0 | S12: =+'N-1'!F12+N12 -> 0 | T12: =S12-R12 -> 0 | U12: =+BUDGET!F12+P12 -> 0 | V12: =U12-R12 -> 0 | W12: =+N!G12+R12 -> 0 | X12: =+'N-1'!G12+S12 -> 0 | Y12: =X12-W12 -> 0 | Z12: =+BUDGET!G12+U12 -> 0 | AA12: =Z12-W12 -> 0 | AB12: =+N!H12+W12 -> 0 | AC12: =+'N-1'!H12+X12 -> 0 | AD12: =AC12-AB12 -> 0 | AE12: =+BUDGET!H12+Z12 -> 0 | AF12: =AE12-AB12 -> 0 | AG12: =+N!I12+AB12 -> 0 | AH12: =+'N-1'!I12+AC12 -> 0 | AI12: =AH12-AG12 -> 0 | AJ12: =+BUDGET!I12+AE12 -> 0 | AK12: =AJ12-AG12 -> 0 | AL12: =+N!J12+AG12 -> 0 | AM12: =+'N-1'!J12+AH12 -> 0 | AN12: =AM12-AL12 -> 0 | AO12: =+BUDGET!J12+AJ12 -> 0 | AP12: =AO12-AL12 -> 0 | AQ12: =+N!K12+AL12 -> 0 | AR12: =+'N-1'!K12+AM12 -> 0 | AS12: =AR12-AQ12 -> 0 | AT12: =+BUDGET!K12+AO12 -> 0 | AU12: =AT12-AQ12 -> 0 | AV12: =+N!L12+AQ12 -> 0 | AW12: =+'N-1'!L12+AR12 -> 0 | AX12: =AW12-AV12 -> 0 | AY12: =+BUDGET!L12+AT12 -> 0 | AZ12: =AY12-AV12 -> 0 | BA12: =+N!M12+AV12 -> 0 | BB12: =+'N-1'!M12+AW12 -> 0 | BC12: =BB12-BA12 -> 0 | BD12: =+BUDGET!M12+AY12 -> 0 | BE12: =BD12-BA12 -> 0 | BF12: =+N!N12+BA12 -> 0 | BG12: =+'N-1'!N12+BB12 -> 0 | BH12: =BG12-BF12 -> 0 | BI12: =+BUDGET!N12+BD12 -> 0 | BJ12: =BI12-BF12 -> 0
A13: Effectif Hébergement | C13: =+C10+C11+C12 -> 0 | D13: =+D10+D11+D12 -> 0 | E13: =D13-C13 -> 0 | F13: =+F10+F11+F12 -> 0 | G13: =F13-C13 -> 0 | H13: =+H10+H11+H12 -> 0 | I13: =+I10+I11+I12 -> 0 | J13: =I13-H13 -> 0 | K13: =+K10+K11+K12 -> 0 | L13: =K13-H13 -> 0 | M13: =+M10+M11+M12 -> 0 | N13: =+N10+N11+N12 -> 0 | O13: =N13-M13 -> 0 | P13: =+P10+P11+P12 -> 0 | Q13: =P13-M13 -> 0 | R13: =+R10+R11+R12 -> 0 | S13: =+S10+S11+S12 -> 0 | T13: =S13-R13 -> 0 | U13: =+U10+U11+U12 -> 0 | V13: =U13-R13 -> 0 | W13: =+W10+W11+W12 -> 0 | X13: =+X10+X11+X12 -> 0 | Y13: =X13-W13 -> 0 | Z13: =+Z10+Z11+Z12 -> 0 | AA13: =Z13-W13 -> 0 | AB13: =+AB10+AB11+AB12 -> 0 | AC13: =+AC10+AC11+AC12 -> 0 | AD13: =AC13-AB13 -> 0 | AE13: =+AE10+AE11+AE12 -> 0 | AF13: =AE13-AB13 -> 0 | AG13: =+AG10+AG11+AG12 -> 0 | AH13: =+AH10+AH11+AH12 -> 0 | AI13: =AH13-AG13 -> 0 | AJ13: =+AJ10+AJ11+AJ12 -> 0 | AK13: =AJ13-AG13 -> 0 | AL13: =+AL10+AL11+AL12 -> 0 | AM13: =+AM10+AM11+AM12 -> 0 | AN13: =AM13-AL13 -> 0 | AO13: =+AO10+AO11+AO12 -> 0 | AP13: =AO13-AL13 -> 0 | AQ13: =+AQ10+AQ11+AQ12 -> 0 | AR13: =+AR10+AR11+AR12 -> 0 | AS13: =AR13-AQ13 -> 0 | AT13: =+AT10+AT11+AT12 -> 0 | AU13: =AT13-AQ13 -> 0 | AV13: =+AV10+AV11+AV12 -> 0 | AW13: =+AW10+AW11+AW12 -> 0 | AX13: =AW13-AV13 -> 0 | AY13: =+AY10+AY11+AY12 -> 0 | AZ13: =AY13-AV13 -> 0 | BA13: =+BA10+BA11+BA12 -> 0 | BB13: =+BB10+BB11+BB12 -> 0 | BC13: =BB13-BA13 -> 0 | BD13: =+BD10+BD11+BD12 -> 0 | BE13: =BD13-BA13 -> 0 | BF13: =+BF10+BF11+BF12 -> 0 | BG13: =+BG10+BG11+BG12 -> 0 | BH13: =BG13-BF13 -> 0 | BI13: =+BI10+BI11+BI12 -> 0 | BJ13: =BI13-BF13 -> 0
A14: Couverts Restaurant & Banquet | C14: =+N!C14 -> 0 | D14: =+'N-1'!C14 -> 0 | E14: =D14-C14 -> 0 | F14: =+BUDGET!C14 -> 0 | G14: =F14-C14 -> 0 | H14: =+N!D14+C14 -> 0 | I14: =+'N-1'!D14+D14 -> 0 | J14: =I14-H14 -> 0 | K14: =+BUDGET!D14+F14 -> 0 | L14: =K14-H14 -> 0 | M14: =+N!E14+H14 -> 0 | N14: =+'N-1'!E14+I14 -> 0 | O14: =N14-M14 -> 0 | P14: =+BUDGET!E14+K14 -> 0 | Q14: =P14-M14 -> 0 | R14: =+N!F14+M14 -> 0 | S14: =+'N-1'!F14+N14 -> 0 | T14: =S14-R14 -> 0 | U14: =+BUDGET!F14+P14 -> 0 | V14: =U14-R14 -> 0 | W14: =+N!G14+R14 -> 0 | X14: =+'N-1'!G14+S14 -> 0 | Y14: =X14-W14 -> 0 | Z14: =+BUDGET!G14+U14 -> 0 | AA14: =Z14-W14 -> 0 | AB14: =+N!H14+W14 -> 0 | AC14: =+'N-1'!H14+X14 -> 0 | AD14: =AC14-AB14 -> 0 | AE14: =+BUDGET!H14+Z14 -> 0 | AF14: =AE14-AB14 -> 0 | AG14: =+N!I14+AB14 -> 0 | AH14: =+'N-1'!I14+AC14 -> 0 | AI14: =AH14-AG14 -> 0 | AJ14: =+BUDGET!I14+AE14 -> 0 | AK14: =AJ14-AG14 -> 0 | AL14: =+N!J14+AG14 -> 0 | AM14: =+'N-1'!J14+AH14 -> 0 | AN14: =AM14-AL14 -> 0 | AO14: =+BUDGET!J14+AJ14 -> 0 | AP14: =AO14-AL14 -> 0 | AQ14: =+N!K14+AL14 -> 0 | AR14: =+'N-1'!K14+AM14 -> 0 | AS14: =AR14-AQ14 -> 0 | AT14: =+BUDGET!K14+AO14 -> 0 | AU14: =AT14-AQ14 -> 0 | AV14: =+N!L14+AQ14 -> 0 | AW14: =+'N-1'!L14+AR14 -> 0 | AX14: =AW14-AV14 -> 0 | AY14: =+BUDGET!L14+AT14 -> 0 | AZ14: =AY14-AV14 -> 0 | BA14: =+N!M14+AV14 -> 0 | BB14: =+'N-1'!M14+AW14 -> 0 | BC14: =BB14-BA14 -> 0 | BD14: =+BUDGET!M14+AY14 -> 0 | BE14: =BD14-BA14 -> 0 | BF14: =+N!N14+BA14 -> 0 | BG14: =+'N-1'!N14+BB14 -> 0 | BH14: =BG14-BF14 -> 0 | BI14: =+BUDGET!N14+BD14 -> 0 | BJ14: =BI14-BF14 -> 0
A15: Couverts PDJ | C15: =+N!C15 -> 0 | D15: =+'N-1'!C15 -> 0 | E15: =D15-C15 -> 0 | F15: =+BUDGET!C15 -> 0 | G15: =F15-C15 -> 0 | H15: =+N!D15+C15 -> 0 | I15: =+'N-1'!D15+D15 -> 0 | J15: =I15-H15 -> 0 | K15: =+BUDGET!D15+F15 -> 0 | L15: =K15-H15 -> 0 | M15: =+N!E15+H15 -> 0 | N15: =+'N-1'!E15+I15 -> 0 | O15: =N15-M15 -> 0 | P15: =+BUDGET!E15+K15 -> 0 | Q15: =P15-M15 -> 0 | R15: =+N!F15+M15 -> 0 | S15: =+'N-1'!F15+N15 -> 0 | T15: =S15-R15 -> 0 | U15: =+BUDGET!F15+P15 -> 0 | V15: =U15-R15 -> 0 | W15: =+N!G15+R15 -> 0 | X15: =+'N-1'!G15+S15 -> 0 | Y15: =X15-W15 -> 0 | Z15: =+BUDGET!G15+U15 -> 0 | AA15: =Z15-W15 -> 0 | AB15: =+N!H15+W15 -> 0 | AC15: =+'N-1'!H15+X15 -> 0 | AD15: =AC15-AB15 -> 0 | AE15: =+BUDGET!H15+Z15 -> 0 | AF15: =AE15-AB15 -> 0 | AG15: =+N!I15+AB15 -> 0 | AH15: =+'N-1'!I15+AC15 -> 0 | AI15: =AH15-AG15 -> 0 | AJ15: =+BUDGET!I15+AE15 -> 0 | AK15: =AJ15-AG15 -> 0 | AL15: =+N!J15+AG15 -> 0 | AM15: =+'N-1'!J15+AH15 -> 0 | AN15: =AM15-AL15 -> 0 | AO15: =+BUDGET!J15+AJ15 -> 0 | AP15: =AO15-AL15 -> 0 | AQ15: =+N!K15+AL15 -> 0 | AR15: =+'N-1'!K15+AM15 -> 0 | AS15: =AR15-AQ15 -> 0 | AT15: =+BUDGET!K15+AO15 -> 0 | AU15: =AT15-AQ15 -> 0 | AV15: =+N!L15+AQ15 -> 0 | AW15: =+'N-1'!L15+AR15 -> 0 | AX15: =AW15-AV15 -> 0 | AY15: =+BUDGET!L15+AT15 -> 0 | AZ15: =AY15-AV15 -> 0 | BA15: =+N!M15+AV15 -> 0 | BB15: =+'N-1'!M15+AW15 -> 0 | BC15: =BB15-BA15 -> 0 | BD15: =+BUDGET!M15+AY15 -> 0 | BE15: =BD15-BA15 -> 0 | BF15: =+N!N15+BA15 -> 0 | BG15: =+'N-1'!N15+BB15 -> 0 | BH15: =BG15-BF15 -> 0 | BI15: =+BUDGET!N15+BD15 -> 0 | BJ15: =BI15-BF15 -> 0
A16: Prix moyen Restaurant & Banquet | C16: =+N!C16 -> 0 | D16: =+'N-1'!C16 -> 0 | E16: =D16-C16 -> 0 | F16: =+BUDGET!C16 -> 0 | G16: =F16-C16 -> 0 | H16: =+N!D16+C16 -> 0 | I16: =+'N-1'!D16+D16 -> 0 | J16: =I16-H16 -> 0 | K16: =+BUDGET!D16+F16 -> 0 | L16: =K16-H16 -> 0 | M16: =+N!E16+H16 -> 0 | N16: =+'N-1'!E16+I16 -> 0 | O16: =N16-M16 -> 0 | P16: =+BUDGET!E16+K16 -> 0 | Q16: =P16-M16 -> 0 | R16: =+N!F16+M16 -> 0 | S16: =+'N-1'!F16+N16 -> 0 | T16: =S16-R16 -> 0 | U16: =+BUDGET!F16+P16 -> 0 | V16: =U16-R16 -> 0 | W16: =+N!G16+R16 -> 0 | X16: =+'N-1'!G16+S16 -> 0 | Y16: =X16-W16 -> 0 | Z16: =+BUDGET!G16+U16 -> 0 | AA16: =Z16-W16 -> 0 | AB16: =+N!H16+W16 -> 0 | AC16: =+'N-1'!H16+X16 -> 0 | AD16: =AC16-AB16 -> 0 | AE16: =+BUDGET!H16+Z16 -> 0 | AF16: =AE16-AB16 -> 0 | AG16: =+N!I16+AB16 -> 0 | AH16: =+'N-1'!I16+AC16 -> 0 | AI16: =AH16-AG16 -> 0 | AJ16: =+BUDGET!I16+AE16 -> 0 | AK16: =AJ16-AG16 -> 0 | AL16: =+N!J16+AG16 -> 0 | AM16: =+'N-1'!J16+AH16 -> 0 | AN16: =AM16-AL16 -> 0 | AO16: =+BUDGET!J16+AJ16 -> 0 | AP16: =AO16-AL16 -> 0 | AQ16: =+N!K16+AL16 -> 0 | AR16: =+'N-1'!K16+AM16 -> 0 | AS16: =AR16-AQ16 -> 0 | AT16: =+BUDGET!K16+AO16 -> 0 | AU16: =AT16-AQ16 -> 0 | AV16: =+N!L16+AQ16 -> 0 | AW16: =+'N-1'!L16+AR16 -> 0 | AX16: =AW16-AV16 -> 0 | AY16: =+BUDGET!L16+AT16 -> 0 | AZ16: =AY16-AV16 -> 0 | BA16: =+N!M16+AV16 -> 0 | BB16: =+'N-1'!M16+AW16 -> 0 | BC16: =BB16-BA16 -> 0 | BD16: =+BUDGET!M16+AY16 -> 0 | BE16: =BD16-BA16 -> 0 | BF16: =+N!N16+BA16 -> 0 | BG16: =+'N-1'!N16+BB16 -> 0 | BH16: =BG16-BF16 -> 0 | BI16: =+BUDGET!N16+BD16 -> 0 | BJ16: =BI16-BF16 -> 0
A17: Prix moyen PDJ | C17: =+N!C17 -> 0 | D17: =+'N-1'!C17 -> 0 | E17: =D17-C17 -> 0 | F17: =+BUDGET!C17 -> 0 | G17: =F17-C17 -> 0 | H17: =+N!D17+C17 -> 0 | I17: =+'N-1'!D17+D17 -> 0 | J17: =I17-H17 -> 0 | K17: =+BUDGET!D17+F17 -> 0 | L17: =K17-H17 -> 0 | M17: =+N!E17+H17 -> 0 | N17: =+'N-1'!E17+I17 -> 0 | O17: =N17-M17 -> 0 | P17: =+BUDGET!E17+K17 -> 0 | Q17: =P17-M17 -> 0 | R17: =+N!F17+M17 -> 0 | S17: =+'N-1'!F17+N17 -> 0 | T17: =S17-R17 -> 0 | U17: =+BUDGET!F17+P17 -> 0 | V17: =U17-R17 -> 0 | W17: =+N!G17+R17 -> 0 | X17: =+'N-1'!G17+S17 -> 0 | Y17: =X17-W17 -> 0 | Z17: =+BUDGET!G17+U17 -> 0 | AA17: =Z17-W17 -> 0 | AB17: =+N!H17+W17 -> 0 | AC17: =+'N-1'!H17+X17 -> 0 | AD17: =AC17-AB17 -> 0 | AE17: =+BUDGET!H17+Z17 -> 0 | AF17: =AE17-AB17 -> 0 | AG17: =+N!I17+AB17 -> 0 | AH17: =+'N-1'!I17+AC17 -> 0 | AI17: =AH17-AG17 -> 0 | AJ17: =+BUDGET!I17+AE17 -> 0 | AK17: =AJ17-AG17 -> 0 | AL17: =+N!J17+AG17 -> 0 | AM17: =+'N-1'!J17+AH17 -> 0 | AN17: =AM17-AL17 -> 0 | AO17: =+BUDGET!J17+AJ17 -> 0 | AP17: =AO17-AL17 -> 0 | AQ17: =+N!K17+AL17 -> 0 | AR17: =+'N-1'!K17+AM17 -> 0 | AS17: =AR17-AQ17 -> 0 | AT17: =+BUDGET!K17+AO17 -> 0 | AU17: =AT17-AQ17 -> 0 | AV17: =+N!L17+AQ17 -> 0 | AW17: =+'N-1'!L17+AR17 -> 0 | AX17: =AW17-AV17 -> 0 | AY17: =+BUDGET!L17+AT17 -> 0 | AZ17: =AY17-AV17 -> 0 | BA17: =+N!M17+AV17 -> 0 | BB17: =+'N-1'!M17+AW17 -> 0 | BC17: =BB17-BA17 -> 0 | BD17: =+BUDGET!M17+AY17 -> 0 | BE17: =BD17-BA17 -> 0 | BF17: =+N!N17+BA17 -> 0 | BG17: =+'N-1'!N17+BB17 -> 0 | BH17: =BG17-BF17 -> 0 | BI17: =+BUDGET!N17+BD17 -> 0 | BJ17: =BI17-BF17 -> 0
B18: Effectif Rest Fixes | C18: =+N!C18 -> 0 | D18: =+'N-1'!C18 -> 0 | E18: =D18-C18 -> 0 | F18: =+BUDGET!C18 -> 0 | G18: =F18-C18 -> 0 | H18: =+N!D18+C18 -> 0 | I18: =+'N-1'!D18+D18 -> 0 | J18: =I18-H18 -> 0 | K18: =+BUDGET!D18+F18 -> 0 | L18: =K18-H18 -> 0 | M18: =+N!E18+H18 -> 0 | N18: =+'N-1'!E18+I18 -> 0 | O18: =N18-M18 -> 0 | P18: =+BUDGET!E18+K18 -> 0 | Q18: =P18-M18 -> 0 | R18: =+N!F18+M18 -> 0 | S18: =+'N-1'!F18+N18 -> 0 | T18: =S18-R18 -> 0 | U18: =+BUDGET!F18+P18 -> 0 | V18: =U18-R18 -> 0 | W18: =+N!G18+R18 -> 0 | X18: =+'N-1'!G18+S18 -> 0 | Y18: =X18-W18 -> 0 | Z18: =+BUDGET!G18+U18 -> 0 | AA18: =Z18-W18 -> 0 | AB18: =+N!H18+W18 -> 0 | AC18: =+'N-1'!H18+X18 -> 0 | AD18: =AC18-AB18 -> 0 | AE18: =+BUDGET!H18+Z18 -> 0 | AF18: =AE18-AB18 -> 0 | AG18: =+N!I18+AB18 -> 0 | AH18: =+'N-1'!I18+AC18 -> 0 | AI18: =AH18-AG18 -> 0 | AJ18: =+BUDGET!I18+AE18 -> 0 | AK18: =AJ18-AG18 -> 0 | AL18: =+N!J18+AG18 -> 0 | AM18: =+'N-1'!J18+AH18 -> 0 | AN18: =AM18-AL18 -> 0 | AO18: =+BUDGET!J18+AJ18 -> 0 | AP18: =AO18-AL18 -> 0 | AQ18: =+N!K18+AL18 -> 0 | AR18: =+'N-1'!K18+AM18 -> 0 | AS18: =AR18-AQ18 -> 0 | AT18: =+BUDGET!K18+AO18 -> 0 | AU18: =AT18-AQ18 -> 0 | AV18: =+N!L18+AQ18 -> 0 | AW18: =+'N-1'!L18+AR18 -> 0 | AX18: =AW18-AV18 -> 0 | AY18: =+BUDGET!L18+AT18 -> 0 | AZ18: =AY18-AV18 -> 0 | BA18: =+N!M18+AV18 -> 0 | BB18: =+'N-1'!M18+AW18 -> 0 | BC18: =BB18-BA18 -> 0 | BD18: =+BUDGET!M18+AY18 -> 0 | BE18: =BD18-BA18 -> 0 | BF18: =+N!N18+BA18 -> 0 | BG18: =+'N-1'!N18+BB18 -> 0 | BH18: =BG18-BF18 -> 0 | BI18: =+BUDGET!N18+BD18 -> 0 | BJ18: =BI18-BF18 -> 0
B19: Effectif Rest Saisonniers | C19: =+N!C19 -> 0 | D19: =+'N-1'!C19 -> 0 | E19: =D19-C19 -> 0 | F19: =+BUDGET!C19 -> 0 | G19: =F19-C19 -> 0 | H19: =+N!D19+C19 -> 0 | I19: =+'N-1'!D19+D19 -> 0 | J19: =I19-H19 -> 0 | K19: =+BUDGET!D19+F19 -> 0 | L19: =K19-H19 -> 0 | M19: =+N!E19+H19 -> 0 | N19: =+'N-1'!E19+I19 -> 0 | O19: =N19-M19 -> 0 | P19: =+BUDGET!E19+K19 -> 0 | Q19: =P19-M19 -> 0 | R19: =+N!F19+M19 -> 0 | S19: =+'N-1'!F19+N19 -> 0 | T19: =S19-R19 -> 0 | U19: =+BUDGET!F19+P19 -> 0 | V19: =U19-R19 -> 0 | W19: =+N!G19+R19 -> 0 | X19: =+'N-1'!G19+S19 -> 0 | Y19: =X19-W19 -> 0 | Z19: =+BUDGET!G19+U19 -> 0 | AA19: =Z19-W19 -> 0 | AB19: =+N!H19+W19 -> 0 | AC19: =+'N-1'!H19+X19 -> 0 | AD19: =AC19-AB19 -> 0 | AE19: =+BUDGET!H19+Z19 -> 0 | AF19: =AE19-AB19 -> 0 | AG19: =+N!I19+AB19 -> 0 | AH19: =+'N-1'!I19+AC19 -> 0 | AI19: =AH19-AG19 -> 0 | AJ19: =+BUDGET!I19+AE19 -> 0 | AK19: =AJ19-AG19 -> 0 | AL19: =+N!J19+AG19 -> 0 | AM19: =+'N-1'!J19+AH19 -> 0 | AN19: =AM19-AL19 -> 0 | AO19: =+BUDGET!J19+AJ19 -> 0 | AP19: =AO19-AL19 -> 0 | AQ19: =+N!K19+AL19 -> 0 | AR19: =+'N-1'!K19+AM19 -> 0 | AS19: =AR19-AQ19 -> 0 | AT19: =+BUDGET!K19+AO19 -> 0 | AU19: =AT19-AQ19 -> 0 | AV19: =+N!L19+AQ19 -> 0 | AW19: =+'N-1'!L19+AR19 -> 0 | AX19: =AW19-AV19 -> 0 | AY19: =+BUDGET!L19+AT19 -> 0 | AZ19: =AY19-AV19 -> 0 | BA19: =+N!M19+AV19 -> 0 | BB19: =+'N-1'!M19+AW19 -> 0 | BC19: =BB19-BA19 -> 0 | BD19: =+BUDGET!M19+AY19 -> 0 | BE19: =BD19-BA19 -> 0 | BF19: =+N!N19+BA19 -> 0 | BG19: =+'N-1'!N19+BB19 -> 0 | BH19: =BG19-BF19 -> 0 | BI19: =+BUDGET!N19+BD19 -> 0 | BJ19: =BI19-BF19 -> 0
B20: Effectif Rest Intérim | C20: =+N!C20 -> 0 | D20: =+'N-1'!C20 -> 0 | E20: =D20-C20 -> 0 | F20: =+BUDGET!C20 -> 0 | G20: =F20-C20 -> 0 | H20: =+N!D20+C20 -> 0 | I20: =+'N-1'!D20+D20 -> 0 | J20: =I20-H20 -> 0 | K20: =+BUDGET!D20+F20 -> 0 | L20: =K20-H20 -> 0 | M20: =+N!E20+H20 -> 0 | N20: =+'N-1'!E20+I20 -> 0 | O20: =N20-M20 -> 0 | P20: =+BUDGET!E20+K20 -> 0 | Q20: =P20-M20 -> 0 | R20: =+N!F20+M20 -> 0 | S20: =+'N-1'!F20+N20 -> 0 | T20: =S20-R20 -> 0 | U20: =+BUDGET!F20+P20 -> 0 | V20: =U20-R20 -> 0 | W20: =+N!G20+R20 -> 0 | X20: =+'N-1'!G20+S20 -> 0 | Y20: =X20-W20 -> 0 | Z20: =+BUDGET!G20+U20 -> 0 | AA20: =Z20-W20 -> 0 | AB20: =+N!H20+W20 -> 0 | AC20: =+'N-1'!H20+X20 -> 0 | AD20: =AC20-AB20 -> 0 | AE20: =+BUDGET!H20+Z20 -> 0 | AF20: =AE20-AB20 -> 0 | AG20: =+N!I20+AB20 -> 0 | AH20: =+'N-1'!I20+AC20 -> 0 | AI20: =AH20-AG20 -> 0 | AJ20: =+BUDGET!I20+AE20 -> 0 | AK20: =AJ20-AG20 -> 0 | AL20: =+N!J20+AG20 -> 0 | AM20: =+'N-1'!J20+AH20 -> 0 | AN20: =AM20-AL20 -> 0 | AO20: =+BUDGET!J20+AJ20 -> 0 | AP20: =AO20-AL20 -> 0 | AQ20: =+N!K20+AL20 -> 0 | AR20: =+'N-1'!K20+AM20 -> 0 | AS20: =AR20-AQ20 -> 0 | AT20: =+BUDGET!K20+AO20 -> 0 | AU20: =AT20-AQ20 -> 0 | AV20: =+N!L20+AQ20 -> 0 | AW20: =+'N-1'!L20+AR20 -> 0 | AX20: =AW20-AV20 -> 0 | AY20: =+BUDGET!L20+AT20 -> 0 | AZ20: =AY20-AV20 -> 0 | BA20: =+N!M20+AV20 -> 0 | BB20: =+'N-1'!M20+AW20 -> 0 | BC20: =BB20-BA20 -> 0 | BD20: =+BUDGET!M20+AY20 -> 0 | BE20: =BD20-BA20 -> 0 | BF20: =+N!N20+BA20 -> 0 | BG20: =+'N-1'!N20+BB20 -> 0 | BH20: =BG20-BF20 -> 0 | BI20: =+BUDGET!N20+BD20 -> 0 | BJ20: =BI20-BF20 -> 0
